Workbook

Sheet FINANCE
B1: ='2021 2022 DRAFT BUDGET SUMMARY'!J24 -> -79111.446 | C1: ='2021 2022 DRAFT BUDGET SUMMARY'!J24 -> -79111.446
A2: 2021/2022 DRAFT BUDGET (BUDGET AND TREASURY OFFICE)
A3: ACCOUNT NUMBER | B3: ACCOUNT DESCRIPTION | C3: 2020/2021 Draft Budget | D3: Consultation Changes | E3: 2020/2021 Final Budget | F3: Adjustments | G3: 2020/2021 First Adjusted Budget | H3: Adjustments | I3: 2020/2021 Second Adjusted Budget | J3: 2021/2022 Draft Budget | K3: 2022/2023 Outer Year One | L3: 2023/2024 Outer Year Two
A5: FINANCE
A6: REVENUE
A7: Interest, Dividend and Rent on Land
A8: D0001/IR01061/F2495/X049/R0105/001/FIN | B8: Interest Earned on Short Term Investments | C8: -11000000 | E8: =C8+D8 -> -11000000 | G8: =E8+F8 -> -11000000 | H8: 5000000 | I8: =G8+H8 -> -6000000 | J8: -6500000 | K8: -10000000 | L8: =K8*104.4% -> -10440000
A9: D0001/IR01068/F2494/X049/R0106/001/FIN | B9: Interest on Outstanding Debtors | C9: -800000 | E9: =C9+D9 -> -800000 | G9: =E9+F9 -> -800000 | H9: -70926.24 | I9: =G9+H9 -> -870926.24 | J9: =H9+I9 -> -941852.48 | K9: =J9*104.2% -> -981410.28 | L9: =K9*104.4% -> -1024592.3
A10: Total | C10: =SUM(C8:C9) -> -11800000 | D10: =SUM(D8:D9) -> 0 | E10: =SUM(E8:E9) -> -11800000 | F10: =SUM(F8:F9) -> 0 | G10: =SUM(G8:G9) -> -11800000 | H10: =SUM(H8:H9) -> 4929073.8 | I10: =SUM(I8:I9) -> -6870926.2 | J10: =SUM(J8:J9) -> -7441852.5 | ... L10: =SUM(L8:L9) -> -11464592
A12: Licences or Permits
A13: D0001/IR01410/F0044/X049/R0106/001/FIN | B13: Business Licensing | C13: -1000 | E13: =C13+D13 -> -1000 | G13: =E13+F13 -> -1000 | H13: -500 | I13: =G13+H13 -> -1500 | J13: -1500 | K13: =J13*104.2% -> -1563 | L13: =K13*104.4% -> -1631.772
A14: Total | C14: =SUM(C13) -> -1000 | D14: =SUM(D13) -> 0 | E14: =SUM(E13) -> -1000 | F14: =SUM(F13) -> 0 | G14: =SUM(G13) -> -1000 | H14: =SUM(H13) -> -500 | I14: =SUM(I13) -> -1500 | J14: =SUM(J13) -> -1500 | ... L14: =SUM(L13) -> -1631.772
A16: Operational Revenue | E16: =C16+D16 -> 0
A17: D0001/IR01411/F0045/X049/R0105/001/FIN | B17: Administrative Handling | C17: -300000 | E17: =C17+D17 -> -300000 | G17: =E17+F17 -> -300000 | H17: 100000 | I17: =G17+H17 -> -200000 | J17: -150000 | K17: =J17*104.2% -> -156300 | L17: =K17*104.4% -> -163177.2
A18: D0001/IR01420/F0045/X049/R0105/001/FIN | B18: Insurance Refund | C18: -50000 | E18: =C18+D18 -> -50000 | G18: =E18+F18 -> -50000 | H18: -300000 | I18: =G18+H18 -> -350000 | J18: -100000 | K18: =J18*104.2% -> -104200 | L18: =K18*104.4% -> -108784.8
A19: D0001/IR01424/F0045/X049/R0105/001/FIN | B19: Skills Development Levy Refund | C19: -100000 | E19: =C19+D19 -> -100000 | G19: =E19+F19 -> -100000 | I19: =G19+H19 -> -100000 | J19: -100000 | K19: =J19*104.2% -> -104200 | L19: =K19*104.4% -> -108784.8
A20: Total | C20: =SUM(C17:C19) -> -450000 | D20: =SUM(D17:D19) -> 0 | E20: =SUM(E17:E19) -> -450000 | F20: =SUM(F17:F19) -> 0 | G20: =SUM(G17:G19) -> -450000 | H20: =SUM(H17:H19) -> -200000 | I20: =SUM(I17:I19) -> -650000 | J20: =SUM(J17:J19) -> -350000 | ... L20: =SUM(L17:L19) -> -380746.8
E21: =C21+D21 -> 0
A22: Rental from Fixed Assets | E22: =C22+D22 -> 0
A23: D0001/IR01221/F0045/X049/R0106/001/FIN | B23: HALL HIRE | C23: -5000 | E23: =C23+D23 -> -5000 | G23: =E23+F23 -> -5000 | I23: =G23+H23 -> -5000 | J23: =I23*104% -> -5200 | K23: =J23*104.2% -> -5418.4 | L23: =K23*104.4% -> -5656.8096
A24: D0001/IR01265/F0046/X049/R0105/001/FIN | B24: Rental Income | C24: -600000 | E24: =C24+D24 -> -600000 | G24: =E24+F24 -> -600000 | H24: 92045.48 | I24: =G24+H24 -> -507954.52 | J24: =I24*104% -> -528272.7 | K24: =J24*104.2% -> -550460.15 | L24: =K24*104.4% -> -574680.4
A25: Total | C25: =SUM(C23:C24) -> -605000 | D25: =SUM(D23:D24) -> 0 | E25: =SUM(E23:E24) -> -605000 | F25: =SUM(F23:F24) -> 0 | G25: =SUM(G23:G24) -> -605000 | H25: =SUM(H23:H24) -> 92045.48 | I25: =SUM(I23:I24) -> -512954.52 | J25: =SUM(J23:J24) -> -533472.7 | ... L25: =SUM(L23:L24) -> -580337.21
E26: =C26+D26 -> 0
A27: Sales of Goods and Rendering of Services | E27: =C27+D27 -> 0
A28: D0001/IR01113/F0047/X049/R0106/001/FIN | B28: Sale of Tender Documents | C28: -100000 | E28: =C28+D28 -> -100000 | G28: =E28+F28 -> -100000 | H28: -400000 | I28: =G28+H28 -> -500000 | J28: -200000 | K28: =J28*104.2% -> -208400 | L28: =K28*104.4% -> -217569.6
A29: D0001/IR01429/F0047/X049/R0106/001/FIN | B29: Building Plan Approval | C29: -2000 | E29: =C29+D29 -> -2000 | G29: =E29+F29 -> -2000 | H29: 1000 | I29: =G29+H29 -> -1000 | J29: -1000 | K29: =J29*104.2% -> -1042 | L29: =K29*104.4% -> -1087.848
A30: D0001/IR01435/F0045/X049/R0105/001/FIN | B30: Clearance Certificates | C30: -1000 | E30: =C30+D30 -> -1000 | G30: =E30+F30 -> -1000 | H30: -4000 | I30: =G30+H30 -> -5000 | J30: -2500 | K30: =J30*104.2% -> -2605 | L30: =K30*104.4% -> -2719.62
A31: D0001/IR01451/F0045/X049/R0105/001/FIN | B31: Hiring of plant and Equipment | C31: -5000 | E31: =C31+D31 -> -5000 | G31: =E31+F31 -> -5000 | H31: 3000 | I31: =G31+H31 -> -2000 | J31: -2000 | K31: =J31*104.2% -> -2084 | L31: =K31*104.4% -> -2175.696
A32: D0001/IR05707/F4441/X049/R0106/001/FIN | B32: Grant from Ilembe | C32: 0 | E32: =C32+D32 -> 0 | G32: =E32+F32 -> 0 | I32: =G32+H32 -> 0 | K32: =C32*104.6% -> 0 | L32: =K32*104.6% -> 0
A33: Total | C33: =SUM(C28:C32) -> -108000 | D33: =SUM(D28:D32) -> 0 | E33: =SUM(E28:E32) -> -108000 | F33: =SUM(F28:F32) -> 0 | G33: =SUM(G28:G32) -> -108000 | H33: =SUM(H28:H32) -> -400000 | I33: =SUM(I28:I32) -> -508000 | J33: =SUM(J28:J32) -> -205500 | ... L33: =SUM(L28:L32) -> -223552.76
E34: =C34+D34 -> 0
A35: Property Rates | E35: =C35+D35 -> 0
A36: D0001/IR01038/F2496/X049/R0105/001/FIN | B36: Property Rates:Communal Land:Business and Commercial | C36: -2862112.5 | E36: =C36+D36 -> -2862112.5 | G36: =E36+F36 -> -2862112.5 | I36: =G36+H36 -> -2862112.5 | J36: =I36*104% -> -2976597 | K36: =J36*104.2% -> -3101614.1 | L36: =K36*104.4% -> -3238085.1
A37: D0001/IR01040/F0001/X049/R0105/001/FIN | B37: Property Rates (Communal Land:Other) | C37: 0 | E37: =C37+D37 -> 0 | G37: =E37+F37 -> 0 | I37: =G37+H37 -> 0 | J37: =I37*104% -> 0 | K37: =J37*104.2% -> 0 | L37: =K37*104.4% -> 0
A38: D0001/IR01043/F2496/X049/R0106/001/FIN | B38: Property Rates (Farm Properties:Agricultural Purposes) | C38: -1030727.7 | E38: =C38+D38 -> -1030727.7 | G38: =E38+F38 -> -1030727.7 | I38: =G38+H38 -> -1030727.7 | J38: =I38*104% -> -1071956.8 | K38: =J38*104.2% -> -1116978.9 | L38: =K38*104.4% -> -1166126
A39: D0001/IR01048/F2496/X049/R0106/001/FIN | B39: Property Rates (Farm Properties:Residential Properties) | C39: -274010.16 | E39: =C39+D39 -> -274010.16 | G39: =E39+F39 -> -274010.16 | I39: =G39+H39 -> -274010.16 | J39: =I39*104% -> -284970.57 | K39: =J39*104.2% -> -296939.33 | L39: =K39*104.4% -> -310004.66
A40: D0001/IR01481/F2496/X049/R0105/001/FIN | B40: Property Rates (Agricultural Property) | C40: -613.08 | E40: =C40+D40 -> -613.08 | G40: =E40+F40 -> -613.08 | I40: =G40+H40 -> -613.08 | J40: =I40*104% -> -637.6032 | K40: =J40*104.2% -> -664.38253 | L40: =K40*104.4% -> -693.61537
A41: D0001/IR01484/F2496/X049/R0106/001/FIN | B41: Property Rates (Industrial Properties) | C41: -39140 | E41: =C41+D41 -> -39140 | G41: =E41+F41 -> -39140 | I41: =G41+H41 -> -39140 | J41: =I41*104% -> -40705.6 | K41: =J41*104.2% -> -42415.235 | L41: =K41*104.4% -> -44281.506
A42: D0001/IR007148/F2496/X049/R0105/001/FIN | B42: Property Rates (Municipal Properties) | C42: -26537.02 | E42: =C42+D42 -> -26537.02 | G42: =E42+F42 -> -26537.02 | I42: =G42+H42 -> -26537.02 | J42: =I42*104% -> -27598.501 | K42: =J42*104.2% -> -28757.638 | L42: =K42*104.4% -> -30022.974
A43: D0001/IR007146/F2496/X049/R0106/001/FIN | B43: Property Rates (Special Rating Area) | C43: -7860 | E43: =C43+D43 -> -7860 | G43: =E43+F43 -> -7860 | I43: =G43+H43 -> -7860 | J43: =I43*104% -> -8174.4 | K43: =J43*104.2% -> -8517.7248 | L43: =K43*104.4% -> -8892.5047
A44: D0001/IR01496/F2496/X049/R0106/001/FIN | B44: Property Rates (State-owned Properties) | C44: -14747935 | E44: =C44+D44 -> -14747935 | G44: =E44+F44 -> -14747935 | I44: =G44+H44 -> -14747935 | J44: =I44*104% -> -15337852 | K44: =J44*104.2% -> -15982042 | L44: =K44*104.4% -> -16685252
A45: D0001/IR01493/F0001/X049/R0105/001/FIN | B45: Default Transactions/Public Service Infrastru/Non-funding Transactions/Finance/Administrative or Head O/Default/FINANCE | G45: 0 | K45: =J45*104.2% -> 0 | L45: =K45*104.4% -> 0
A46: O3612/IR01481/F0001/X049/R5253/001/FIN | B46: Property Rates (Rebate) | C46: 0 | E46: =C46+D46 -> 0 | G46: =E46+F46 -> 0 | I46: =G46+H46 -> 0 | K46: =C46*104.6% -> 0 | L46: =K46*104.6% -> 0
A47: Total | C47: =SUM(C36:C46) -> -18988935 | D47: =SUM(D36:D46) -> 0 | E47: =SUM(E36:E46) -> -18988935 | F47: =SUM(F36:F46) -> 0 | G47: =SUM(G36:G46) -> -18988935 | H47: =SUM(H36:H46) -> 0 | I47: =SUM(I36:I46) -> -18988935 | J47: =SUM(J36:J46) -> -19748493 | ... L47: =SUM(L36:L46) -> -21483358
E48: =C48+D48 -> 0
A49: Transfers and Subsidies | E49: =C49+D49 -> 0
A50: D0001/IR02318/F1177/X049/R0105/001/FIN | B50: FMG | C50: -2800000 | E50: =C50+D50 -> -2800000 | G50: =E50+F50 -> -2800000 | I50: =G50+H50 -> -2800000 | J50: -3000000 | K50: -3100000 | L50: -3100000
A51: D0001/IR02344/F0041/X049/R0105/001/FIN | B51: National Revenue Fund (Equitable Share) | C51: -158224000 | E51: =C51+D51 -> -158224000 | G51: =E51+F51 -> -158224000 | I51: =G51+H51 -> -158224000 | J51: -165366000 | K51: -174125000 | L51: -170623000
A52: Total | C52: =SUM(C50:C51) -> -161024000 | E52: =SUM(E50:E51) -> -161024000 | F52: =SUM(F50:F51) -> 0 | G52: =SUM(G50:G51) -> -161024000 | H52: =SUM(H50:H51) -> 0 | I52: =SUM(I50:I51) -> -161024000 | J52: =SUM(J50:J51) -> -168366000 | K52: =SUM(K50:K51) -> -177225000 | L52: =SUM(L50:L51) -> -173723000
E53: =C53+D53 -> 0
A54: TOTAL REVENUE | C54: =C52+C47+C33+C25+C20+C14+C10 -> -1.9297694e+08 | D54: =D52+D47+D33+D25+D20+D14+D10 -> 0 | E54: =E52+E47+E33+E25+E20+E14+E10 -> -1.9297694e+08 | F54: =F52+F47+F33+F25+F20+F14+F10 -> 0 | G54: =G52+G47+G33+G25+G20+G14+G10 -> -1.9297694e+08 | H54: =H52+H47+H33+H25+H20+H14+H10 -> 4420619.2 | I54: =I52+I47+I33+I25+I20+I14+I10 -> -1.8855632e+08 | J54: =J52+J47+J33+J25+J20+J14+J10 -> -1.9664682e+08 | ... L54: =L52+L47+L33+L25+L20+L14+L10 -> -2.0785722e+08
E55: =C55+D55 -> 0
E56: =C56+D56 -> 0
A57: EXPENDITURE | E57: =C57+D57 -> 0
A58: Depreciation and Amortisation | E58: =C58+D58 -> 0 | G58: =E58+F58 -> 0
A59: O0001/IE00030/F0001/X049/R0106/001/FIN | B59: Depreciation, Amortization & Impairment (Computer Software) | C59: 183153.18 | E59: =C59+D59 -> 183153.18 | G59: =E59+F59 -> 183153.18 | H59: -12750.867 | I59: =G59+H59 -> 170402.31 | J59: 55828.69
A60: O0001/IE00709/F0001/X049/R0106/001/FIN | B60: Depreciation, Amortisation & Impairment (Computer) | C60: 1197648.2 | E60: =C60+D60 -> 1197648.2 | G60: =E60+F60 -> 1197648.2 | H60: -31996.113 | I60: =G60+H60 -> 1165652.1 | J60: =I60*104% -> 1212278.2 | K60: =J60*104.2% -> 1263193.9 | L60: =K60*104.4% -> 1318774.4
A61: O0001/IE00711/F0001/X049/R0106/001/FIN | B61: Depreciation, Amortisation & Impairment (Furniture) | C61: 403628.19 | E61: =C61+D61 -> 403628.19 | G61: =E61+F61 -> 403628.19 | H61: 328455.67 | I61: =G61+H61 -> 732083.86 | J61: =I61*104% -> 761367.22 | K61: =J61*104.2% -> 793344.64 | L61: =K61*104.4% -> 828251.8
A62: O0001/IE00715/F0001/X049/R0106/001/FIN | B62: Depreciation, Amortisation & Impairment (Machinery) | C62: 1095118.6 | E62: =C62+D62 -> 1095118.6 | G62: =E62+F62 -> 1095118.6 | H62: -91180.28 | I62: =G62+H62 -> 1003938.3 | J62: =I62*104% -> 1044095.8 | K62: =J62*104.2% -> 1087947.9 | L62: =K62*104.4% -> 1135817.6
A63: O0001/IE00723/F0001/X049/R0106/001/FIN | B63: Depreciation,Amortisation & Impairment (Transport) | C63: 1931092 | E63: =C63+D63 -> 1931092 | G63: =E63+F63 -> 1931092 | H63: 76072.823 | I63: =G63+H63 -> 2007164.8 | J63: =I63*104% -> 2087451.4 | K63: =J63*104.2% -> 2175124.3 | L63: =K63*104.4% -> 2270829.8
A64: O0001/IE07587/F0001/X049/R0106/001/FIN | B64: Depreciation, Amortization & Impairment (Road) | C64: 11518717 | E64: =C64+D64 -> 11518717 | G64: =E64+F64 -> 11518717 | H64: 565781.34 | I64: =G64+H64 -> 12084499 | J64: =I64*104% -> 12567879 | K64: =J64*104.2% -> 13095730 | L64: =K64*104.4% -> 13671942
A65: O0001/IE07606/F0001/X049/R0106/001/FIN | B65: Depreciation, Amortization & Impairment (Community Assets) | C65: 5663533.3 | E65: =C65+D65 -> 5663533.3 | G65: =E65+F65 -> 5663533.3 | H65: -1191769.8 | I65: =G65+H65 -> 4471763.5 | J65: =I65*104% -> 4650634 | K65: =J65*104.2% -> 4845960.7 | L65: =K65*104.4% -> 5059182.9
A66: O0001/IE07625/F0001/X049/R0106/001/FIN | B66: Municipal Running Cost/Municipal Offices/Non-funding Transactions/Property Services/Whole of the Municipalit/Default/FINANCE | G66: 0 | H66: 1073169 | I66: =G66+H66 -> 1073169 | J66: =I66*104% -> 1116095.7 | K66: =J66*104.2% -> 1162971.8 | L66: =K66*104.4% -> 1214142.5
A67: O0001/IE07560/F0001/X049/R0106/001/FIN | B67: Depreciation, Amortisation & Impairment (Other Assets) | C67: 7109.1809 | E67: =C67+D67 -> 7109.1809 | G67: =E67+F67 -> 7109.1809 | H67: -7109.1809 | I67: =G67+H67 -> 0 | J67: 0 | K67: =J67*104.2% -> 0 | L67: =K67*104.4% -> 0
A68: Total | C68: =SUM(C59:C67) -> 22000000 | D68: =SUM(D59:D67) -> 0 | E68: =SUM(E59:E67) -> 22000000 | F68: =SUM(F59:F67) -> 0 | G68: =SUM(G59:G67) -> 22000000 | H68: =SUM(H59:H67) -> 708672.54 | I68: =SUM(I59:I67) -> 22708673 | J68: =SUM(J59:J67) -> 23495630 | ... L68: =SUM(L59:L67) -> 25498941
E69: =C69+D69 -> 0
A70: General Expenditure | E70: =C70+D70 -> 0
B71: Subsistence and Travelling Allowance | E71: =C71+D71 -> 0
A72: O1232-7/IE00143/F0041/X049/R0106/001/FIN | B72: Subsistence, Travelling &Accommodation (Car hire- without operator) | C72: 35000 | E72: =C72+D72 -> 35000 | G72: =E72+F72 -> 35000 | H72: -20000 | I72: =G72+H72 -> 15000 | J72: 35000 | K72: =J72*104.2% -> 36470 | L72: =K72*104.4% -> 38074.68
A73: O1232-7/IE01581/F1177/X049/R0106/001/FIN | B73: Subsistence,Travelling & Accommodation (Flights) | C73: 85000 | E73: =C73+D73 -> 85000 | G73: =E73+F73 -> 85000 | H73: =-50000-10000 -> -60000 | I73: =G73+H73 -> 25000 | J73: 85000 | K73: =J73*104.2% -> 88570 | L73: =K73*104.4% -> 92467.08
A74: O0001/IE00144/F0041/X049/R0105/001/FIN | B74: Subsistence and Travelling Allowance (Own Transport) | C74: 70000 | E74: =C74+D74 -> 70000 | G74: =E74+F74 -> 70000 | I74: =G74+H74 -> 70000 | J74: 70000 | K74: =J74*104.2% -> 72940 | L74: =K74*104.4% -> 76149.36
A75: O0001/IE00060/F0041/X049/R0106/001/FIN | B75: Subsistence,Travelling & Accommodation (Travel and Subsistence:Domestic:Accommodation) | C75: 95000 | E75: =C75+D75 -> 95000 | G75: =E75+F75 -> 95000 | H75: 150000 | I75: =G75+H75 -> 245000 | J75: 95000 | K75: =J75*104.2% -> 98990 | L75: =K75*104.4% -> 103345.56
A76: O1232-10/IE00059/F1177/X049/R0105/001/FIN | B76: Conferences/Training (Registration Fees:Seminars, Conferences, Workshops and Events:National) | C76: 100000 | E76: =C76+D76 -> 100000 | G76: =E76+F76 -> 100000 | H76: =-50000-10000-9991 -> -69991 | I76: =G76+H76 -> 30009 | J76: 80000 | K76: =J76*104.2% -> 83360 | L76: =K76*104.4% -> 87027.84
C77: 0 | E77: =C77+D77 -> 0 | G77: =E77+F77 -> 0 | I77: =G77+H77 -> 0 | J77: 0 | K77: =J77*104.2% -> 0 | L77: =K77*104.4% -> 0
A78: O0001/IE00759/F0041/X049/R0106/001/FIN | B78: Bank Charges (Bank charges) | C78: 120000 | E78: =C78+D78 -> 120000 | G78: =E78+F78 -> 120000 | H78: =80000+10000+6120+10000+9991 -> 116111 | I78: =G78+H78 -> 236111 | J78: 250000 | K78: =J78*104.2% -> 260500 | L78: =K78*104.4% -> 271962
C79: 0 | E79: =C79+D79 -> 0 | G79: =E79+F79 -> 0 | I79: =G79+H79 -> 0 | K79: =J79*104.2% -> 0 | L79: =K79*104.4% -> 0
B80: Computer Software, Programs and Licences | C80: 0 | E80: =C80+D80 -> 0 | G80: =E80+F80 -> 0 | I80: =G80+H80 -> 0 | K80: =J80*104.2% -> 0 | L80: =K80*104.4% -> 0
A81: O1232-7/IE00060/F1177/X049/R0105/001/FIN | B81: Computer Software, Programs and Licences (Accommodation, travel - millage, flights) | C81: 90000 | E81: =C81+D81 -> 90000 | G81: =E81+F81 -> 90000 | H81: -90000 | I81: =G81+H81 -> 0 | K81: =J81*104.2% -> 0 | L81: =K81*104.4% -> 0
A82: O0001/IE00792/F1177/X049/R0105/001/FIN | B82: Computer Software, Programs and Licences (Caseware, Asset Management System, Promis Support, Payday and Sage evolution) | C82: 850000 | E82: =C82+D82 -> 850000 | G82: =E82+F82 -> 850000 | H82: 50000 | I82: =G82+H82 -> 900000 | J82: 950000 | K82: =J82*104.2% -> 989900
A83: O0001/IE00835/F0041/X049/R0105/001/FIN | B83: Computer Software, Programs and Licences (Consultant fee - Support) | C83: 3200000 | E83: =C83+D83 -> 3200000 | G83: =E83+F83 -> 3200000 | H83: 120000 | I83: =G83+H83 -> 3320000 | J83: =3500000+250000 -> 3750000 | K83: =J83*104.2% -> 3907500
C84: 0 | E84: =C84+D84 -> 0 | G84: =E84+F84 -> 0 | I84: =G84+H84 -> 0 | K84: =J84*104.2% -> 0 | L84: =K84*104.4% -> 0
A85: O0001/IZ00041/F0001/X049/R0105/001/FIN | B85: Debt Impairment Provision | C85: 2500000 | E85: =C85+D85 -> 2500000 | G85: =E85+F85 -> 2500000 | I85: =G85+H85 -> 2500000 | J85: 3000000 | K85: =J85*104.2% -> 3126000 | L85: =K85*104.4% -> 3263544
A86: O0001/IE00567/F0041/X049/R0106/001/FIN | B86: External Audit fees (Audit Fees - AG) | C86: 1500000 | E86: =C86+D86 -> 1500000 | G86: =E86+F86 -> 1500000 | I86: =G86+H86 -> 1500000 | K86: =J86*104.2% -> 0 | L86: =K86*104.4% -> 0
A87: O0001/IE00804/F0041/X049/R0106/001/FIN | B87: Insurance (Insurance) | C87: 1300000 | E87: =C87+D87 -> 1300000 | G87: =E87+F87 -> 1300000 | H87: 100000 | I87: =G87+H87 -> 1400000 | J87: 1500000 | K87: =J87*104.2% -> 1563000
A88: O0001/IE00685/F1177/X049/R0106/001/FIN | B88: Internal Audit Fees | C88: 500000 | E88: =C88+D88 -> 500000 | G88: =E88+F88 -> 500000 | H88: =-50000+190000 -> 140000 | I88: =G88+H88 -> 640000 | K88: =J88*104.2% -> 0 | L88: =K88*104.4% -> 0
A89: O0001/IE00584/F1177/X049/R0106/001/FIN | B89: Membership Fees (IMFO) | C89: 70000 | E89: =C89+D89 -> 70000 | G89: =E89+F89 -> 70000 | H89: -40000 | I89: =G89+H89 -> 30000 | J89: 70000 | K89: =J89*104.2% -> 72940 | L89: =K89*104.4% -> 76149.36
C90: 0 | E90: =C90+D90 -> 0 | G90: =E90+F90 -> 0 | I90: =G90+H90 -> 0 | J90: 0 | K90: =J90*104.2% -> 0 | L90: =K90*104.4% -> 0
B91: Professional Fees | C91: 0 | E91: =C91+D91 -> 0 | G91: =E91+F91 -> 0 | I91: =G91+H91 -> 0 | J91: 0 | K91: =J91*104.2% -> 0 | L91: =K91*104.4% -> 0
A92: O0022-1/IE00835/F1177/X049/R0106/001/FIN | B92: Professional Fees (Asset Verification Projects) | C92: 300000 | E92: =C92+D92 -> 300000 | G92: =E92+F92 -> 300000 | H92: =400000-200000 -> 200000 | I92: =G92+H92 -> 500000 | J92: 400000 | K92: =J92*104.2% -> 416800 | L92: =K92*104.4% -> 435139.2
A93: O0001/IE00672/F0041/X049/R0105/001/FIN | B93: Professional Fees (Professional Fees) | C93: 100000 | E93: =C93+D93 -> 100000 | G93: =E93+F93 -> 100000 | H93: =700000-100000+100000 -> 700000 | I93: =G93+H93 -> 800000 | J93: 150000 | K93: =J93*104.2% -> 156300 | L93: =K93*104.4% -> 163177.2
A94: O0022-1/IE00847/F0041/X049/R0106/001/FIN | B94: Professional Fees (Review of Revenue enhancement strategy) | C94: 200000 | E94: =C94+D94 -> 200000 | G94: =E94+F94 -> 200000 | H94: =-100000-100000 -> -200000 | I94: =G94+H94 -> 0 | J94: 150000 | K94: =J94*104.2% -> 156300 | L94: =K94*104.4% -> 163177.2
C95: 0 | E95: =C95+D95 -> 0 | G95: =E95+F95 -> 0 | I95: =G95+H95 -> 0 | J95: 0 | K95: =J95*104.2% -> 0 | L95: =K95*104.4% -> 0
A96: O0001/IE00848/F0041/X049/R0105/001/FIN | B96: Property Rates (Valuation Roll) | C96: 250000 | E96: =C96+D96 -> 250000 | G96: =E96+F96 -> 250000 | H96: =-100000-6120 -> -106120 | I96: =G96+H96 -> 143880 | J96: 200000 | K96: =J96*104.2% -> 208400 | L96: =K96*104.4% -> 217569.6
A97: O0001/IE00604/F0041/X049/R0105/001/FIN | B97: Finance Uniforms | C97: 50000 | E97: =C97+D97 -> 50000 | G97: =E97+F97 -> 50000 | H97: 10000 | I97: =G97+H97 -> 60000 | J97: 0 | K97: =J97*104.2% -> 0 | L97: =K97*104.4% -> 0
A98: O0001/IE00595/F1177/X049/R0105/001/FIN | B98: Skills Development Fund (Interns) | C98: 5000 | E98: =C98+D98 -> 5000 | G98: =E98+F98 -> 5000 | I98: =G98+H98 -> 5000 | J98: 5000 | K98: =J98*104.2% -> 5210 | L98: =K98*104.4% -> 5439.24
A99: O0001/IE00595/F0041/X049/R0105/001/FINA | B99: Skills Development Levies (Skills Development Levies) | C99: 92565.532 | E99: =C99+D99 -> 92565.532 | G99: =E99+F99 -> 92565.532 | I99: =G99+H99 -> 92565.532 | J99: 93338.184 | K99: =J99*104.2% -> 97258.388 | L99: =K99*104.4% -> 101537.76
A100: O1231-1/IE00672/F1177/X049/R0106/001/FIN | B100: Training and Seminars (Minimum Competency) | C100: 300000 | E100: =C100+D100 -> 300000 | G100: =E100+F100 -> 300000 | H100: 25000 | I100: =G100+H100 -> 325000 | J100: 300000 | K100: =J100*104.2% -> 312600 | L100: =K100*104.4% -> 326354.4
A101: Total General Expenditure | C101: =SUM(C72:C100) -> 11812566 | D101: =SUM(D72:D100) -> 0 | E101: =SUM(E72:E100) -> 11812566 | F101: =SUM(F72:F100) -> 0 | G101: =SUM(G72:G100) -> 11812566 | H101: =SUM(H72:H100) -> 1025000 | I101: =SUM(I72:I100) -> 12837566 | J101: =SUM(J72:J100) -> 11183338 | ... L101: =SUM(L72:L100) -> 5421114.5
E102: =C102+D102 -> 0
A103: Employee Related Cost | E103: =C103+D103 -> 0
...

Sheet MUNICIPAL MANAGER
B1: ='2021 2022 DRAFT BUDGET SUMMARY'!J24 -> -79111.446 | C1: ='2021 2022 DRAFT BUDGET SUMMARY'!J24 -> -79111.446
A2: 2021/2022 DRAFT BUDGET (MUNICIPAL MANAGER)
A3: ACCOUNT NUMBER | B3: ACCOUNT DESCRIPTION | C3: 2020/2021 Draft Budget | D3: Consultation Changes | E3: 2020/2021 Final Budget | F3: Adjustments | G3: 2020/2021 First Adjusted Budget | H3: Adjustments | I3: 2020/2021 Second Adjusted Budget | J3: 2021/2022 Draft Budget | K3: 2021/2022 Outer Year One | L3: 2022/2023 Outer Year Two
A5: IDP AND PMS X096)
A7: REVENUE
A8: Transfers and Subsidies
A9: D0001/IR006972/F13636/X096/R0105/001/MMO | B9: Ward Based Plan Grant | G9: =E9+F9 -> 0 | I9: =G9+H9 -> 0
A10: Total Transfers and Subsidies | C10: =SUM(C9) -> 0 | D10: =SUM(D9) -> 0 | E10: =SUM(E9) -> 0 | F10: =SUM(F9) -> 0 | G10: =SUM(G9) -> 0 | H10: =SUM(H9) -> 0 | I10: =SUM(I9) -> 0 | J10: =SUM(J9) -> 0 | ... L10: =SUM(L9) -> 0
A12: General Expenditure
B13: Budget and IDP Programme/ Mayoral Imbizo
A14: O1236-2/IE00677/F0041/X096/R0106/001/MMO | B14: IDP Programme (Catering) | C14: 765000 | E14: =C14+D14 -> 765000 | G14: =E14+F14 -> 765000 | H14: =-49490-190000-202607 -> -442097 | I14: =G14+H14 -> 322903 | J14: 500000 | K14: =J14*104.2% -> 521000 | L14: =K14*104.4% -> 543924
A15: O1236-2/IE00626/F0041/X096/R0106/001/MMO | B15: IDP Programme (Entertainment) | C15: 80000 | E15: =C15+D15 -> 80000 | G15: =E15+F15 -> 80000 | H15: =33000+120000-120000 -> 33000 | I15: =G15+H15 -> 113000 | J15: 80000 | K15: =J15*104.2% -> 83360 | L15: =K15*104.4% -> 87027.84
A16: O1236-2/IE00628/F0041/X096/R0106/001/MMO | B16: IDP Programme (Sound system) | C16: 340000 | E16: =C16+D16 -> 340000 | G16: =E16+F16 -> 340000 | H16: =152000-100000-122099.2 -> -70099.2 | I16: =G16+H16 -> 269900.8 | J16: 200000 | K16: =J16*104.2% -> 208400 | L16: =K16*104.4% -> 217569.6
A17: O1236-2/IE00571/F0041/X096/R0106/001/MMO | B17: IDP Programme (Tent) | C17: 1300000 | E17: =C17+D17 -> 1300000 | G17: =E17+F17 -> 1300000 | H17: =-275500-100000-400000-200000 -> -975500 | I17: =G17+H17 -> 324500 | J17: 700000 | K17: =J17*104.2% -> 729400 | L17: =K17*104.4% -> 761493.6
A18: O1236-2/IE00703/F0041/X096/R0106/001/MMO | B18: IDP Programme (Transport) | C18: 670000 | E18: =C18+D18 -> 670000 | G18: =E18+F18 -> 670000 | H18: =-250000-150000 -> -400000 | I18: =G18+H18 -> 270000 | J18: 400000 | K18: =J18*104.2% -> 416800 | L18: =K18*104.4% -> 435139.2
G19: =E19+F19 -> 0 | I19: =G19+H19 -> 0 | K19: =J19*104.2% -> 0 | L19: =K19*104.4% -> 0
A20: O0022-7/IE00847/F13636/X096/R0105/001/MMO | B20: Ward Based Plan Grant | G20: =E20+F20 -> 0 | I20: =G20+H20 -> 0 | K20: =J20*104.2% -> 0 | L20: =K20*104.4% -> 0
K21: =J21*104.2% -> 0 | L21: =K21*104.4% -> 0
C22: 0 | E22: =C22+D22 -> 0 | G22: =E22+F22 -> 0 | I22: =G22+H22 -> 0 | K22: =J22*104.2% -> 0 | L22: =K22*104.4% -> 0
B23: Professional Fees | C23: 0 | E23: =C23+D23 -> 0 | G23: =E23+F23 -> 0 | I23: =G23+H23 -> 0 | K23: =J23*104.2% -> 0 | L23: =K23*104.4% -> 0
A24: O0001/IE00584/F0041/X096/R0105/001/MMO | B24: Professional Fees (Epms) and Developing Technical Descriptive Indicators (TDI's) for PMS | C24: 1200000 | E24: =C24+D24 -> 1200000 | G24: =E24+F24 -> 1200000 | H24: -500000 | I24: =G24+H24 -> 700000 | J24: 1200000 | K24: =J24*104.2% -> 1250400 | L24: =K24*104.4% -> 1305417.6
A25: O0001/IE00694/F0041/X096/R0106/001/MMO | B25: Professional Fees ( Development of Annual Report) | J25: 150000 | K25: =J25*104.2% -> 156300 | L25: =K25*104.4% -> 163177.2
A26: O0001/IE00583/F0041/X096/R0105/001/MMO | B26: Professional Fees ( Annual Report Printing ) | C26: 150000 | E26: =C26+D26 -> 150000 | G26: =E26+F26 -> 150000 | I26: =G26+H26 -> 150000 | J26: 100000 | K26: =J26*104.2% -> 104200 | L26: =K26*104.4% -> 108784.8
A27: O0001/IE00583/F0041/X096/R0106/001/MMO | B27: Professional Fees (IDP Printing) | C27: 100000 | E27: =C27+D27 -> 100000 | G27: =E27+F27 -> 100000 | I27: =G27+H27 -> 100000 | J27: 100000 | K27: =J27*104.2% -> 104200 | L27: =K27*104.4% -> 108784.8
A28: O0001/IE00847/F0041/X096/R0106/001/MMO | B28: Professional Fees (Development of GIS Datasets for IDP) | J28: 200000 | K28: =J28*104.2% -> 208400 | L28: =K28*104.4% -> 217569.6
A29: O0001/IE00847/F0041/X096/R3696/001/MMO | B29: Professional Fees (Development of 5TH Generation IDP) | J29: 200000 | K29: =J29*104.2% -> 208400 | L29: =K29*104.4% -> 217569.6
A30: Total General Expenditure | C30: =SUM(C14:C27) -> 4605000 | D30: =SUM(D14:D27) -> 0 | E30: =SUM(E14:E27) -> 4605000 | F30: =SUM(F14:F27) -> 0 | G30: =SUM(G14:G27) -> 4605000 | H30: =SUM(H14:H27) -> -2354696.2 | I30: =SUM(I14:I27) -> 2250303.8 | J30: =SUM(J14:J29) -> 3830000 | K30: =SUM(K14:K29) -> 3990860 | L30: =SUM(L14:L29) -> 4166457.8
E31: =C31+D31 -> 0
A32: Employee Related Cost | C32: 0 | E32: =C32+D32 -> 0 | I32: =G32+H32 -> 0
B33: Employee Related Cost (Salaries and Allowances) | C33: 0 | E33: =C33+D33 -> 0 | G33: =E33+F33 -> 0 | I33: =G33+H33 -> 0
B34: Employee Related Cost (Bonus) | C34: 0 | E34: =C34+D34 -> 0 | G34: =E34+F34 -> 0 | I34: =G34+H34 -> 0
B35: Employee Related Cost (Bargaining Council) | C35: 0 | E35: =C35+D35 -> 0 | G35: =E35+F35 -> 0 | I35: =G35+H35 -> 0
B36: Employee Related Cost (Medical Aid) | C36: 0 | E36: =C36+D36 -> 0 | G36: =E36+F36 -> 0 | I36: =G36+H36 -> 0
B37: Employee Related Cost (Provident Fund and Pension - RA) | C37: 0 | E37: =C37+D37 -> 0 | G37: =E37+F37 -> 0 | I37: =G37+H37 -> 0
B38: Employee Related Cost (UIF) | C38: 0 | E38: =C38+D38 -> 0 | G38: =E38+F38 -> 0 | I38: =G38+H38 -> 0
B39: Employee Related Cost (Long Term Service Awards) | C39: 0 | E39: =C39+D39 -> 0 | G39: =E39+F39 -> 0 | I39: =G39+H39 -> 0
B40: Employee Related Cost (Vehicle Allowance) | C40: 0 | E40: =C40+D40 -> 0 | G40: =E40+F40 -> 0 | I40: =G40+H40 -> 0
B41: Employee Related Cost (Housing Subsidy) | C41: 0 | E41: =C41+D41 -> 0 | G41: =E41+F41 -> 0 | I41: =G41+H41 -> 0
B42: Employee related cost (Leave Pay) | C42: 0 | E42: =C42+D42 -> 0 | G42: =E42+F42 -> 0 | I42: =G42+H42 -> 0
B43: Employee Related Cost (Overtime) | C43: 0 | E43: =C43+D43 -> 0 | G43: =E43+F43 -> 0 | I43: =G43+H43 -> 0
A44: Total Employee Related Cost | E44: =SUM(E33:E43) -> 0 | F44: =SUM(F33:F43) -> 0 | G44: =SUM(G33:G43) -> 0 | H44: =SUM(H33:H43) -> 0 | I44: =SUM(I33:I43) -> 0 | J44: =SUM(J33:J43) -> 0 | K44: =SUM(K33:K43) -> 0 | L44: =SUM(L33:L43) -> 0
E45: =C45+D45 -> 0
A46: GRAND TOTAL EXPENDITURE (IPD/PMS) | C46: =C44+C30 -> 4605000 | D46: =D44+D30 -> 0 | E46: =E44+E30 -> 4605000 | F46: =F44+F30 -> 0 | G46: =G44+G30 -> 4605000 | H46: =H44+H30 -> -2354696.2 | I46: =I44+I30 -> 2250303.8 | J46: =J44+J30 -> 3830000 | ... L46: =L44+L30 -> 4166457.8
C47: 0 | E47: =C47+D47 -> 0
A48: SPORT AND RECREATION (X125) | E48: =C48+D48 -> 0
E49: =C49+D49 -> 0
A50: General Expenditure | E50: =C50+D50 -> 0
B51: Ndwedwe Youth Run Series | E51: =C51+D51 -> 0
A52: O1333-4/IE00677/F0041/X125/R0106/001/MMO | B52: Ndwedwe Youth Run Series (Refreshment) | C52: 15000 | E52: =C52+D52 -> 15000 | G52: =E52+F52 -> 15000 | H52: -15000 | I52: =G52+H52 -> 0 | J52: 15000 | K52: =J52*104.2% -> 15630 | L52: =K52*104.4% -> 16317.72
A53: O1333-4/IE00703/F0041/X125/R0106/001/MMO | B53: Ndwedwe Youth Run Series (Transport) | C53: 30000 | E53: =C53+D53 -> 30000 | G53: =E53+F53 -> 30000 | H53: -30000 | I53: =G53+H53 -> 0 | J53: 30000 | K53: =J53*104.2% -> 31260 | L53: =K53*104.4% -> 32635.44
A54: O1333-4/IE00571/F0041/X125/R0106/001/MMO | B54: Ndwedwe Youth Run Series (Tent, Toilets and Sound) | C54: 20000 | E54: =C54+D54 -> 20000 | G54: =E54+F54 -> 20000 | H54: -20000 | I54: =G54+H54 -> 0 | J54: 20000 | K54: =J54*104.2% -> 20840 | L54: =K54*104.4% -> 21756.96
E55: =C55+D55 -> 0 | G55: =E55+F55 -> 0 | H55: 0 | I55: =G55+H55 -> 0 | K55: =J55*104.2% -> 0 | L55: =K55*104.4% -> 0
B56: Ndwedwe Indegenous Games Local Selections | E56: =C56+D56 -> 0 | G56: =E56+F56 -> 0 | H56: 0 | I56: =G56+H56 -> 0 | K56: =J56*104.2% -> 0 | L56: =K56*104.4% -> 0
A57: O1333-5/IE00677/F0041/X125/R0106/001/MMO | B57: Ndwedwe IGs Local Selections (Refreshments) | C57: 25000 | E57: =C57+D57 -> 25000 | G57: =E57+F57 -> 25000 | H57: 2000 | I57: =G57+H57 -> 27000 | J57: 25000 | K57: =J57*104.2% -> 26050 | L57: =K57*104.4% -> 27196.2
A58: O1333-7/IE00571/F0041/X125/R0106/001/MMO | B58: Ndwedwe IGs Local Selections (Tent, Chairs and Toilets) | C58: 20000 | E58: =C58+D58 -> 20000 | G58: =E58+F58 -> 20000 | H58: -15200 | I58: =G58+H58 -> 4800 | J58: 20000 | K58: =J58*104.2% -> 20840 | L58: =K58*104.4% -> 21756.96
A59: O1333-5/IE00703/F0041/X125/R0106/001/MMO | B59: Ndwedwe IGs Local Selections (Transport) | C59: 40000 | E59: =C59+D59 -> 40000 | G59: =E59+F59 -> 40000 | H59: 6000 | I59: =G59+H59 -> 46000 | J59: 40000 | K59: =J59*104.2% -> 41680 | L59: =K59*104.4% -> 43513.92
A60: O1333-5/IE00667/F0041/X125/R0106/001/MMO | B60: Ndwedwe IGs Local Selections (Sound System) | C60: 10000 | E60: =C60+D60 -> 10000 | G60: =E60+F60 -> 10000 | H60: -500 | I60: =G60+H60 -> 9500 | J60: 10000 | K60: =J60*104.2% -> 10420 | L60: =K60*104.4% -> 10878.48
A61: O1333-5/IE00653/F0041/X125/R0106/001/MMO | B61: Ndwedwe IGs Local Selections (Mobile Ambulance) | C61: 5000 | E61: =C61+D61 -> 5000 | G61: =E61+F61 -> 5000 | H61: -2000 | I61: =G61+H61 -> 3000 | J61: 5000 | K61: =J61*104.2% -> 5210 | L61: =K61*104.4% -> 5439.24
E62: =C62+D62 -> 0 | G62: =E62+F62 -> 0 | H62: 0 | I62: =G62+H62 -> 0 | K62: =J62*104.2% -> 0 | L62: =K62*104.4% -> 0
B63: Ilembe District Indegenous Games Competition | E63: =C63+D63 -> 0 | G63: =E63+F63 -> 0 | H63: 0 | I63: =G63+H63 -> 0 | K63: =J63*104.2% -> 0 | L63: =K63*104.4% -> 0
A64: O1333-6/IE00703/F0041/X125/R0106/001/MMO | B64: Ilember District IGs (Transport) | C64: 30000 | E64: =C64+D64 -> 30000 | G64: =E64+F64 -> 30000 | H64: -30000 | I64: =G64+H64 -> 0 | J64: 30000 | K64: =J64*104.2% -> 31260 | L64: =K64*104.4% -> 32635.44
A65: O1333-6/IE00754/F0041/X125/R0106/001/MMO | B65: Ilembe District IGs (Apparel) | C65: 30000 | E65: =C65+D65 -> 30000 | G65: =E65+F65 -> 30000 | H65: -30000 | I65: =G65+H65 -> 0 | J65: 30000 | K65: =J65*104.2% -> 31260 | L65: =K65*104.4% -> 32635.44
E66: =C66+D66 -> 0 | G66: =E66+F66 -> 0 | H66: 0 | I66: =G66+H66 -> 0 | K66: =J66*104.2% -> 0 | L66: =K66*104.4% -> 0
B67: Provincial Indegenous Games Competition | E67: =C67+D67 -> 0 | G67: =E67+F67 -> 0 | H67: 0 | I67: =G67+H67 -> 0 | K67: =J67*104.2% -> 0 | L67: =K67*104.4% -> 0
A68: O1333-7/IE00703/F0041/X125/R0106/001/MMO | B68: Provincial IGs Competition (Transport) | C68: 15000 | E68: =C68+D68 -> 15000 | G68: =E68+F68 -> 15000 | H68: -15000 | I68: =G68+H68 -> 0 | J68: 15000 | K68: =J68*104.2% -> 15630 | L68: =K68*104.4% -> 16317.72
A69: O1333-7/IE00060/F0041/X125/R0106/001/MMO | B69: Provincial IGs Competition (Accommodation) | C69: 50000 | E69: =C69+D69 -> 50000 | G69: =E69+F69 -> 50000 | H69: -50000 | I69: =G69+H69 -> 0 | J69: 50000 | K69: =J69*104.2% -> 52100 | L69: =K69*104.4% -> 54392.4
E70: =C70+D70 -> 0 | G70: =E70+F70 -> 0 | H70: 0 | I70: =G70+H70 -> 0 | K70: =J70*104.2% -> 0 | L70: =K70*104.4% -> 0
B71: National Indegenous Games Competition | E71: =C71+D71 -> 0 | G71: =E71+F71 -> 0 | H71: 0 | I71: =G71+H71 -> 0 | K71: =J71*104.2% -> 0 | L71: =K71*104.4% -> 0
A72: O1333-8/IE00060/F0041/X125/R0106/001/MMO | B72: National IGs Competition Accommodation | C72: 80000 | E72: =C72+D72 -> 80000 | G72: =E72+F72 -> 80000 | H72: -80000 | I72: =G72+H72 -> 0 | J72: 50000 | K72: =J72*104.2% -> 52100 | L72: =K72*104.4% -> 54392.4
A73: O1333-8/IE01581/F0041/X125/R0106/001/MMO | B73: National IGs Competition Flights and Car hire | C73: 50000 | E73: =C73+D73 -> 50000 | G73: =E73+F73 -> 50000 | H73: -50000 | I73: =G73+H73 -> 0 | J73: 20000 | K73: =J73*104.2% -> 20840 | L73: =K73*104.4% -> 21756.96
A74: O1333-8/IE00677/F0041/X125/R0106/001/MMO | B74: National IGs Competition Petty Cash for Refreshments | C74: 15000 | E74: =C74+D74 -> 15000 | G74: =E74+F74 -> 15000 | H74: -15000 | I74: =G74+H74 -> 0 | J74: 10000 | K74: =J74*104.2% -> 10420 | L74: =K74*104.4% -> 10878.48
E75: =C75+D75 -> 0 | G75: =E75+F75 -> 0 | H75: 0 | I75: =G75+H75 -> 0 | K75: =J75*104.2% -> 0 | L75: =K75*104.4% -> 0
B76: Dundee July 2020 | E76: =C76+D76 -> 0 | G76: =E76+F76 -> 0 | H76: 0 | I76: =G76+H76 -> 0 | K76: =J76*104.2% -> 0 | L76: =K76*104.4% -> 0
A77: O1333-9/IE00703/F0041/X125/R0106/001/MMO | B77: Dundee July Horses Transportation from Wards to NDW Central | C77: 30000 | E77: =C77+D77 -> 30000 | G77: =E77+F77 -> 30000 | H77: -30000 | I77: =G77+H77 -> 0 | J77: 30000 | K77: =J77*104.2% -> 31260 | L77: =K77*104.4% -> 32635.44
A78: O1333-9/IE00060/F0041/X125/R0106/001/MMO | B78: Dundee July Accomodation | C78: 30000 | E78: =C78+D78 -> 30000 | G78: =E78+F78 -> 30000 | H78: -30000 | I78: =G78+H78 -> 0 | J78: 20000 | K78: =J78*104.2% -> 20840 | L78: =K78*104.4% -> 21756.96
E79: =C79+D79 -> 0 | G79: =E79+F79 -> 0 | H79: 0 | I79: =G79+H79 -> 0 | K79: =J79*104.2% -> 0 | L79: =K79*104.4% -> 0
B80: Nkandla May | E80: =C80+D80 -> 0 | G80: =E80+F80 -> 0 | H80: 0 | I80: =G80+H80 -> 0 | K80: =J80*104.2% -> 0 | L80: =K80*104.4% -> 0
A81: O1333-10/IE00060/F0041/X125/R0106/001/MMO | B81: Nkandla May Accommodation | C81: 30000 | E81: =C81+D81 -> 30000 | G81: =E81+F81 -> 30000 | H81: -30000 | I81: =G81+H81 -> 0 | J81: 20000 | K81: =J81*104.2% -> 20840 | L81: =K81*104.4% -> 21756.96
E82: =C82+D82 -> 0 | G82: =E82+F82 -> 0 | H82: 0 | I82: =G82+H82 -> 0 | K82: =J82*104.2% -> 0 | L82: =K82*104.4% -> 0
B83: Harry Gwala Summer Cup Horse Racing | E83: =C83+D83 -> 0 | G83: =E83+F83 -> 0 | H83: 0 | I83: =G83+H83 -> 0 | K83: =J83*104.2% -> 0 | L83: =K83*104.4% -> 0
A84: O1333-11/IE00060/F0041/X125/R0106/001/MMO | B84: Harry Gwala Summer Cup Horses Racing Accommodation | C84: 30000 | E84: =C84+D84 -> 30000 | G84: =E84+F84 -> 30000 | H84: -30000 | I84: =G84+H84 -> 0 | J84: 20000 | K84: =J84*104.2% -> 20840 | L84: =K84*104.4% -> 21756.96
E85: =C85+D85 -> 0 | G85: =E85+F85 -> 0 | H85: 0 | I85: =G85+H85 -> 0 | K85: =J85*104.2% -> 0 | L85: =K85*104.4% -> 0
B86: Ndwedwe Golden Games / Senior Citezens Local Selections | E86: =C86+D86 -> 0 | G86: =E86+F86 -> 0 | H86: 0 | I86: =G86+H86 -> 0 | K86: =J86*104.2% -> 0 | L86: =K86*104.4% -> 0
A87: O1333-12/IE00677/F0041/X125/R0106/001/MMO | B87: Ndwedwe GG / SC Local Selections (Catering) | C87: 60000 | E87: =C87+D87 -> 60000 | G87: =E87+F87 -> 60000 | H87: -15250 | I87: =G87+H87 -> 44750 | J87: 50000 | K87: =J87*104.2% -> 52100 | L87: =K87*104.4% -> 54392.4
A88: O1333-12/IE00667/F0041/X125/R0106/001/MMO | B88: Ndwedwe GG / SC Local Selections (Sound) | C88: 15000 | E88: =C88+D88 -> 15000 | G88: =E88+F88 -> 15000 | H88: -10 | I88: =G88+H88 -> 14990 | J88: 15000 | K88: =J88*104.2% -> 15630 | L88: =K88*104.4% -> 16317.72
A89: O1333-12/IE00703/F0041/X125/R0106/001/MMO | B89: Ndwedwe GG / SC Local Selections (Transport) | C89: 80000 | E89: =C89+D89 -> 80000 | G89: =E89+F89 -> 80000 | H89: 11500 | I89: =G89+H89 -> 91500 | J89: 60000 | K89: =J89*104.2% -> 62520 | L89: =K89*104.4% -> 65270.88
A90: O1333-12/IE00653/F0041/X125/R0106/001/MMO | B90: Ndwedwe GG / SC Local Selections (Mobile Ambulance) | C90: 5000 | E90: =C90+D90 -> 5000 | G90: =E90+F90 -> 5000 | H90: -5000 | I90: =G90+H90 -> 0 | J90: 5000 | K90: =J90*104.2% -> 5210 | L90: =K90*104.4% -> 5439.24
A91: O1333-12/IE00571/F0041/X125/R0106/001/MMO | B91: Ndwedwe GG / SC Local Selections (Tent and Toilets) | C91: 20000 | E91: =C91+D91 -> 20000 | G91: =E91+F91 -> 20000 | H91: -250 | I91: =G91+H91 -> 19750 | J91: 20000 | K91: =J91*104.2% -> 20840 | L91: =K91*104.4% -> 21756.96
E92: =C92+D92 -> 0 | G92: =E92+F92 -> 0 | H92: 0 | I92: =G92+H92 -> 0 | K92: =J92*104.2% -> 0 | L92: =K92*104.4% -> 0
B93: Ilembe District Golden Games Selections | E93: =C93+D93 -> 0 | G93: =E93+F93 -> 0 | H93: 0 | I93: =G93+H93 -> 0 | K93: =J93*104.2% -> 0 | L93: =K93*104.4% -> 0
A94: O1333-13/IE00703/F0041/X125/R0106/001/MMO | B94: Ilembe Dis GG Selection (Transport) | C94: 30000 | E94: =C94+D94 -> 30000 | G94: =E94+F94 -> 30000 | H94: -30000 | I94: =G94+H94 -> 0 | J94: 30000 | K94: =J94*104.2% -> 31260 | L94: =K94*104.4% -> 32635.44
A95: O1333-13/IE00754/F0041/X125/R0106/001/MMO | B95: Ilembe Dis GG Selection (Apparel / Attire) | C95: 150000 | E95: =C95+D95 -> 150000 | G95: =E95+F95 -> 150000 | I95: =G95+H95 -> 150000 | J95: 150000 | K95: =J95*104.2% -> 156300 | L95: =K95*104.4% -> 163177.2
E96: =C96+D96 -> 0 | G96: =E96+F96 -> 0 | I96: =G96+H96 -> 0 | K96: =J96*104.2% -> 0 | L96: =K96*104.4% -> 0
B97: Provincial Golden Games Competitions | E97: =C97+D97 -> 0 | G97: =E97+F97 -> 0 | I97: =G97+H97 -> 0 | K97: =J97*104.2% -> 0 | L97: =K97*104.4% -> 0
A98: O1333-14/IE00703/F0041/X125/R0106/001/MMO | B98: Provincial GG Selection (Transport) | C98: 20000 | E98: =C98+D98 -> 20000 | G98: =E98+F98 -> 20000 | H98: -20000 | I98: =G98+H98 -> 0 | J98: 20000 | K98: =J98*104.2% -> 20840 | L98: =K98*104.4% -> 21756.96
A99: O1333-14/IE00060/F0041/X125/R0106/001/MMO | B99: Provincial GG Selection (Accomodation) | C99: 50000 | E99: =C99+D99 -> 50000 | G99: =E99+F99 -> 50000 | H99: -50000 | I99: =G99+H99 -> 0 | J99: 50000 | K99: =J99*104.2% -> 52100 | L99: =K99*104.4% -> 54392.4
E100: =C100+D100 -> 0 | G100: =E100+F100 -> 0 | I100: =G100+H100 -> 0 | K100: =J100*104.2% -> 0 | L100: =K100*104.4% -> 0
B101: National Golden Games Competitions | E101: =C101+D101 -> 0 | G101: =E101+F101 -> 0 | I101: =G101+H101 -> 0 | K101: =J101*104.2% -> 0 | L101: =K101*104.4% -> 0
A102: O1333-15/IE00060/F0041/X125/R0106/001/MMO | B102: National GG (Accomodation) | C102: 80000 | E102: =C102+D102 -> 80000 | G102: =E102+F102 -> 80000 | H102: -80000 | I102: =G102+H102 -> 0 | J102: 80000 | K102: =J102*104.2% -> 83360 | L102: =K102*104.4% -> 87027.84
A103: O1333-15/IE01581/F0041/X125/R0106/001/MMO | B103: National GG Flights and Car Hire | C103: 50000 | E103: =C103+D103 -> 50000 | G103: =E103+F103 -> 50000 | H103: -50000 | I103: =G103+H103 -> 0 | J103: 50000 | K103: =J103*104.2% -> 52100 | L103: =K103*104.4% -> 54392.4
...

Sheet COMMUNITY SERVICES
B1: ='2021 2022 DRAFT BUDGET SUMMARY'!J24 -> -79111.446 | C1: ='2021 2022 DRAFT BUDGET SUMMARY'!J24 -> -79111.446
A2: 2021/2022 DRAFT BUDGET (COMMUNITY SERVICES)
A3: ACCOUNT NUMBER | B3: ACCOUNT DESCRIPTION | C3: 2020/2021 Draft Budget | D3: Consultation Changes | E3: 2020/2021 Final Budget | F3: Adjustments | G3: 2020/2021 First Adjusted Budget | H3: Adjustments | I3: 2020/2021 Second Adjusted Budget | J3: 2021/2022 Draft Budget | K3: 2021/2022 Outer Year One | L3: 2022/2023 Outer Year Two
A5: LIBRARY
A7: REVENUE
A8: Transfers and Subsidies
A9: D0001/IR006985/F13636/X024/R0106/001/COMM | B9: Provincial Library Grant | C9: -924000 | D9: 19000 | E9: =C9+D9 -> -905000 | G9: =E9+F9 -> -905000 | I9: =G9+H9 -> -905000 | J9: -935000 | K9: -981000 | L9: -981000
A10: D0001/IR006972/F13636/X024/R0105/001/COMM | B10: Community Library Services Grant | C10: -893000 | D10: -18000 | E10: =C10+D10 -> -911000 | G10: =E10+F10 -> -911000 | I10: =G10+H10 -> -911000 | J10: -975000 | K10: -1023000 | L10: -1023000
A11: Total Transfers and Subsidies | C11: =SUM(C9:C10) -> -1817000 | D11: =SUM(D9:D10) -> 1000 | E11: =SUM(E9:E10) -> -1816000 | F11: =SUM(F9:F10) -> 0 | G11: =SUM(G9:G10) -> -1816000 | H11: =SUM(H9:H10) -> 0 | I11: =SUM(I9:I10) -> -1816000 | J11: =SUM(J9:J10) -> -1910000 | ... L11: =SUM(L9:L10) -> -2004000
E12: =C12+D12 -> 0
A13: TOTAL REVENUE | C13: =C11 -> -1817000 | D13: =D11 -> 1000 | E13: =E11 -> -1816000 | F13: =F11 -> 0 | G13: =G11 -> -1816000 | H13: =H11 -> 0 | I13: =I11 -> -1816000 | J13: =J11 -> -1910000 | ... L13: =L11 -> -2004000
E14: =C14+D14 -> 0
A15: EXPENDITURE | E15: =C15+D15 -> 0
A16: General Expenditure | E16: =C16+D16 -> 0
E17: =C17+D17 -> 0
B18: Reading Programme | E18: =C18+D18 -> 0
A19: O1255-1/IE00677/F0041/X024/R0106/001/COMM | B19: Catering (Catering for Reading) | C19: 10000 | E19: =C19+D19 -> 10000 | G19: =E19+F19 -> 10000 | H19: -10000 | I19: =G19+H19 -> 0 | J19: 10000 | K19: =J19*104.2% -> 10420 | L19: =K19*104.4% -> 10878.48
A20: O0001/IE00583/F0041/X024/R0105/001/COMM | B20: Library Books | C20: 100000 | E20: =C20+D20 -> 100000 | G20: =E20+F20 -> 100000 | I20: =G20+H20 -> 100000 | J20: 100000 | K20: =J20*104.2% -> 104200 | L20: =K20*104.4% -> 108784.8
A21: O0001/IE00595/F13636/X024/R0105/001/COMM | B21: Skills Development Fund (Library Grant) | C21: 17106.36 | E21: =C21+D21 -> 17106.36 | G21: =E21+F21 -> 17106.36 | I21: =G21+H21 -> 17106.36 | J21: 17106.36 | K21: =J21*104.2% -> 17824.827 | L21: =K21*104.4% -> 18609.12
A22: Total General Expenditure | C22: =SUM(C19:C21) -> 127106.36 | D22: =SUM(D19:D21) -> 0 | E22: =SUM(E19:E21) -> 127106.36 | F22: =SUM(F19:F21) -> 0 | G22: =SUM(G19:G21) -> 127106.36 | H22: =SUM(H19:H21) -> -10000 | I22: =SUM(I19:I21) -> 117106.36 | J22: =SUM(J19:J21) -> 127106.36 | ... L22: =SUM(L19:L21) -> 138272.4
E23: =C23+D23 -> 0
A24: Employee Related Cost | E24: =C24+D24 -> 0
A25: O0001/IE00040/F13636/X024/R0105/001/COMM | B25: Employee Related Cost (Bargaining Council (Library Grant) | C25: 782.88 | E25: =C25+D25 -> 782.88 | G25: =E25+F25 -> 782.88 | H25: 0.0071187499 | I25: =G25+H25 -> 782.88712 | J25: 782.88 | K25: =J25*104.2% -> 815.76096 | L25: =K25*104.4% -> 851.65444
A26: O0001/IE01530/F13636/X024/R0105/001/COMM | B26: Employee Related Cost (Leave Pay Library) | E26: =C26+D26 -> 0 | G26: =E26+F26 -> 0 | H26: 113177.43 | I26: =G26+H26 -> 113177.43 | J26: 70000 | K26: =J26*104.2% -> 72940 | L26: =K26*104.4% -> 76149.36
A27: O0001/IE00045/F13636/X024/R0105/001/COMM | B27: Employee Related Cost Cyber Cadet Library Grant ( UIF ) | C27: 12492.48 | E27: =C27+D27 -> 12492.48 | G27: =E27+F27 -> 12492.48 | H27: 0 | I27: =G27+H27 -> 12492.48 | J27: 12492.48 | K27: =J27*104.2% -> 13017.164 | L27: =K27*104.4% -> 13589.919
A28: O0001/IE00038/F13636/X024/R0105/001/COMM | B28: Employee Related Cost Cyber Cadet Library Grant (Bonus ) | C28: 107559.98 | E28: =C28+D28 -> 107559.98 | G28: =E28+F28 -> 107559.98 | H28: 12658.223 | I28: =G28+H28 -> 120218.2 | J28: 124196.32 | K28: =J28*104.2% -> 129412.57 | L28: =K28*104.4% -> 135106.72
A29: O0001/IE01521/F9283/X024/R0105/001/COMM | B29: Employee Related Cost Cyber Cadet Library Grant (Housing Subsidy) | E29: =C29+D29 -> 0 | G29: =E29+F29 -> 0 | H29: 0 | I29: =G29+H29 -> 0 | K29: =J29*104.2% -> 0 | L29: =K29*104.4% -> 0
A30: O0001/IE00043/F13636/X024/R0105/001/COMM | B30: Employee Related Cost Cyber Cadet Library Grant (Medical Aid ) | C30: 155880 | E30: =C30+D30 -> 155880 | G30: =E30+F30 -> 155880 | H30: 44172 | I30: =G30+H30 -> 200052 | J30: 200052 | K30: =J30*104.2% -> 208454.18 | L30: =K30*104.4% -> 217626.17
A31: O0001/IE03969/F13636/X024/R0105/001/COMM | B31: Employee Related Cost Cyber Cadet Library Grant (Overtime) | E31: =C31+D31 -> 0 | G31: =E31+F31 -> 0 | H31: 20000 | I31: =G31+H31 -> 20000 | J31: 15000 | K31: =J31*104.2% -> 15630 | L31: =K31*104.4% -> 16317.72
A32: O0001/IE00044/F13636/X024/R0105/001/COMM | B32: Employee Related Cost Cyber Cadet Library Grant (Provident Fund and Pension) | C32: 268011.22 | E32: =C32+D32 -> 268011.22 | G32: =E32+F32 -> 268011.22 | H32: 99306.695 | I32: =G32+H32 -> 367317.91 | J32: 375835.38 | K32: =J32*104.2% -> 391620.47 | L32: =K32*104.4% -> 408851.77
A33: O0001/IE00036/F13636/X024/R0105/001/COMM | B33: Employee Related Cost Cyber Cadet Library Grant (Salaries and Allowances) | C33: 1255167.1 | D33: -1000 | E33: =C33+D33 -> 1254167.1 | G33: =E33+F33 -> 1254167.1 | H33: -289314.35 | I33: =G33+H33 -> 964852.73 | J33: 1094534.6 | K33: 1154285 | L33: 1135506.7
A34: O0001/IE00036/F0041/X024/R0105/001/COMM | B34: Employee Related Cost Cyber Cadet Library Grant (Salaries and Allowances) internal Funded Portion | C34: 483927.56 | D34: 1000 | E34: =C34+D34 -> 484927.56 | G34: =E34+F34 -> 484927.56 | H34: 300367.52 | I34: =G34+H34 -> 785295.08 | J34: 758855.25 | K34: 776947.17 | L34: 880699.73
A35: Total Employee Related Cost | C35: =SUM(C25:C34) -> 2283821.2 | D35: =SUM(D25:D34) -> 0 | E35: =SUM(E25:E34) -> 2283821.2 | F35: =SUM(F25:F34) -> 0 | G35: =SUM(G25:G34) -> 2283821.2 | H35: =SUM(H25:H34) -> 300367.52 | I35: =SUM(I25:I34) -> 2584188.7 | J35: =SUM(J25:J34) -> 2651748.9 | ... L35: =SUM(L25:L34) -> 2884699.7
E36: =C36+D36 -> 0
A37: GRAND TOTAL EXPENDITURE (LIBRARY) | C37: =C35+C22 -> 2410927.6 | D37: =D35+D22 -> 0 | E37: =E35+E22 -> 2410927.6 | F37: =F35+F22 -> 0 | G37: =G35+G22 -> 2410927.6 | H37: =H35+H22 -> 290367.52 | I37: =I35+I22 -> 2701295.1 | J37: =J35+J22 -> 2778855.3 | ... L37: =L35+L22 -> 3022972.1
E38: =C38+D38 -> 0
A39: SOCIAL COHESION | E39: =C39+D39 -> 0
E40: =C40+D40 -> 0
A41: General Expenditure | E41: =C41+D41 -> 0
B43: Social Cohesion /Gender | C43: 0 | E43: =C43+D43 -> 0
A44: O1252-3/IE00677/F0041/X008/R0106/001/COMM | B44: Social Cohesion /Gender(Catering) | C44: 150000 | E44: =C44+D44 -> 150000 | G44: =E44+F44 -> 150000 | H44: -125500 | I44: =G44+H44 -> 24500 | J44: 150000 | K44: =J44*104.2% -> 156300 | L44: =K44*104.4% -> 163177.2
A45: O1252-3/IE00754/F0041/X008/R0106/001/COMM | B45: Social Cohesion /Gender (Gift / promotional material) | C45: 50000 | E45: =C45+D45 -> 50000 | G45: =E45+F45 -> 50000 | H45: =(50000+100000)-144442 -> 5558 | I45: =G45+H45 -> 55558 | J45: 50000 | K45: =J45*104.2% -> 52100 | L45: =K45*104.4% -> 54392.4
A46: O1252-3/IE00667/F0041/X008/R0106/001/COMM | B46: Social Cohesion /Gender (Sound System and Stag) | C46: 50000 | E46: =C46+D46 -> 50000 | G46: =E46+F46 -> 50000 | H46: -24380 | I46: =G46+H46 -> 25620 | J46: 80000 | K46: =J46*104.2% -> 83360 | L46: =K46*104.4% -> 87027.84
A47: O1252-3/IE00571/F0041/X008/R0106/001/COMM | B47: Social Cohesion /Gender (Tent ) | C47: 90000 | E47: =C47+D47 -> 90000 | G47: =E47+F47 -> 90000 | H47: -83500 | I47: =G47+H47 -> 6500 | J47: 100000 | K47: =J47*104.2% -> 104200 | L47: =K47*104.4% -> 108784.8
A48: O1252-3/IE00703/F0041/X008/R0106/001/COMM | B48: Social Cohesion /Gender (Transport) | C48: 120000 | E48: =C48+D48 -> 120000 | G48: =E48+F48 -> 120000 | H48: =(-20000-30000)-51000 -> -101000 | I48: =G48+H48 -> 19000 | J48: 120000 | K48: =J48*104.2% -> 125040 | L48: =K48*104.4% -> 130541.76
B49: Social Cohesion/ Disability Programme | C49: 0 | E49: =C49+D49 -> 0 | G49: =E49+F49 -> 0 | H49: 0 | I49: =G49+H49 -> 0 | K49: =J49*104.2% -> 0 | L49: =K49*104.4% -> 0
A50: O1245-3/IE00754/F0041/X008/R0106/001/COMM | B50: Social Cohesion/ Disability (Gift and Promotional Items) | C50: 90000 | E50: =C50+D50 -> 90000 | G50: =E50+F50 -> 90000 | H50: -37500 | I50: =G50+H50 -> 52500 | J50: 100000 | K50: =J50*104.2% -> 104200 | L50: =K50*104.4% -> 108784.8
A51: O1245-3/IE00677/F0041/X008/R0106/001/COMM | B51: Social Cohesion/Disability (Catering,) | C51: 90000 | E51: =C51+D51 -> 90000 | G51: =E51+F51 -> 90000 | H51: -61950 | I51: =G51+H51 -> 28050 | J51: 80000 | K51: =J51*104.2% -> 83360 | L51: =K51*104.4% -> 87027.84
A52: O1245-3/IE00847/F0041/X008/R0106/001/COMM | B52: Social Cohesion/Disability (facilitator) | C52: 30000 | E52: =C52+D52 -> 30000 | G52: =E52+F52 -> 30000 | H52: -30000 | I52: =G52+H52 -> 0 | J52: 30000 | K52: =J52*104.2% -> 31260 | L52: =K52*104.4% -> 32635.44
A53: O1245-3/IE00667/F0041/X008/R0106/001/COMM | B53: Social Cohesion/Disability (Sound System and Stage) | C53: 30000 | E53: =C53+D53 -> 30000 | G53: =E53+F53 -> 30000 | H53: -5910 | I53: =G53+H53 -> 24090 | J53: 40000 | K53: =J53*104.2% -> 41680 | L53: =K53*104.4% -> 43513.92
A54: O1245-3/IE00703/F0041/X008/R0106/001/COMM | B54: Social Cohesion/Disability(Transport) | C54: 60000 | E54: =C54+D54 -> 60000 | G54: =E54+F54 -> 60000 | H54: -38000 | I54: =G54+H54 -> 22000 | J54: 60000 | K54: =J54*104.2% -> 62520 | L54: =K54*104.4% -> 65270.88
B55: Social Cohesion/Dress a Child | C55: 0 | E55: =C55+D55 -> 0 | G55: =E55+F55 -> 0 | H55: 0 | I55: =G55+H55 -> 0 | K55: =J55*104.2% -> 0 | L55: =K55*104.4% -> 0
A56: O1242-4/IE00677/F0041/X008/R0106/001/COMM | B56: Social Cohesion/Dress a Child (Catering,) | C56: 60000 | E56: =C56+D56 -> 60000 | G56: =E56+F56 -> 60000 | H56: -60000 | I56: =G56+H56 -> 0 | J56: 70000 | K56: =J56*104.2% -> 72940 | L56: =K56*104.4% -> 76149.36
A57: O1242-4/IE00604/F0041/X008/R0106/001/COMM | B57: Social Cohesion/Dress a Child (School Uniform) | C57: 350000 | E57: =C57+D57 -> 350000 | G57: =E57+F57 -> 350000 | H57: -150000 | I57: =G57+H57 -> 200000 | J57: 350000 | K57: =J57*104.2% -> 364700 | L57: =K57*104.4% -> 380746.8
A58: O1242-4/IE00667/F0041/X008/R0106/001/COMM | B58: Social Cohesion/Dress a Child (Sound System and Stage) | C58: 20000 | E58: =C58+D58 -> 20000 | G58: =E58+F58 -> 20000 | H58: -20000 | I58: =G58+H58 -> 0 | J58: 30000 | K58: =J58*104.2% -> 31260 | L58: =K58*104.4% -> 32635.44
A59: O1242-4/IE00571/F0041/X008/R0106/001/COMM | B59: Social Cohesion/Dress a Child (Tent ) | C59: 80000 | E59: =C59+D59 -> 80000 | G59: =E59+F59 -> 80000 | H59: -80000 | I59: =G59+H59 -> 0 | J59: 60000 | K59: =J59*104.2% -> 62520 | L59: =K59*104.4% -> 65270.88
A60: O1242-4/IE00703/F0041/X008/R0106/001/COMM | B60: Social Cohesion/Dress a Child (Transport) | C60: 20000 | E60: =C60+D60 -> 20000 | G60: =E60+F60 -> 20000 | H60: -20000 | I60: =G60+H60 -> 0 | J60: 50000 | K60: =J60*104.2% -> 52100 | L60: =K60*104.4% -> 54392.4
A61: O1264-23/IE01312/F0041/X008/R0106/001/COMM | B61: Dress a Child Covid 19 Respond | F61: 1500000 | G61: =E61+F61 -> 1500000 | I61: =G61+H61 -> 1500000 | K61: =J61*104.2% -> 0 | L61: =K61*104.4% -> 0
B62: Social Cohesion/Ingoma | C62: 0 | E62: =C62+D62 -> 0 | G62: =E62+F62 -> 0 | I62: =G62+H62 -> 0 | K62: =J62*104.2% -> 0 | L62: =K62*104.4% -> 0
A63: O1308-3/IE00677/F0041/X008/R0106/001/COMM | B63: Social Cohesion/Ingoma (Catering,) | C63: 60000 | E63: =C63+D63 -> 60000 | G63: =E63+F63 -> 60000 | H63: -60000 | I63: =G63+H63 -> 0 | J63: 60000 | K63: =J63*104.2% -> 62520 | L63: =K63*104.4% -> 65270.88
A64: O1308-3/IE00667/F0041/X008/R0106/001/COMM | B64: Social Cohesion/Ingoma (Sound System and Stage) | C64: 30000 | E64: =C64+D64 -> 30000 | G64: =E64+F64 -> 30000 | H64: -30000 | I64: =G64+H64 -> 0 | J64: 30000 | K64: =J64*104.2% -> 31260 | L64: =K64*104.4% -> 32635.44
A65: O1308-3/IE00754/F0041/X008/R0106/001/COMM | B65: Social Cohesion/ Ingoma (Gift and Promotional Items) | C65: 20000 | E65: =C65+D65 -> 20000 | G65: =E65+F65 -> 20000 | H65: -20000 | I65: =G65+H65 -> 0 | J65: 30000 | K65: =J65*104.2% -> 31260 | L65: =K65*104.4% -> 32635.44
A66: O1308-3/IE00571/F0041/X008/R0106/001/COMM | B66: Social Cohesion/Ingoma (Tent ) | C66: 60000 | E66: =C66+D66 -> 60000 | G66: =E66+F66 -> 60000 | H66: -60000 | I66: =G66+H66 -> 0 | J66: 60000 | K66: =J66*104.2% -> 62520 | L66: =K66*104.4% -> 65270.88
A67: O1308-3/IE00703/F0041/X008/R0106/001/COMM | B67: Social Cohesion/Ingoma (Transport) | C67: 20000 | E67: =C67+D67 -> 20000 | G67: =E67+F67 -> 20000 | H67: -20000 | I67: =G67+H67 -> 0 | J67: 30000 | K67: =J67*104.2% -> 31260 | L67: =K67*104.4% -> 32635.44
B68: Social Cohesion/Orphans and Farmworkers | C68: 0 | E68: =C68+D68 -> 0 | G68: =E68+F68 -> 0 | H68: 0 | I68: =G68+H68 -> 0 | K68: =J68*104.2% -> 0 | L68: =K68*104.4% -> 0
A69: O1217-6/IE00677/F0041/X008/R0106/001/COMM | B69: Social Cohesion/Orphans and Farm workers (Catering) | C69: 40000 | E69: =C69+D69 -> 40000 | G69: =E69+F69 -> 40000 | H69: -40000 | I69: =G69+H69 -> 0 | J69: 50000 | K69: =J69*104.2% -> 52100 | L69: =K69*104.4% -> 54392.4
A70: O1217-6/IE00754/F0041/X008/R0106/001/COMM | B70: Social Cohesion/Orphans and Farm workers (Gift and Promotional material) | C70: 30000 | E70: =C70+D70 -> 30000 | G70: =E70+F70 -> 30000 | H70: -30000 | I70: =G70+H70 -> 0 | J70: 30000 | K70: =J70*104.2% -> 31260 | L70: =K70*104.4% -> 32635.44
A71: O1217-6/IE00703/F0041/X008/R0106/001/COMM | B71: Social Cohesion/Orphans and Farm workers (Transport) | C71: 40000 | E71: =C71+D71 -> 40000 | G71: =E71+F71 -> 40000 | H71: -40000 | I71: =G71+H71 -> 0 | J71: 60000 | K71: =J71*104.2% -> 62520 | L71: =K71*104.4% -> 65270.88
A72: O1217-6/IE00667/F0041/X008/R0106/001/COMM | B72: Social Cohesion/Orphans and Farm workers (Sound System and Stage) | C72: 20000 | E72: =C72+D72 -> 20000 | G72: =E72+F72 -> 20000 | H72: -20000 | I72: =G72+H72 -> 0 | J72: 30000 | K72: =J72*104.2% -> 31260 | L72: =K72*104.4% -> 32635.44
A73: O1217-6/IE00571/F0041/X008/R0106/001/COMM | B73: Social Cohesion/Orphans and Farmworkers (Tent ) | C73: 50000 | E73: =C73+D73 -> 50000 | G73: =E73+F73 -> 50000 | H73: -50000 | I73: =G73+H73 -> 0 | J73: 30000 | K73: =J73*104.2% -> 31260 | L73: =K73*104.4% -> 32635.44
B74: Social Cohesion/Senior Citizen Program | E74: =C74+D74 -> 0 | G74: =E74+F74 -> 0 | H74: 0 | I74: =G74+H74 -> 0 | K74: =J74*104.2% -> 0 | L74: =K74*104.4% -> 0
A75: O1248-1/IE00677/F0041/X008/R0106/001/COMM | B75: Social Cohesion/Senior Citizen (Catering,) | C75: 100000 | E75: =C75+D75 -> 100000 | G75: =E75+F75 -> 100000 | H75: -86400 | I75: =G75+H75 -> 13600 | J75: 60000 | K75: =J75*104.2% -> 62520 | L75: =K75*104.4% -> 65270.88
A76: O1248-1/IE00754/F0041/X008/R0106/001/COMM | B76: Social Cohesion/Senior Citizens(Gifts and Promotional Items) | C76: 80000 | E76: =C76+D76 -> 80000 | G76: =E76+F76 -> 80000 | H76: -350 | I76: =G76+H76 -> 79650 | J76: 90000 | K76: =J76*104.2% -> 93780 | L76: =K76*104.4% -> 97906.32
A77: O1248-1/IE00667/F0041/X008/R0106/001/COMM | B77: Social Cohesion/Senior citizens (Sound System and Stage) | C77: 35000 | E77: =C77+D77 -> 35000 | G77: =E77+F77 -> 35000 | H77: -29000 | I77: =G77+H77 -> 6000 | J77: 29000 | K77: =J77*104.2% -> 30218 | L77: =K77*104.4% -> 31547.592
A78: O1248-1/IE00571/F0041/X008/R0106/001/COMM | B78: Social Cohesion/ Senior Citizens (Tent ) | C78: 30000 | E78: =C78+D78 -> 30000 | G78: =E78+F78 -> 30000 | H78: -30000 | I78: =G78+H78 -> 0 | J78: 40000 | K78: =J78*104.2% -> 41680 | L78: =K78*104.4% -> 43513.92
A79: O1248-1/IE00703/F0041/X008/R0106/001/COMM | B79: Social Cohesion/Senior Citizens (Transport) | C79: 12000 | E79: =C79+D79 -> 12000 | G79: =E79+F79 -> 12000 | H79: 22000 | I79: =G79+H79 -> 34000 | J79: 60000 | K79: =J79*104.2% -> 62520 | L79: =K79*104.4% -> 65270.88
B80: Social Cohesion/Umkhosi Wesintu | C80: 0 | E80: =C80+D80 -> 0 | G80: =E80+F80 -> 0 | H80: 0 | I80: =G80+H80 -> 0 | K80: =J80*104.2% -> 0 | L80: =K80*104.4% -> 0
A81: O1308-4/IE00677/F0041/X008/R0106/001/COMM | B81: Social Cohesion/Umkhosi Wesintu (Catering,) | C81: 200000 | E81: =C81+D81 -> 200000 | G81: =E81+F81 -> 200000 | H81: -200000 | I81: =G81+H81 -> 0 | J81: 200000 | K81: =J81*104.2% -> 208400 | L81: =K81*104.4% -> 217569.6
A82: O1308-4/IE00847/F0041/X008/R0106/001/COMM | B82: Social Cohesion/Umkhosi Wesintu (facilitator) | C82: 30000 | E82: =C82+D82 -> 30000 | G82: =E82+F82 -> 30000 | H82: -30000 | I82: =G82+H82 -> 0 | J82: 30000 | K82: =J82*104.2% -> 31260 | L82: =K82*104.4% -> 32635.44
A83: O1308-4/IE00754/F0041/X008/R0106/001/COMM | B83: Social Cohesion/Umkhosi Wesintu (Gifts and Promotional Items) | C83: 20000 | E83: =C83+D83 -> 20000 | G83: =E83+F83 -> 20000 | H83: -20000 | I83: =G83+H83 -> 0 | J83: 30000 | K83: =J83*104.2% -> 31260 | L83: =K83*104.4% -> 32635.44
A84: O1308-4/IE00667/F0041/X008/R0106/001/COMM | B84: Social Cohesion/Umkhosi Wesintu (Sound System and Stage) | C84: 60000 | E84: =C84+D84 -> 60000 | G84: =E84+F84 -> 60000 | H84: -60000 | I84: =G84+H84 -> 0 | J84: 60000 | K84: =J84*104.2% -> 62520 | L84: =K84*104.4% -> 65270.88
A85: O1308-4/IE00571/F0041/X008/R0106/001/COMM | B85: Social Cohesion/Umkhosi Wesintu (Tent ) | C85: 120000 | E85: =C85+D85 -> 120000 | G85: =E85+F85 -> 120000 | H85: =(-20000-50000)-50000 -> -120000 | I85: =G85+H85 -> 0 | J85: 120000 | K85: =J85*104.2% -> 125040 | L85: =K85*104.4% -> 130541.76
A86: O1308-4/IE00703/F0041/X008/R0106/001/COMM | B86: Social Cohesion/Umkhosi Wesintu (Transport) | C86: 100000 | E86: =C86+D86 -> 100000 | G86: =E86+F86 -> 100000 | H86: -100000 | I86: =G86+H86 -> 0 | J86: 80000 | K86: =J86*104.2% -> 83360 | L86: =K86*104.4% -> 87027.84
B87: Moral Regeneration Program | E87: =C87+D87 -> 0 | G87: =E87+F87 -> 0 | H87: 0 | I87: =G87+H87 -> 0 | K87: =J87*104.2% -> 0 | L87: =K87*104.4% -> 0
A88: O1243-5/IE00677/F0041/X008/R0106/001/COMM | B88: Moral Regeneration (Catering) | C88: 70000 | E88: =C88+D88 -> 70000 | G88: =E88+F88 -> 70000 | H88: -70000 | I88: =G88+H88 -> 0 | J88: 70000 | K88: =J88*104.2% -> 72940 | L88: =K88*104.4% -> 76149.36
A89: O1243-5/IE00703/F0041/X008/R0106/001/COMM | B89: Moral Regeneration (Transportation) | C89: 40000 | E89: =C89+D89 -> 40000 | G89: =E89+F89 -> 40000 | H89: -40000 | I89: =G89+H89 -> 0 | J89: 50000 | K89: =J89*104.2% -> 52100 | L89: =K89*104.4% -> 54392.4
A90: O1243-5/IE00571/F0041/X008/R0106/001/COMM | B90: Moral Regenaration (Tent, Chairs and Tables) | C90: 30000 | E90: =C90+D90 -> 30000 | G90: =E90+F90 -> 30000 | H90: -30000 | I90: =G90+H90 -> 0 | J90: 30000 | K90: =J90*104.2% -> 31260 | L90: =K90*104.4% -> 32635.44
A91: O1243-5/IE00667/F0041/X008/R0106/001/COMM | B91: Moral Regeneration (Sound and Stage Hire) | C91: 20000 | E91: =C91+D91 -> 20000 | G91: =E91+F91 -> 20000 | H91: -20000 | I91: =G91+H91 -> 0 | J91: 30000 | K91: =J91*104.2% -> 31260 | L91: =K91*104.4% -> 32635.44
B92: HIV and AIDS Programmes | C92: 0 | E92: =C92+D92 -> 0 | G92: =E92+F92 -> 0 | H92: 0 | I92: =G92+H92 -> 0 | K92: =J92*104.2% -> 0 | L92: =K92*104.4% -> 0
A93: O1220-4/IE00677/F0041/X008/R0106/001/COMM | B93: HIV and AIDS Programmes (Catering) | C93: 120000 | E93: =C93+D93 -> 120000 | G93: =E93+F93 -> 120000 | H93: -89400 | I93: =G93+H93 -> 30600 | J93: 120000 | K93: =J93*104.2% -> 125040 | L93: =K93*104.4% -> 130541.76
A94: O1220-4/IE00571/F0041/X008/R0106/001/COMM | B94: HIV and AIDS Programmes (Hire Charges Tent) | C94: 80000 | E94: =C94+D94 -> 80000 | G94: =E94+F94 -> 80000 | H94: -50130 | I94: =G94+H94 -> 29870 | J94: 70000 | K94: =J94*104.2% -> 72940 | L94: =K94*104.4% -> 76149.36
A95: O1220-4/IE00667/F0041/X008/R0106/001/COMM | B95: HIV and AIDS Programmes (Sound system) | C95: 30000 | E95: =C95+D95 -> 30000 | G95: =E95+F95 -> 30000 | H95: -23000 | I95: =G95+H95 -> 7000 | J95: 30000 | K95: =J95*104.2% -> 31260 | L95: =K95*104.4% -> 32635.44
A96: O1220-4/IE00703/F0041/X008/R0106/001/COMM | B96: HIV and AIDS Programmes (Transport) | C96: 80000 | E96: =C96+D96 -> 80000 | G96: =E96+F96 -> 80000 | H96: -51000 | I96: =G96+H96 -> 29000 | J96: 80000 | K96: =J96*104.2% -> 83360 | L96: =K96*104.4% -> 87027.84
B97: Civil Society Forums Advisory meeting | E97: =C97+D97 -> 0 | G97: =E97+F97 -> 0 | H97: 0 | I97: =G97+H97 -> 0 | K97: =J97*104.2% -> 0 | L97: =K97*104.4% -> 0
A98: O1247-1/IE00677/F0041/X008/R0106/001/COMM | B98: Civil Society Forums Advisory meeting (Catering) | C98: 30000 | E98: =C98+D98 -> 30000 | G98: =E98+F98 -> 30000 | H98: -28200 | I98: =G98+H98 -> 1800 | J98: 30000 | K98: =J98*104.2% -> 31260 | L98: =K98*104.4% -> 32635.44
A99: O1247-1/IE00754/F0041/X008/R0106/001/COMM | B99: Civil Society Forums Advisory meeting (Gifts and Promotional Items) | C99: 10000 | E99: =C99+D99 -> 10000 | G99: =E99+F99 -> 10000 | H99: -10000 | I99: =G99+H99 -> 0 | J99: 15000 | K99: =J99*104.2% -> 15630 | L99: =K99*104.4% -> 16317.72
B100: 16 Days of Activisim Program | E100: =C100+D100 -> 0 | G100: =E100+F100 -> 0 | H100: 0 | I100: =G100+H100 -> 0 | K100: =J100*104.2% -> 0 | L100: =K100*104.4% -> 0
A101: O1235-6/IE00677/F0041/X008/R0106/001/COMM | B101: 16 Days of Activism Programme (Catering) | C101: 50000 | E101: =C101+D101 -> 50000 | G101: =E101+F101 -> 50000 | H101: =(5000-580)-0 -> 4420 | I101: =G101+H101 -> 54420 | J101: 50000 | K101: =J101*104.2% -> 52100 | L101: =K101*104.4% -> 54392.4
A102: O1235-6/IE00571/F0041/X008/R0106/001/COMM | B102: 16 Days of Activism Programme (Tent ) | C102: 30000 | E102: =C102+D102 -> 30000 | G102: =E102+F102 -> 30000 | H102: -100 | I102: =G102+H102 -> 29900 | J102: 30000 | K102: =J102*104.2% -> 31260 | L102: =K102*104.4% -> 32635.44
A103: O1235-6/IE00667/F0041/X008/R0106/001/COMM | B103: 16 Days of Activism Programme (Sound and stage) | C103: 20000 | E103: =C103+D103 -> 20000 | G103: =E103+F103 -> 20000 | H103: =(-5000-8000)-0 -> -13000 | I103: =G103+H103 -> 7000 | J103: 20000 | K103: =J103*104.2% -> 20840 | L103: =K103*104.4% -> 21756.96
...

Sheet OPEX WHOLE M
A1: ACCOUNT NUMBER | B1: ACCOUNT DESCRIPTION | C1: 2018/2019 ORIGINAL BUDGET | D1: YTD EXPENDITURE | E1: ADJUSTMENTS | F1: 2018/2019 ADJUSTED BUDGET | G1: 2019/2020 OUTER YEAR ONE | H1: 2020/2021 OUTER YEAR TWO

Sheet CORPORATE SERVICES
B1: ='2021 2022 DRAFT BUDGET SUMMARY'!J24 -> -79111.446 | C1: ='2021 2022 DRAFT BUDGET SUMMARY'!J24 -> -79111.446
A2: 2021/2022 DRAFT BUDGET (CORPORATE SERVICES)
A3: ACCOUNT NUMBER | B3: ACCOUNT DESCRIPTION | C3: 2020/2021 Draft Budget | D3: Consultation Changes | E3: 2020/2021 Final Budget | F3: Adjustments | G3: 2020/2021 First Adjusted Budget | H3: Adjustments | I3: 2020/2021 Second Adjusted Budget | J3: 2021/2022 Draft Budget | K3: 2021/2022 Outer Year One | L3: 2022/2023 Outer Year Two
A5: HUMAN RESOURCES
A6: General Expenditure
B7: Recruitment | K7: 0
A8: O0001/IE00692/F0041/X062/R0105/001/CORP | B8: Recruitme (Vetting) | C8: 65000 | E8: =C8+D8 -> 65000 | G8: =E8+F8 -> 65000 | I8: =G8+H8 -> 65000 | J8: 65000 | K8: =J8*104.2% -> 67730 | L8: =K8*104.4% -> 70710.12
A9: O0001/IE00677/F0041/X062/R0105/001/CORP | B9: Recruitment (Catering) | C9: 45000 | E9: =C9+D9 -> 45000 | G9: =E9+F9 -> 45000 | H9: -30000 | I9: =G9+H9 -> 15000 | J9: 45000 | K9: =J9*104.2% -> 46890 | L9: =K9*104.4% -> 48953.16
A10: O0001/IE00841/F0041/X062/R0105/001/CORP | B10: Recruitment (Medical Examination) | C10: 25000 | E10: =C10+D10 -> 25000 | G10: =E10+F10 -> 25000 | I10: =G10+H10 -> 25000 | J10: 25000 | K10: =J10*104.2% -> 26050 | L10: =K10*104.4% -> 27196.2
A11: O0001/IE00142/F0041/X062/R0105/001/CORP | B11: Recruitment (Relocation ) | C11: 60000 | E11: =C11+D11 -> 60000 | G11: =E11+F11 -> 60000 | H11: -19000 | I11: =G11+H11 -> 41000 | J11: 50000 | K11: =J11*104.2% -> 52100 | L11: =K11*104.4% -> 54392.4
A12: O0001/IE00063/F0041/X062/R0105/001/CORP | B12: Recruitment (S & T) | C12: 35000 | E12: =C12+D12 -> 35000 | G12: =E12+F12 -> 35000 | I12: =G12+H12 -> 35000 | J12: 35000 | K12: =J12*104.2% -> 36470 | L12: =K12*104.4% -> 38074.68
C13: 0 | E13: =C13+D13 -> 0 | G13: =E13+F13 -> 0 | I13: =G13+H13 -> 0 | J13: 0 | K13: =J13*104.2% -> 0 | L13: =K13*104.4% -> 0
A14: O0001/IE00751/F0041/X062/R0105/001/CORP | B14: General Advertisement | C14: 550000 | E14: =C14+D14 -> 550000 | G14: =E14+F14 -> 550000 | H14: 150000 | I14: =G14+H14 -> 700000 | J14: 500000 | K14: =J14*104.2% -> 521000 | L14: =K14*104.4% -> 543924
B15: Employee wellness | C15: 0 | E15: =C15+D15 -> 0 | G15: =E15+F15 -> 0 | I15: =G15+H15 -> 0 | J15: 0 | K15: =J15*104.2% -> 0 | L15: =K15*104.4% -> 0
A16: O1299-4/IE00677/F0041/X051/R0105/001/CORP | B16: Employee wellness (Catering Services) | C16: 150000 | E16: =C16+D16 -> 150000 | G16: =E16+F16 -> 150000 | H16: -109000 | I16: =G16+H16 -> 41000 | J16: 90000 | K16: =J16*104.2% -> 93780 | L16: =K16*104.4% -> 97906.32
A17: O1299-4/IE00754/F0041/X051/R0105/001/CORP | B17: Employee wellness (Promotional Items) | C17: 60000 | E17: =C17+D17 -> 60000 | G17: =E17+F17 -> 60000 | H17: -10000 | I17: =G17+H17 -> 50000 | J17: 60000 | K17: =J17*104.2% -> 62520 | L17: =K17*104.4% -> 65270.88
A18: O1299-4/IE00847/F0041/X051/R0105/001/CORP | B18: Employee wellness (Training and Awareness Campaigns ) | C18: 150000 | E18: =C18+D18 -> 150000 | G18: =E18+F18 -> 150000 | H18: 45120 | I18: =G18+H18 -> 195120 | J18: 150000 | K18: =J18*104.2% -> 156300 | L18: =K18*104.4% -> 163177.2
A19: O1299-4/IE00703/F0041/X051/R0105/001/CORP | B19: Employee wellness (Transport) | C19: 50000 | E19: =C19+D19 -> 50000 | G19: =E19+F19 -> 50000 | H19: -50000 | I19: =G19+H19 -> 0 | J19: 50000 | K19: =J19*104.2% -> 52100 | L19: =K19*104.4% -> 54392.4
B20: OHS | C20: 0 | E20: =C20+D20 -> 0 | G20: =E20+F20 -> 0 | I20: =G20+H20 -> 0 | J20: 0 | K20: =J20*104.2% -> 0 | L20: =K20*104.4% -> 0
A21: O0016-3/IE00060/F0041/X062/R0105/001/CORP | B21: OHS (Accommodation) | C21: 35000 | E21: =C21+D21 -> 35000 | G21: =E21+F21 -> 35000 | H21: -10000 | I21: =G21+H21 -> 25000 | J21: 35000 | K21: =J21*104.2% -> 36470 | L21: =K21*104.4% -> 38074.68
A22: O0016-3/IE00677/F0041/X062/R0105/001/CORP | B22: OHS (Catering) | C22: 25000 | E22: =C22+D22 -> 25000 | G22: =E22+F22 -> 25000 | H22: -10000 | I22: =G22+H22 -> 15000 | J22: 20000 | K22: =J22*104.2% -> 20840 | L22: =K22*104.4% -> 21756.96
A23: O0016-3/IE00754/F0041/X062/R0105/001/CORP | B23: OHS (Promotional material) | C23: 65000 | D23: 100000 | E23: =C23+D23 -> 165000 | G23: =E23+F23 -> 165000 | H23: 198000 | I23: =G23+H23 -> 363000 | J23: 140000 | K23: =J23*104.2% -> 145880 | L23: =K23*104.4% -> 152298.72
B24: Professional Fees | C24: 0 | E24: =C24+D24 -> 0 | G24: =E24+F24 -> 0 | I24: =G24+H24 -> 0 | J24: 0 | K24: =J24*104.2% -> 0 | L24: =K24*104.4% -> 0
A25: O0018-1/IE00835/F0041/X062/R0105/001/CORP | B25: Professional Fees (E-Leave management) | C25: 250000 | E25: =C25+D25 -> 250000 | G25: =E25+F25 -> 250000 | H25: -250000 | I25: =G25+H25 -> 0 | K25: =J25*104.2% -> 0 | L25: =K25*104.4% -> 0
A26: O0018-1/IE00635/F0041/X062/R0105/001/CORP | B26: Professional Fees (Employee Wellness) | C26: 350000 | E26: =C26+D26 -> 350000 | G26: =E26+F26 -> 350000 | H26: =-100000-100000 -> -200000 | I26: =G26+H26 -> 150000 | J26: 150000 | K26: =J26*104.2% -> 156300 | L26: =K26*104.4% -> 163177.2
A27: O1300-3/IE00840/F0041/X051/R0105/001/CORP | B27: Professional Fees PMS /Job Evaluation | H27: 37000 | I27: =G27+H27 -> 37000 | J27: 40000 | K27: =J27*104.2% -> 41680 | L27: =K27*104.4% -> 43513.92
E28: =C28+D28 -> 0 | G28: =E28+F28 -> 0 | I28: =G28+H28 -> 0 | J28: 0 | K28: =J28*104.2% -> 0 | L28: =K28*104.4% -> 0
A29: O0001/IE00595/F0041/X051/R0105/001/CORP | B29: Skills Development Levies (Skills Development Levies) | C29: 102124.41 | E29: =C29+D29 -> 102124.41 | G29: =E29+F29 -> 102124.41 | I29: =G29+H29 -> 102124.41 | J29: 104446.78 | K29: =J29*104.2% -> 108833.54 | L29: =K29*104.4% -> 113622.22
B30: Subsistence & Travelling Allowance | C30: 0 | E30: =C30+D30 -> 0 | G30: =E30+F30 -> 0 | I30: =G30+H30 -> 0 | J30: 0 | K30: =J30*104.2% -> 0 | L30: =K30*104.4% -> 0
A31: O1300-2/IE00061/F0041/X062/R0105/001/CORP | B31: Subsistence & Travelling Allowance (Daily Allowance) | C31: 2100 | E31: =C31+D31 -> 2100 | G31: =E31+F31 -> 2100 | I31: =G31+H31 -> 2100 | J31: 2100 | K31: =J31*104.2% -> 2188.2 | L31: =K31*104.4% -> 2284.4808
A32: O1300-2/IE01581/F0041/X062/R0105/001/CORP | B32: Subsistence,Travelling & Accommodation (Flights) | C32: 30000 | E32: =C32+D32 -> 30000 | G32: =E32+F32 -> 30000 | I32: =G32+H32 -> 30000 | J32: 30000 | K32: =J32*104.2% -> 31260 | L32: =K32*104.4% -> 32635.44
A33: O1300-2/IE00060/F0041/X062/R0105/001/CORP | B33: Subsistence,Travelling & Accommodation (Travel and Subsistence:Domestic:Accommodation) | C33: 52700 | E33: =C33+D33 -> 52700 | G33: =E33+F33 -> 52700 | I33: =G33+H33 -> 52700 | J33: 52700 | K33: =J33*104.2% -> 54913.4 | L33: =K33*104.4% -> 57329.59
A34: O1300-2/IE00810/F0041/X062/R0105/001/CORP | B34: Conferences/Training (Registration Fees:Seminars, Conferences, Workshops and Events:National) | C34: 70000 | E34: =C34+D34 -> 70000 | G34: =E34+F34 -> 70000 | H34: -40000 | I34: =G34+H34 -> 30000 | J34: 70000 | K34: =J34*104.2% -> 72940 | L34: =K34*104.4% -> 76149.36
A35: O1300-2/IE00144/F0041/X062/R0105/001/CORP | B35: Subsistence and Travelling Allowance (Own Transport) | C35: 25000 | E35: =C35+D35 -> 25000 | G35: =E35+F35 -> 25000 | I35: =G35+H35 -> 25000 | J35: 25000 | K35: =J35*104.2% -> 26050 | L35: =K35*104.4% -> 27196.2
A36: O1300-2/IE01583/F0041/X062/R0105/001/CORP | B36: Subsistence,Travelling & Accommodation (Car hire- with operator (shuttle) | C36: 3000 | E36: =C36+D36 -> 3000 | G36: =E36+F36 -> 3000 | I36: =G36+H36 -> 3000 | J36: 3000 | K36: =J36*104.2% -> 3126 | L36: =K36*104.4% -> 3263.544
A37: O1300-2/IE00143/F0041/X062/R0105/001/CORP | B37: Subsistence,Travelling & Accommodation (Car hire- without operator) | C37: 12000 | E37: =C37+D37 -> 12000 | G37: =E37+F37 -> 12000 | I37: =G37+H37 -> 12000 | J37: 12000 | K37: =J37*104.2% -> 12504 | L37: =K37*104.4% -> 13054.176
A38: O1300-2/IE00063/F0041/X062/R0105/001/CORP | B38: Subsistence,Travelling & Accommodation (Incidental costs) | C38: 2108 | E38: =C38+D38 -> 2108 | G38: =E38+F38 -> 2108 | I38: =G38+H38 -> 2108 | J38: 2108 | K38: =J38*104.2% -> 2196.536 | L38: =K38*104.4% -> 2293.1836
B39: Training and Seminars | C39: 0 | E39: =C39+D39 -> 0 | G39: =E39+F39 -> 0 | I39: =G39+H39 -> 0 | J39: 0 | K39: =J39*104.2% -> 0 | L39: =K39*104.4% -> 0
A40: O1232-8/IE00703/F0041/X062/R0105/001/CORP | B40: Training and Seminars (Transport) | C40: 0 | E40: =C40+D40 -> 0 | G40: =E40+F40 -> 0 | I40: =G40+H40 -> 0 | J40: 0 | K40: =J40*104.2% -> 0 | L40: =K40*104.4% -> 0
A41: O1232-8/IE00060/F0041/X062/R0105/001/CORP | B41: Training and Seminars (Accommodation) | C41: 150000 | E41: =C41+D41 -> 150000 | G41: =E41+F41 -> 150000 | H41: -80000 | I41: =G41+H41 -> 70000 | J41: 150000 | K41: =J41*104.2% -> 156300 | L41: =K41*104.4% -> 163177.2
A42: O1232-8/IE00677/F0041/X062/R0105/001/CORP | B42: Training and Seminars (Catering ) | C42: 40000 | E42: =C42+D42 -> 40000 | G42: =E42+F42 -> 40000 | I42: =G42+H42 -> 40000 | J42: 40000 | K42: =J42*104.2% -> 41680 | L42: =K42*104.4% -> 43513.92
A43: O1232-8/IE00019/F0041/X062/R0105/001/CORP | B43: Training and Seminars (Service Provider) | C43: 800000 | E43: =C43+D43 -> 800000 | G43: =E43+F43 -> 800000 | H43: =240880-100000 -> 140880 | I43: =G43+H43 -> 940880 | J43: 800000 | K43: =J43*104.2% -> 833600 | L43: =K43*104.4% -> 870278.4
E44: =C44+D44 -> 0 | G44: =E44+F44 -> 0 | I44: =G44+H44 -> 0 | J44: 0 | K44: =J44*104.2% -> 0 | L44: =K44*104.4% -> 0
A45: O0001/IE00584/F0041/X062/R0105/001/CORP | B45: Membership Fees (Membership Fees) SALGA | C45: ='2021 2022 DRAFT BUDGET SUMMARY'!J16*1% -> 726414.75 | E45: =C45+D45 -> 726414.75 | G45: =E45+F45 -> 726414.75 | H45: 157000 | I45: =G45+H45 -> 883414.75 | J45: ='2021 2022 DRAFT BUDGET SUMMARY'!L17 -> 895380.53 | K45: =J45*104.2% -> 932986.51 | L45: =K45*104.4% -> 974037.92
A46: O0001/IE00609/F0041/X062/R0105/001/CORP | B46: Insurance WCA (Insurance WCA) | C46: 458886.38 | E46: =C46+D46 -> 458886.38 | G46: =E46+F46 -> 458886.38 | I46: =G46+H46 -> 458886.38 | J46: 458886.38 | K46: =J46*104.2% -> 478159.61 | L46: =K46*104.4% -> 499198.63
A47: O0001/IE00555/F0041/X051/R0105/001/CORP | B47: Study Assistant (Internal ) | C47: 580000 | E47: =C47+D47 -> 580000 | G47: =E47+F47 -> 580000 | I47: =G47+H47 -> 580000 | J47: 500000 | K47: =J47*104.2% -> 521000 | L47: =K47*104.4% -> 543924
A48: Total General Expenditure | C48: =SUM(C8:C47) -> 4969333.5 | D48: =SUM(D8:D47) -> 100000 | E48: =SUM(E8:E47) -> 5069333.5 | F48: =SUM(F8:F47) -> 0 | G48: =SUM(G8:G47) -> 5069333.5 | H48: =SUM(H8:H47) -> -80000 | I48: =SUM(I8:I47) -> 4989333.5 | J48: =SUM(J8:J47) -> 4600621.7 | ... L48: =SUM(L8:L47) -> 5004777.1
E49: =C49+D49 -> 0
A50: Employee Related Cost | E50: =C50+D50 -> 0 | G50: =E50+F50 -> 0
A51: O0001/IE00036/F0041/X051/R0105/001/CORP | B51: Employee Related Costs (Salaries and Allowances) | C51: 9212529.7 | E51: =C51+D51 -> 9212529.7 | G51: =E51+F51 -> 9212529.7 | H51: -206256.86 | I51: =G51+H51 -> 9006272.9 | J51: 10059139 | K51: =J51*104.2% -> 10481623 | L51: =K51*104.4% -> 10942814
A52: O0001/IE00038/F0041/X051/R0105/001/CORP | B52: Employee Related Cost (Bonus) | C52: 757710.81 | E52: =C52+D52 -> 757710.81 | G52: =E52+F52 -> 757710.81 | H52: -84905.019 | I52: =G52+H52 -> 672805.79 | J52: 836625.45 | K52: =J52*104.2% -> 871763.72 | L52: =K52*104.4% -> 910121.33 | Q52: =P52-M52 -> 0
A53: O0001/IE00040/F0041/X051/R0105/001/CORP | B53: Employee Related Cost (Bargaining Council) | C53: 4138.08 | E53: =C53+D53 -> 4138.08 | G53: =E53+F53 -> 4138.08 | H53: 111.84 | I53: =G53+H53 -> 4249.92 | J53: 4249.92 | K53: =J53*104.2% -> 4428.4166 | L53: =K53*104.4% -> 4623.267
A54: O0001/IE00043/F0041/X051/R0105/001/CORP | B54: Employee Related Cost- Medical Aid | C54: 729972.2 | E54: =C54+D54 -> 729972.2 | G54: =E54+F54 -> 729972.2 | H54: -11237.96 | I54: =G54+H54 -> 718734.24 | J54: 718734.24 | K54: =J54*104.2% -> 748921.08 | L54: =K54*104.4% -> 781873.61
A55: O0001/IE00044/F0041/X051/R0105/001/CORP | B55: Employee Related Cost (Provident Fund and Pension - RA) | C55: 1892010.5 | E55: =C55+D55 -> 1892010.5 | G55: =E55+F55 -> 1892010.5 | H55: 58420.448 | I55: =G55+H55 -> 1950431 | J55: 2099281.6 | K55: =J55*104.2% -> 2187451.4 | L55: =K55*104.4% -> 2283699.2
A56: O0001/IE00045/F0041/X051/R0105/001/CORP | B56: Employee Related Cost (UIF) | C56: 58126.279 | E56: =C56+D56 -> 58126.279 | G56: =E56+F56 -> 58126.279 | H56: 394.34741 | I56: =G56+H56 -> 58520.626 | J56: 60072.045 | K56: =J56*104.2% -> 62595.071 | L56: =K56*104.4% -> 65349.254
A57: O0001/IE00110/F0041/X051/R0105/001/CORP | B57: Employee Related Cost (Long Term Service Awards) | C57: 125000 | E57: =C57+D57 -> 125000 | G57: =E57+F57 -> 125000 | H57: -69000 | I57: =G57+H57 -> 56000 | J57: 56000 | K57: =J57*104.2% -> 58352 | L57: =K57*104.4% -> 60919.488
A58: O0001/IE00126/F0041/X051/R0105/001/CORP | B58: Employee Related Cost (Vehicle Allowance) | C58: 396493.25 | E58: =C58+D58 -> 396493.25 | G58: =E58+F58 -> 396493.25 | H58: 0 | I58: =G58+H58 -> 396493.25 | J58: 419293.95 | K58: =J58*104.2% -> 436904.29 | L58: =K58*104.4% -> 456128.08
A59: O0001/IE01521/F0041/X051/R0105/001/CORP | B59: Employee Related Cost (Housing Subsidy) | C59: 74305.44 | E59: =C59+D59 -> 74305.44 | G59: =E59+F59 -> 74305.44 | H59: 4085.28 | I59: =G59+H59 -> 78390.72 | J59: 83094.163 | K59: =J59*104.2% -> 86584.118 | L59: =K59*104.4% -> 90393.819
A60: O0001/IE01530/F0041/X051/R0105/001/CORP | B60: Employee related cost (Leave Pay) | C60: 150000 | E60: =C60+D60 -> 150000 | G60: =E60+F60 -> 150000 | H60: 59768.85 | I60: =G60+H60 -> 209768.85 | J60: 182500.35 | K60: =J60*104.2% -> 190165.36 | L60: =K60*104.4% -> 198532.64
A61: O0001/IE03969/F0041/X051/R0105/001/CORP | B61: Employee Related Cost (Overtime) | C61: 100000 | E61: =C61+D61 -> 100000 | G61: =E61+F61 -> 100000 | H61: 100000 | I61: =G61+H61 -> 200000 | J61: 200000 | K61: =J61*104.2% -> 208400 | L61: =K61*104.4% -> 217569.6
A62: O0001/IE06075/F0041/X051/R0105/001/CORP | B62: Employee related cost Director Corporate Services (Salaries and Allowances) | C62: 558964.85 | E62: =C62+D62 -> 558964.85 | G62: =E62+F62 -> 558964.85 | H62: 1522.032 | I62: =G62+H62 -> 560486.88 | J62: 594116.09 | K62: =J62*104.2% -> 619068.97 | L62: =K62*104.4% -> 646308
A63: O0001/IE06196/F0041/X051/R0105/001/CORP | B63: Employee related cost Director Corporate Services (Medical Aid) | C63: 48628.8 | E63: =C63+D63 -> 48628.8 | G63: =E63+F63 -> 48628.8 | H63: 2181.6 | I63: =G63+H63 -> 50810.4 | J63: 50810.4 | K63: =J63*104.2% -> 52944.437 | L63: =K63*104.4% -> 55273.992
A64: O0001/IE06117/F0041/X051/R0105/001/CORP | B64: Employee related cost Director Corporate Services (Performance Bonus) | C64: 100000 | E64: =C64+D64 -> 100000 | G64: =E64+F64 -> 100000 | H64: -100000 | I64: =G64+H64 -> 0 | K64: =J64*104.2% -> 0 | L64: =K64*104.4% -> 0
A65: O0001/IE06262/F0041/X051/R0105/001/CORP | B65: Employee related cost Director Corporate Services (UIF) | C65: 1784.64 | E65: =C65+D65 -> 1784.64 | G65: =E65+F65 -> 1784.64 | H65: 0 | I65: =G65+H65 -> 1784.64 | J65: 1784.64 | K65: =J65*104.2% -> 1859.5949 | L65: =K65*104.4% -> 1941.4171
A66: O0001/IE06919/F0041/X051/R0105/001/CORP | B66: Employee related cost Director Corporate Services (Vehicle Allowance) | C66: 195365.04 | E66: =C66+D66 -> 195365.04 | G66: =E66+F66 -> 195365.04 | H66: 8400.72 | I66: =G66+H66 -> 203765.76 | J66: 215991.71 | K66: =J66*104.2% -> 225063.36 | L66: =K66*104.4% -> 234966.14
A67: Total Employee Related Cost | C67: =SUM(C51:C66) -> 14405030 | D67: =SUM(D51:D66) -> 0 | E67: =SUM(E51:E66) -> 14405030 | F67: =SUM(F51:F66) -> 0 | G67: =SUM(G51:G66) -> 14405030 | H67: =SUM(H51:H66) -> -236514.72 | I67: =SUM(I51:I66) -> 14168515 | J67: =SUM(J51:J66) -> 15581693 | ... L67: =SUM(L51:L66) -> 16950514
E68: =C68+D68 -> 0 | G68: =E68+F68 -> 0
A69: Transfers and Subsidies | E69: =C69+D69 -> 0 | G69: =E69+F69 -> 0
A70: O1246-1/IE01321/F0041/X051/R0106/001/CORP | B70: Study Assistants (External) | C70: 650000 | E70: =C70+D70 -> 650000 | G70: =E70+F70 -> 650000 | H70: =250000+100000 -> 350000 | I70: =G70+H70 -> 1000000 | J70: 1000000 | K70: =J70*104.2% -> 1042000 | L70: =K70*104.4% -> 1087848
A71: Total Transfer and Subsidies | C71: =SUM(C70:C70) -> 650000 | D71: =SUM(D70:D70) -> 0 | E71: =SUM(E70:E70) -> 650000 | F71: =SUM(F70:F70) -> 0 | G71: =SUM(G70:G70) -> 650000 | H71: =SUM(H70:H70) -> 350000 | I71: =SUM(I70:I70) -> 1000000 | J71: =SUM(J70:J70) -> 1000000 | ... L71: =SUM(L70:L70) -> 1087848
E72: =C72+D72 -> 0 | G72: =E72+F72 -> 0
A73: GRAND TOTAL EXPENDITURE (HUMAN RESOURCES) | C73: =C71+C67+C48 -> 20024363 | D73: =D71+D67+D48 -> 100000 | E73: =E71+E67+E48 -> 20124363 | F73: =F71+F67+F48 -> 0 | G73: =G71+G67+G48 -> 20124363 | H73: =H71+H67+H48 -> 33485.283 | I73: =I71+I67+I48 -> 20157848 | J73: =J71+J67+J48 -> 21182315 | ... L73: =L71+L67+L48 -> 23043139
E74: =C74+D74 -> 0 | G74: =E74+F74 -> 0
A75: INFORMATION TECHNOLOGY | E75: =C75+D75 -> 0 | G75: =E75+F75 -> 0
E76: =C76+D76 -> 0 | G76: =E76+F76 -> 0
A77: General Expenditure | E77: =C77+D77 -> 0 | G77: =E77+F77 -> 0
E78: =C78+D78 -> 0 | G78: =E78+F78 -> 0
A79: O0001/IE00792/F0041/X063/R0105/001/CORP | B79: Computer Software, Programme and Licencing | C79: 700000 | E79: =C79+D79 -> 700000 | G79: =E79+F79 -> 700000 | H79: 566072.83 | I79: =G79+H79 -> 1266072.8 | J79: 1300000 | K79: =J79*104.2% -> 1354600 | L79: =K79*104.4% -> 1414202.4
A80: O0001/IE00784/F0041/X063/R0105/001/CORP | B80: Internet Access (Internet Access ) | C80: 380000 | E80: =C80+D80 -> 380000 | G80: =E80+F80 -> 380000 | H80: -200000 | I80: =G80+H80 -> 180000 | J80: 400000 | K80: =J80*104.2% -> 416800 | L80: =K80*104.4% -> 435139.2
E81: =C81+D81 -> 0 | G81: =E81+F81 -> 0 | I81: =G81+H81 -> 0 | K81: =J81*104.2% -> 0 | L81: =K81*104.4% -> 0
B82: Professional Fees | E82: =C82+D82 -> 0 | G82: =E82+F82 -> 0 | I82: =G82+H82 -> 0 | K82: =J82*104.2% -> 0 | L82: =K82*104.4% -> 0
A83: O0018-1/IE00016/F0041/X063/R0105/001/CORP | B83: Professional Fees (Professional Fees) | C83: 100000 | E83: =C83+D83 -> 100000 | G83: =E83+F83 -> 100000 | H83: -30000 | I83: =G83+H83 -> 70000 | J83: 100000 | K83: =J83*104.2% -> 104200 | L83: =K83*104.4% -> 108784.8
A84: O0018-2/IE00844/F0041/X063/R0105/001/CORP | B84: Professional Fees (ICT Maintenance) | C84: 650000 | E84: =C84+D84 -> 650000 | G84: =E84+F84 -> 650000 | H84: -276970.64 | I84: =G84+H84 -> 373029.36 | J84: 960000 | K84: =J84*104.2% -> 1000320 | L84: =K84*104.4% -> 1044334.1
A85: O1342-1/IE00694/F0041/X063/R0105/001/CORP | B85: Professional Fees (Broadband Infrastructure) | J85: 250000 | K85: =J85*104.2% -> 260500 | L85: =K85*104.4% -> 271962
A86: O0029-3/IE00016/F0041/X063/R0105/001/CORP | B86: Professional Fees (Website Hosting) | C86: 120000 | E86: =C86+D86 -> 120000 | G86: =E86+F86 -> 120000 | H86: -24435 | I86: =G86+H86 -> 95565 | J86: 130000 | K86: =J86*104.2% -> 135460 | L86: =K86*104.4% -> 141420.24
B87: Repairs and Maintenance: | E87: =C87+D87 -> 0 | G87: =E87+F87 -> 0 | I87: =G87+H87 -> 0 | K87: =J87*104.2% -> 0 | L87: =K87*104.4% -> 0
A88: O1561-3/IE00793/F0041/X063/R0105/001/CORP | B88: Repairs and Maintenance: (Computers) | C88: 100000 | E88: =C88+D88 -> 100000 | G88: =E88+F88 -> 100000 | H88: -50000 | I88: =G88+H88 -> 50000 | J88: 50000 | K88: =J88*104.2% -> 52100 | L88: =K88*104.4% -> 54392.4
A89: O2774-1/IE00649/F0041/X063/R0105/001/CORP | B89: Repairs and Maintenance: (Buildings) | C89: 350000 | E89: =C89+D89 -> 350000 | G89: =E89+F89 -> 350000 | H89: -154667.19 | I89: =G89+H89 -> 195332.81 | J89: 150000 | K89: =J89*104.2% -> 156300 | L89: =K89*104.4% -> 163177.2
A90: O1562-4/IE00650/F0041/X052/R0105/001/CORP | B90: Maintenance of Office Equipment (Small Tools) | C90: 100000 | E90: =C90+D90 -> 100000 | G90: =E90+F90 -> 100000 | I90: =G90+H90 -> 100000 | J90: 50000 | K90: =J90*104.2% -> 52100 | L90: =K90*104.4% -> 54392.4
E91: =C91+D91 -> 0 | G91: =E91+F91 -> 0 | I91: =G91+H91 -> 0
A92: Total General Expenditure | C92: =SUM(C79:C91) -> 2500000 | D92: =SUM(D79:D91) -> 0 | E92: =SUM(E79:E91) -> 2500000 | F92: =SUM(F79:F91) -> 0 | G92: =SUM(G79:G91) -> 2500000 | H92: =SUM(H79:H91) -> -170000 | I92: =SUM(I79:I91) -> 2330000 | J92: =SUM(J79:J91) -> 3390000 | ... L92: =SUM(L79:L91) -> 3687804.7
E93: =C93+D93 -> 0 | G93: =E93+F93 -> 0
A94: Employee Related Cost | E94: =C94+D94 -> 0 | G94: =E94+F94 -> 0
B95: Employee Related Cost ( Housing Subsidy ) | C95: 0 | E95: =C95+D95 -> 0 | G95: =E95+F95 -> 0 | I95: =G95+H95 -> 0
B96: Employee Related Cost ( Provident Fund and Pension - RA ) | C96: 0 | E96: =C96+D96 -> 0 | G96: =E96+F96 -> 0 | I96: =G96+H96 -> 0
B97: Employee Related Cost ( Vehicle Allowance ) | C97: 0 | E97: =C97+D97 -> 0 | G97: =E97+F97 -> 0 | I97: =G97+H97 -> 0
B98: Employee Related Cost (Bargaining Council) | E98: =C98+D98 -> 0 | G98: =E98+F98 -> 0 | I98: =G98+H98 -> 0
B99: Employee Related Cost (BONUS ) | C99: 0 | E99: =C99+D99 -> 0 | G99: =E99+F99 -> 0 | I99: =G99+H99 -> 0
B100: Employee Related Cost (Medical Aid ) | C100: 0 | E100: =C100+D100 -> 0 | G100: =E100+F100 -> 0 | I100: =G100+H100 -> 0
B101: Employee Related Cost (Overtime ) | C101: 0 | E101: =C101+D101 -> 0 | G101: =E101+F101 -> 0 | I101: =G101+H101 -> 0
...

Sheet EXECUTIVE COUNCIL
B1: ='2021 2022 DRAFT BUDGET SUMMARY'!J24 -> -79111.446 | C1: ='2021 2022 DRAFT BUDGET SUMMARY'!J24 -> -79111.446
A2: 2021/2022 DRAFT BUDGET (EXECUTIVE COUNCIL)
A3: ACCOUNT NUMBER | B3: ACCOUNT DESCRIPTION | C3: 2020/2021 Draft Budget | D3: Consultation Changes | E3: 2020/2021 Final Budget | F3: Adjustments | G3: 2020/2021 First Adjusted Budget | H3: Adjustments | I3: 2020/2021 Second Adjusted Budget | J3: 2021/2022 Draft Budget | K3: 2021/2022 Outer Year One | L3: 2022/2023 Outer Year Two
A5: EXPENDITURE
A6: Operational Cost
A7: O0001/IE00059/F0041/X044/R0105/001/EXEC | B7: Conferences/Training (Registration Fees:Seminars, Conferences, Workshops and Events:National) | C7: 80000 | E7: =C7+D7 -> 80000 | G7: =E7+F7 -> 80000 | H7: -40000 | I7: =G7+H7 -> 40000 | J7: 60000 | K7: =J7*104.2% -> 62520 | L7: =K7*104.4% -> 65270.88 | R7: =E9-Q9 -> 150000
A8: O1486-1/IE00636/F0041/X044/R0105/001/EXEC | B8: Strategic Planning | C8: 500000 | E8: =C8+D8 -> 500000 | G8: =E8+F8 -> 500000 | H8: -500000 | I8: =G8+H8 -> 0 | J8: 450000 | K8: =J8*104.2% -> 468900 | L8: =K8*104.4% -> 489531.6
A9: O0001/IE00595/F0041/X044/R0105/001/EXEC | B9: Skills Development Levies | C9: 0 | D9: 150000 | E9: =C9+D9 -> 150000 | G9: =E9+F9 -> 150000 | H9: -37952.606 | I9: =G9+H9 -> 112047.39 | J9: 150000 | K9: =J9*104.2% -> 156300 | L9: =K9*104.4% -> 163177.2 | Q9: =M9/7*12 -> 0 | S9: =Q9-I9 -> -112047.39
B10: Subsistence and Travelling Allowance | C10: 0 | E10: =C10+D10 -> 0 | G10: =E10+F10 -> 0 | I10: =G10+H10 -> 0 | J10: 0 | K10: =J10*104.2% -> 0 | L10: =K10*104.4% -> 0
A11: O0001/IE00144/F0041/X044/R0105/001/EXEC | B11: Subsistence and Travelling Allowance (Own Transport) | C11: 1300000 | D11: -150000 | E11: =C11+D11 -> 1150000 | G11: =E11+F11 -> 1150000 | H11: -100000 | I11: =G11+H11 -> 1050000 | J11: 1000000 | K11: =J11*104.2% -> 1042000 | L11: =K11*104.4% -> 1087848
A12: O0001/IE00060/F0041/X044/R0105/001/EXEC | B12: Subsistence,Travelling & Accommodation (Travel and Subsistence:Domestic:Accommodation) | C12: 700000 | E12: =C12+D12 -> 700000 | G12: =E12+F12 -> 700000 | H12: -100000 | I12: =G12+H12 -> 600000 | J12: 500000 | K12: =J12*104.2% -> 521000 | L12: =K12*104.4% -> 543924
A13: O0001/IE01581/F0041/X044/R0105/001/EXEC | B13: Subsistence,Travelling & Accomodation (Travel and Subsistence:Domestic:Transport with Operator:Public Transport:Air Transport) | C13: 200000 | E13: =C13+D13 -> 200000 | G13: =E13+F13 -> 200000 | H13: -100000 | I13: =G13+H13 -> 100000 | J13: 150000 | K13: =J13*104.2% -> 156300 | L13: =K13*104.4% -> 163177.2
A14: O0001/IE01583/F0041/X044/R0105/001/EXEC | B14: Subsistence,Travelling & Accomodation (Travel and Subsistence:Domestic:Transport with Operator:Public Transport:Road Transport) | C14: 50000 | E14: =C14+D14 -> 50000 | G14: =E14+F14 -> 50000 | I14: =G14+H14 -> 50000 | J14: 50000 | K14: =J14*104.2% -> 52100 | L14: =K14*104.4% -> 54392.4
A15: O0001/IE00143/F0041/X044/R0105/001/EXEC | B15: Subsistence,Travelling & Accomodation (Travel and Subsistence:Domestic:Transport without Operator:Car Rental) | C15: 200000 | E15: =C15+D15 -> 200000 | G15: =E15+F15 -> 200000 | I15: =G15+H15 -> 200000 | J15: 200000 | K15: =J15*104.2% -> 208400 | L15: =K15*104.4% -> 217569.6
C16: 0 | E16: =C16+D16 -> 0 | G16: =E16+F16 -> 0 | I16: =G16+H16 -> 0 | J16: 0 | K16: =J16*104.2% -> 0 | L16: =K16*104.4% -> 0
A17: O0001/IE00840/F0041/X044/R0105/001/EXEC | B17: Council Training | C17: 200000 | E17: =C17+D17 -> 200000 | G17: =E17+F17 -> 200000 | H17: -200000 | I17: =G17+H17 -> 0 | J17: 200000 | K17: =J17*104.2% -> 208400 | L17: =K17*104.4% -> 217569.6
A18: Totals Operational Cost | C18: =SUM(C7:C17) -> 3230000 | D18: =SUM(D7:D17) -> 0 | E18: =SUM(E7:E17) -> 3230000 | F18: =SUM(F7:F17) -> 0 | G18: =SUM(G7:G17) -> 3230000 | H18: =SUM(H7:H17) -> -1077952.6 | I18: =SUM(I7:I17) -> 2152047.4 | J18: =SUM(J7:J17) -> 2760000 | ... L18: =SUM(L7:L17) -> 3002460.5
G19: =E19+F19 -> 0
A20: Remuneration of Councillors | G20: =E20+F20 -> 0
A21: O0001/IE00073/F0041/X044/R0105/001/EXEC | B21: Remuneration for councillors (Speaker:Social Contributions:Medial Aid Benefits) | C21: 51741.092 | E21: =C21+D21 -> 51741.092 | G21: =E21+F21 -> 51741.092 | I21: =G21+H21 -> 51741.092 | J21: =E21*104% -> 53810.736 | K21: =J21*104.2% -> 56070.787 | L21: =K21*104.4% -> 58537.902
A22: O0001/IE00816/F0041/X044/R0105/001/EXEC | B22: Remuneration for councillors (Speaker:Allowances and Service Related Benefits:Basic Salary) | C22: 679321.13 | E22: =C22+D22 -> 679321.13 | G22: =E22+F22 -> 679321.13 | I22: =G22+H22 -> 679321.13 | J22: =E22*104% -> 706493.97 | K22: =J22*104.2% -> 736166.72 | L22: =K22*104.4% -> 768558.06
A23: O0001/IE00817/F0041/X044/R0105/001/EXEC | B23: Remuneration for councillors (Speaker:Allowances and Service Related Benefits:Cell phone Allowance) | C23: 54781.86 | E23: =C23+D23 -> 54781.86 | G23: =E23+F23 -> 54781.86 | I23: =G23+H23 -> 54781.86 | J23: =E23*104% -> 56973.134 | K23: =J23*104.2% -> 59366.006 | L23: =K23*104.4% -> 61978.11
A24: O0001/IE07194/F0041/X044/R0105/001/EXEC | B24: Remuneration for councillors (Deputy Executive Mayor:Allowances and Service Related Benefits:Basic Salary) | C24: 637762.57 | E24: =C24+D24 -> 637762.57 | G24: =E24+F24 -> 637762.57 | I24: =G24+H24 -> 637762.57 | J24: =E24*104% -> 663273.07 | K24: =J24*104.2% -> 691130.54 | L24: =K24*104.4% -> 721540.28
A25: O0001/IE07195/F0041/X044/R0105/001/EXEC | B25: Remuneration for councillors (Deputy Executive Mayor:Allowances and Service Related Benefits:Cell phone Allowance) | C25: 46275.36 | E25: =C25+D25 -> 46275.36 | G25: =E25+F25 -> 46275.36 | I25: =G25+H25 -> 46275.36 | J25: =E25*104% -> 48126.374 | K25: =J25*104.2% -> 50147.682 | L25: =K25*104.4% -> 52354.18
A26: O0001/IE07204/F0041/X044/R0105/001/EXEC | B26: Remuneration for councillors (Deputy Executive Mayor:Social Contributions:Medial Aid Benefits) | C26: 36445.929 | E26: =C26+D26 -> 36445.929 | G26: =E26+F26 -> 36445.929 | I26: =G26+H26 -> 36445.929 | J26: =E26*104% -> 37903.766 | K26: =J26*104.2% -> 39495.724 | L26: =K26*104.4% -> 41233.536
A27: O0001/IE07205/F0041/X044/R0105/001/EXEC | B27: Remuneration for councillors (Deputy Executive Mayor:Social Contributions:Pension Fund Contributions) | C27: 93340.94 | E27: =C27+D27 -> 93340.94 | G27: =E27+F27 -> 93340.94 | I27: =G27+H27 -> 93340.94 | J27: =E27*104% -> 97074.577 | K27: =J27*104.2% -> 101151.71 | L27: =K27*104.4% -> 105602.38
A28: O0001/IE07206/F0041/X044/R0105/001/EXEC | B28: Remuneration for councillors (Executive Committee:Allowances and Service Related Benefits:Basic Salary) | C28: 2835500 | E28: =C28+D28 -> 2835500 | G28: =E28+F28 -> 2835500 | I28: =G28+H28 -> 2835500 | J28: =E28*104% -> 2948920 | K28: =J28*104.2% -> 3072774.6 | L28: =K28*104.4% -> 3207976.7
A29: O0001/IE07207/F0041/X044/R0105/001/EXEC | B29: Remuneration for councillors (Executive Committee:Allowances and Service Related Benefits:Cell phone Allowance) | C29: 185101.44 | E29: =C29+D29 -> 185101.44 | G29: =E29+F29 -> 185101.44 | I29: =G29+H29 -> 185101.44 | J29: =E29*104% -> 192505.5 | K29: =J29*104.2% -> 200590.73 | L29: =K29*104.4% -> 209416.72
A30: O0001/IE07216/F0041/X044/R0105/001/EXEC | B30: Municipal Running Cost/Medial Aid Benefits/Equitable Share/Mayor and Council/Administrative or Head O/Default/Executive & Council | C30: 0 | E30: =C30+D30 -> 0 | G30: =E30+F30 -> 0 | I30: =G30+H30 -> 0 | J30: =E30*104% -> 0 | K30: =J30*104.2% -> 0 | L30: =K30*104.4% -> 0
A31: O0001/IE07217/F0041/X044/R0105/001/EXEC | B31: Remuneration for councillors (Executive Committee:Social Contributions:Pension Fund Contributions) | C31: 340260 | E31: =C31+D31 -> 340260 | G31: =E31+F31 -> 340260 | I31: =G31+H31 -> 340260 | J31: =E31*104% -> 353870.4 | K31: =J31*104.2% -> 368732.96 | L31: =K31*104.4% -> 384957.21
A32: O0001/IE07218/F0041/X044/R0105/001/EXEC | B32: Remuneration for councillors (Executive Mayor:Allowances and Service Related Benefits:Basic Salary) | C32: 906204.7 | E32: =C32+D32 -> 906204.7 | G32: =E32+F32 -> 906204.7 | I32: =G32+H32 -> 906204.7 | J32: =E32*104% -> 942452.89 | K32: =J32*104.2% -> 982035.91 | L32: =K32*104.4% -> 1025245.5
... A40: O0001/IE07241/F0041/X044/R0105/001/EXEC | B40: Employee related costs: council (Total for All Other Councillors:Social Contributions:Pension Fund Contributions) | C40: 668700.07 | E40: =C40+D40 -> 668700.07 | G40: =E40+F40 -> 668700.07 | I40: =G40+H40 -> 668700.07 | J40: =E40*104% -> 695448.07 | K40: =J40*104.2% -> 724656.89 | L40: =K40*104.4% -> 756541.8
A41: Total Remuneration of Councillors | C41: =SUM(C21:C40) -> 16246710 | D41: =SUM(D21:D40) -> 0 | E41: =SUM(E21:E40) -> 16246710 | F41: =SUM(F21:F40) -> 0 | G41: =SUM(G21:G40) -> 16246710 | H41: =SUM(H21:H40) -> 0 | I41: =SUM(I21:I40) -> 16246710 | J41: =SUM(J21:J40) -> 16896578 | ... L41: =SUM(L21:L40) -> 18380908
G42: =E42+F42 -> 0
A43: GRAND TOTAL EXPENDITURE (EXECUTIVE COUNCIL) | C43: =C41+C18 -> 19476710 | D43: =D41+D18 -> 0 | E43: =E41+E18 -> 19476710 | F43: =F41+F18 -> 0 | G43: =G41+G18 -> 19476710 | H43: =H41+H18 -> -1077952.6 | I43: =I41+I18 -> 18398757 | J43: =J41+J18 -> 19656578 | ... L43: =L41+L18 -> 21383369
G44: =E44+F44 -> 0
A45: (SUPLUS)/DEFICIT | C45: =C43 -> 19476710 | D45: =D43 -> 0 | E45: =E43 -> 19476710 | F45: =F43 -> 0 | G45: =G43 -> 19476710 | H45: =H43 -> -1077952.6 | I45: =I43 -> 18398757 | J45: =J43 -> 19656578 | ... L45: =L43 -> 21383369

Sheet Sheet1
A2: Upgrade of electrical Infrastructure project in Applesbosch Ward 6 | B2: 14000000
A3: Indigent | B3: 3200000
A4: Electrification Projects | B4: 8100000
A5: Thumamina salaries EPWP (Salaries and Allowances) | B5: 600000
A6: Professional Fees (New Municipal Offices: Design,Eletrification Licence study ,Comprehensive infrastructure Plan,Technical Assessment for electrification usage on Municipal Facilities/Assets and Ward 11 Electrification investigation on malfunctioning and | B6: 5700000
A7: Proffesional Fees (LED Strategy) (Tourism Strategy) (Pilgrimage Packaging) | B7: 700000
A8: Proffessional Fees Community Services | B8: 400000
A9: Proffessional Fees Corporate Services | B9: =3200000-720000 -> 2480000
B10: =SUM(B2:B9) -> 35180000
B11: 26000000
B12: =B10-B11 -> 9180000

Sheet EDP
B1: ='2021 2022 DRAFT BUDGET SUMMARY'!J24 -> -79111.446 | C1: ='2021 2022 DRAFT BUDGET SUMMARY'!J24 -> -79111.446
A2: 2021/2022 DARFT BUDGET (ECONOMIC DEVELOPMENT AND PLANNING)
A3: ACCOUNT NUMBER | B3: ACCOUNT DESCRIPTION | C3: 2020/2021 Draft Budget | D3: Consultation Changes | E3: 2020/2021 Final Budget | F3: Adjustments | G3: 2020/2021 First Adjusted Budget | H3: Adjustments | I3: 2020/2021 Second Adjusted Budget | J3: 2021/2022 Draft Budget | K3: 2021/2022 Outer Year One | L3: 2022/2023 Outer Year Two
A5: LOCAL ECONOMIC DEVELOPMENT
A6: General Expenditure
B7: Ndwedwe Music Festival
A8: O1354-1/IE00636/F0041/X098/R0106/001/EDP | B8: Ndwedwe Music Festival (Grant) | C8: 1400000 | E8: =C8+D8 -> 1400000 | G8: =E8+F8 -> 1400000 | H8: -1400000 | I8: =G8+H8 -> 0 | J8: 1200000 | K8: =J8*104.2% -> 1250400 | L8: =K8*104.4% -> 1305417.6
A9: O1291-5/IE00634/F0041/X098/R0106/001/EDP | B9: Ndwedwe Music Festival (Electrical Lights) | C9: 250000 | E9: =C9+D9 -> 250000 | G9: =E9+F9 -> 250000 | H9: -250000 | I9: =G9+H9 -> 0 | J9: 150000 | K9: =J9*104.2% -> 156300 | L9: =K9*104.4% -> 163177.2
A10: O1291-5/IE00663/F0041/X098/R0106/001/EDP | B10: Ndwedwe Music Festival (Fencing) | C10: 200000 | E10: =C10+D10 -> 200000 | G10: =E10+F10 -> 200000 | H10: -200000 | I10: =G10+H10 -> 0 | J10: 150000 | K10: =J10*104.2% -> 156300 | L10: =K10*104.4% -> 163177.2
C11: 0 | E11: =C11+D11 -> 0 | G11: =E11+F11 -> 0 | I11: =G11+H11 -> 0 | K11: =J11*104.2% -> 0 | L11: =K11*104.4% -> 0
B12: Maskandi Festival | C12: 0 | E12: =C12+D12 -> 0 | G12: =E12+F12 -> 0 | I12: =G12+H12 -> 0 | K12: =J12*104.2% -> 0 | L12: =K12*104.4% -> 0
A13: O1306-1/IE00754/F0041/X098/R0106/001/EDP | B13: Maskandi Festival (Promotional Gifts) | C13: 300000 | E13: =C13+D13 -> 300000 | G13: =E13+F13 -> 300000 | H13: -105000 | I13: =G13+H13 -> 195000 | J13: 30000 | K13: =J13*104.2% -> 31260 | L13: =K13*104.4% -> 32635.44
A14: O1306-1/IE00677/F0041/X098/R0106/001/EDP | B14: Maskandi Festival (Catering) | C14: 30000 | E14: =C14+D14 -> 30000 | G14: =E14+F14 -> 30000 | H14: -490 | I14: =G14+H14 -> 29510 | J14: 30000 | K14: =J14*104.2% -> 31260 | L14: =K14*104.4% -> 32635.44
A15: O1306-1/IE00667/F0041/X098/R0106/001/EDP | B15: Maskandi Festival (Stage and Sound System) | C15: 80000 | E15: =C15+D15 -> 80000 | G15: =E15+F15 -> 80000 | H15: 90145 | I15: =G15+H15 -> 170145 | J15: 60000 | K15: =J15*104.2% -> 62520 | L15: =K15*104.4% -> 65270.88
C16: 0 | E16: =C16+D16 -> 0 | G16: =E16+F16 -> 0 | I16: =G16+H16 -> 0 | K16: =J16*104.2% -> 0 | L16: =K16*104.4% -> 0
B17: Cluster Commercial Gardens | C17: 0 | E17: =C17+D17 -> 0 | G17: =E17+F17 -> 0 | I17: =G17+H17 -> 0 | K17: =J17*104.2% -> 0 | L17: =K17*104.4% -> 0
A18: O1217-2/IE00534/F0041/X098/R0106/001/EDP | B18: Cluster Commercial Gardens (agricultural tool) | C18: 300000 | E18: =C18+D18 -> 300000 | G18: =E18+F18 -> 300000 | H18: -72500 | I18: =G18+H18 -> 227500 | J18: 200000 | K18: =J18*104.2% -> 208400 | L18: =K18*104.4% -> 217569.6
A19: O1217-5/IE00663/F0041/X098/R0106/001/EDP | B19: Cluster Commercial Gardens (Gardens Fencing) | C19: 500000 | E19: =C19+D19 -> 500000 | G19: =E19+F19 -> 500000 | H19: =300000+7025 -> 307025 | I19: =G19+H19 -> 807025 | J19: 200000 | K19: =J19*104.2% -> 208400 | L19: =K19*104.4% -> 217569.6
A20: O1217-5/IE00629/F0041/X098/R0106/001/EDP | B20: Cluster Commercial Gardens (Water Supply system) | C20: 400000 | E20: =C20+D20 -> 400000 | G20: =E20+F20 -> 400000 | I20: =G20+H20 -> 400000 | J20: 150000 | K20: =J20*104.2% -> 156300 | L20: =K20*104.4% -> 163177.2
A21: O1217-1/IE00642/F0041/X098/R0106/001/EDP | B21: Cluster Commercial Gardens (Support Seeds) | C21: 400000 | E21: =C21+D21 -> 400000 | G21: =E21+F21 -> 400000 | H21: 41290.88 | I21: =G21+H21 -> 441290.88 | J21: 250000 | K21: =J21*104.2% -> 260500 | L21: =K21*104.4% -> 271962
E22: =C22+D22 -> 0 | G22: =E22+F22 -> 0 | I22: =G22+H22 -> 0 | K22: =J22*104.2% -> 0 | L22: =K22*104.4% -> 0
B23: Cooperatives Development | C23: 0 | E23: =C23+D23 -> 0 | G23: =E23+F23 -> 0 | I23: =G23+H23 -> 0 | K23: =J23*104.2% -> 0 | L23: =K23*104.4% -> 0
A24: O1249-4/IE00677/F0041/X098/R0106/001/EDP | B24: Cooperatives Development (Catering) | C24: 50000 | E24: =C24+D24 -> 50000 | G24: =E24+F24 -> 50000 | H24: -7025 | I24: =G24+H24 -> 42975 | J24: 30000 | K24: =J24*104.2% -> 31260 | L24: =K24*104.4% -> 32635.44
A25: O1249-3/IE00672/F0041/X098/R0106/001/EDP | B25: Cooperatives Development (Identification and Database),(Gaps Identification) | C25: 300000 | E25: =C25+D25 -> 300000 | G25: =E25+F25 -> 300000 | H25: 90000 | I25: =G25+H25 -> 390000 | J25: 60000 | K25: =J25*104.2% -> 62520 | L25: =K25*104.4% -> 65270.88
A26: O1249-5/IE00703/F0041/X098/R0106/001/EDP | B26: Cooperatives Development (Transport) | C26: 100000 | E26: =C26+D26 -> 100000 | G26: =E26+F26 -> 100000 | H26: -50000 | I26: =G26+H26 -> 50000 | J26: 30000 | K26: =J26*104.2% -> 31260 | L26: =K26*104.4% -> 32635.44
A27: O1249-3/IE00847/F0041/X098/R0106/001/EDP | B27: Cooperatives Development (Support) | C27: 300000 | E27: =C27+D27 -> 300000 | G27: =E27+F27 -> 300000 | H27: =100000-100000-100000 -> -100000 | I27: =G27+H27 -> 200000 | J27: 200000 | K27: =J27*104.2% -> 208400 | L27: =K27*104.4% -> 217569.6
A28: O0001/IE00756/F0041/X098/R0105/001/EDP | B28: Branding (bunners and bilboards for mini-factories | C28: 80000 | E28: =C28+D28 -> 80000 | G28: =E28+F28 -> 80000 | I28: =G28+H28 -> 80000 | K28: =J28*104.2% -> 0 | L28: =K28*104.4% -> 0
E29: =C29+D29 -> 0 | G29: =E29+F29 -> 0 | I29: =G29+H29 -> 0 | K29: =J29*104.2% -> 0 | L29: =K29*104.4% -> 0
B30: LED | C30: 0 | E30: =C30+D30 -> 0 | G30: =E30+F30 -> 0 | I30: =G30+H30 -> 0 | K30: =J30*104.2% -> 0 | L30: =K30*104.4% -> 0
A31: O1217-3/IE00667/F0041/X098/R0106/001/EDP | B31: LED (Sound system) | C31: 50000 | E31: =C31+D31 -> 50000 | G31: =E31+F31 -> 50000 | I31: =G31+H31 -> 50000 | J31: 20000 | K31: =J31*104.2% -> 20840 | L31: =K31*104.4% -> 21756.96
A32: O1217-3/IE00703/F0041/X098/R0106/001/EDP | B32: LED (Transport) | C32: 60000 | E32: =C32+D32 -> 60000 | G32: =E32+F32 -> 60000 | I32: =G32+H32 -> 60000 | J32: 80000 | K32: =J32*104.2% -> 83360 | L32: =K32*104.4% -> 87027.84
A33: O1217-3/IE00677/F0041/X098/R0106/001/EDP | B33: LED (Catering Services) | C33: 60000 | E33: =C33+D33 -> 60000 | G33: =E33+F33 -> 60000 | I33: =G33+H33 -> 60000 | J33: 60000 | K33: =J33*104.2% -> 62520 | L33: =K33*104.4% -> 65270.88
A35: O1244-1/IE00604/F0041/X098/R0105/001/EDP | B35: EDP Uniform and Protective Clothing | C35: 70000 | E35: =C35+D35 -> 70000 | G35: =E35+F35 -> 70000 | I35: =G35+H35 -> 70000 | J35: 50000 | K35: =J35*104.2% -> 52100 | L35: =K35*104.4% -> 54392.4
A36: O0001/IE00016/F0041/X098/R0106/001/EDP | B36: Membership Fee | E36: =C36+D36 -> 0 | G36: =E36+F36 -> 0 | H36: 5950 | I36: =G36+H36 -> 5950 | J36: 10000 | K36: =J36*104.2% -> 10420 | L36: =K36*104.4% -> 10878.48
A37: O0001/IE00595/F0041/X098/R0105/001/EDP | B37: Skills Development Levies (Skills Development Levies) | C37: 45519.233 | E37: =C37+D37 -> 45519.233 | G37: =E37+F37 -> 45519.233 | I37: =G37+H37 -> 45519.233 | J37: 46268.317 | K37: =J37*104.2% -> 48211.586 | L37: =K37*104.4% -> 50332.896
A38: O0001/IE00060/F0041/X098/R0105/001/EDP | B38: Subsistence,Travelling & Accommodation (Travel and Subsistence:Domestic:Accommodation) | E38: 0 | H38: 11292.63 | I38: =G38+H38 -> 11292.63 | J38: 11292.63 | K38: =J38*104.2% -> 11766.92 | L38: =K38*104.4% -> 12284.665
A39: O0001/IE00144/F0041/X098/R0105/001/EDP | B39: Subsistence and Travelling Allowance (Own Transport) | H39: 15000 | I39: =G39+H39 -> 15000 | J39: 15000 | K39: =J39*104.2% -> 15630 | L39: =K39*104.4% -> 16317.72
A40: O0001/IE01581/F0041/X098/R0105/001/EDP | B40: Subsistence,Travelling & Accommodation (Flights) | H40: 16000 | I40: =G40+H40 -> 16000 | J40: 16000 | K40: =J40*104.2% -> 16672 | L40: =K40*104.4% -> 17405.568
A41: O0001/IE00143/F0041/X098/R0105/001/EDP | B41: Accommodation (Car hire- without operator) | H41: 10000 | I41: =G41+H41 -> 10000 | J41: 10000 | K41: =J41*104.2% -> 10420 | L41: =K41*104.4% -> 10878.48
K42: =J42*104.2% -> 0 | L42: =K42*104.4% -> 0
B43: SMME Development | C43: 0 | E43: =C43+D43 -> 0 | G43: =E43+F43 -> 0 | I43: =G43+H43 -> 0 | K43: =J43*104.2% -> 0 | L43: =K43*104.4% -> 0
A44: O1224-2/IE00632/F0041/X098/R0106/001/EDP | B44: SMME Development (Catering) | C44: 60000 | E44: =C44+D44 -> 60000 | G44: =E44+F44 -> 60000 | I44: =G44+H44 -> 60000 | J44: 50000 | K44: =J44*104.2% -> 52100 | L44: =K44*104.4% -> 54392.4
A45: O1303-1/IE00022/F0041/X098/R0106/001/EDP | B45: SMME Development (Gaps Identification and Training) | C45: 200000 | E45: =C45+D45 -> 200000 | G45: =E45+F45 -> 200000 | H45: -120000 | I45: =G45+H45 -> 80000 | J45: 90000 | K45: =J45*104.2% -> 93780 | L45: =K45*104.4% -> 97906.32
A46: O1305-4/IE00667/F0041/X098/R0106/001/EDP | B46: SMME Development (sound system) | C46: 50000 | E46: =C46+D46 -> 50000 | G46: =E46+F46 -> 50000 | I46: =G46+H46 -> 50000 | J46: 50000 | K46: =J46*104.2% -> 52100 | L46: =K46*104.4% -> 54392.4
A47: O1249-2/IE00697/F0041/X098/R0106/001/EDP | B47: SMME Development (Support ) | C47: 280000 | E47: =C47+D47 -> 280000 | G47: =E47+F47 -> 280000 | H47: =-80000+100000+100000 -> 120000 | I47: =G47+H47 -> 400000 | J47: 250000 | K47: =J47*104.2% -> 260500 | L47: =K47*104.4% -> 271962
A48: O1305-3/IE00671/F0041/X098/R0106/001/EDP | B48: SMME Development (Transport) | C48: 200000 | E48: =C48+D48 -> 200000 | G48: =E48+F48 -> 200000 | H48: -100000 | I48: =G48+H48 -> 100000 | J48: 50000 | K48: =J48*104.2% -> 52100 | L48: =K48*104.4% -> 54392.4
A49: O1305-3/IE00534/F0041/X098/R0106/001/MMO | B49: SMME Equipment /tools | J49: 150000 | K49: =J49*104.2% -> 156300 | L49: =K49*104.4% -> 163177.2
K50: =J50*104.2% -> 0 | L50: =K50*104.4% -> 0
B51: FARMERS MARKET DAY | K51: =J51*104.2% -> 0 | L51: =K51*104.4% -> 0
A52: O1218-1/IE00571/F0041/X098/R0106/001/EDP | B52: Farmers Market Day (Tent/marquee) | J52: 80000 | K52: =J52*104.2% -> 83360 | L52: =K52*104.4% -> 87027.84
A53: O1218-1/IE00677/F0041/X098/R0106/001/EDP | B53: Farmers Market Day (Catering) | J53: 30000 | K53: =J53*104.2% -> 31260 | L53: =K53*104.4% -> 32635.44
A54: O1218-1/IE00703/F0041/X098/R0106/001/EDP | B54: Farmers Market Day (Transport) | J54: 30000 | K54: =J54*104.2% -> 31260 | L54: =K54*104.4% -> 32635.44
A55: O1218-1/IE00667/F0041/X098/R0106/001/EDP | B55: Farmers Market Day (Sound System) | J55: 20000 | K55: =J55*104.2% -> 20840 | L55: =K55*104.4% -> 21756.96
E56: =C56+D56 -> 0 | G56: =E56+F56 -> 0 | I56: =G56+H56 -> 0 | K56: =J56*104.2% -> 0 | L56: =K56*104.4% -> 0
C57: 0 | E57: =C57+D57 -> 0 | G57: =E57+F57 -> 0 | I57: =G57+H57 -> 0 | K57: =J57*104.2% -> 0 | L57: =K57*104.4% -> 0
B58: Tourisim development | C58: 0 | E58: =C58+D58 -> 0 | G58: =E58+F58 -> 0 | I58: =G58+H58 -> 0 | K58: =J58*104.2% -> 0 | L58: =K58*104.4% -> 0
A59: O1354-2/IE00594/F0041/X098/R0106/001/EDP | B59: Tourisim development (exhibition stand(tourism indaba) | C59: 150000 | E59: =C59+D59 -> 150000 | G59: =E59+F59 -> 150000 | H59: -150000 | I59: =G59+H59 -> 0 | J59: 150000 | K59: =J59*104.2% -> 156300 | L59: =K59*104.4% -> 163177.2
A60: O1354-2/IE00667/F0041/X098/R0106/001/EDP | B60: Tourisim development (Sound system) | C60: 30000 | E60: =C60+D60 -> 30000 | G60: =E60+F60 -> 30000 | I60: =G60+H60 -> 30000 | J60: 20000 | K60: =J60*104.2% -> 20840 | L60: =K60*104.4% -> 21756.96
A61: O1354-2/IE00677/F0041/X098/R0106/001/EDP | B61: Tourisim development (Catering) | C61: 60000 | E61: =C61+D61 -> 60000 | G61: =E61+F61 -> 60000 | H61: -30000 | I61: =G61+H61 -> 30000 | J61: 30000 | K61: =J61*104.2% -> 31260 | L61: =K61*104.4% -> 32635.44
A62: O1354-2/IE00754/F0041/X098/R0106/001/EDP | B62: Tourisim development (Tourism awareness (gifts/ promotional items) | C62: 60000 | E62: =C62+D62 -> 60000 | G62: =E62+F62 -> 60000 | H62: 100000 | I62: =G62+H62 -> 160000 | J62: 20000 | K62: =J62*104.2% -> 20840 | L62: =K62*104.4% -> 21756.96
A63: O1354-2/IE00671/F0041/X098/R0106/001/EDP | B63: Tourisim development (Transport) | C63: 100000 | E63: =C63+D63 -> 100000 | G63: =E63+F63 -> 100000 | H63: -50000 | I63: =G63+H63 -> 50000 | J63: 30000 | K63: =J63*104.2% -> 31260 | L63: =K63*104.4% -> 32635.44
A64: O1354-2/IE00583/F0041/X098/R0106/001/EDP | B64: Tourisim development (Tourism guide(booklet) | C64: 0 | E64: =C64+D64 -> 0 | G64: =E64+F64 -> 0 | I64: =G64+H64 -> 0 | J64: 50000 | K64: =J64*104.2% -> 52100 | L64: =K64*104.4% -> 54392.4
A65: O1565-3/IE00651/F0041/X098/R0106/001/EDP | B65: Repairs and Maintenance C Tractor Maintenance) | C65: 0 | E65: =C65+D65 -> 0 | G65: =E65+F65 -> 0 | I65: =G65+H65 -> 0 | K65: =J65*104.2% -> 0 | L65: =K65*104.4% -> 0
I66: =G66+H66 -> 0 | K66: =J66*104.2% -> 0 | L66: =K66*104.4% -> 0
A67: O1264-20/IE00419-1/F0041/X098/R0106/001/EDP | B67: Cooperatives Development Covid 19 Respond | F67: 3000000 | G67: =E67+F67 -> 3000000 | I67: =G67+H67 -> 3000000 | K67: =J67*104.2% -> 0 | L67: =K67*104.4% -> 0
A68: Total General Expenditure | C68: =SUM(C8:C65) -> 6165519.2 | E68: =SUM(E8:E67) -> 6165519.2 | F68: =SUM(F8:F67) -> 3000000 | G68: =SUM(G8:G67) -> 9165519.2 | H68: =SUM(H8:H67) -> -1828311.5 | I68: =SUM(I8:I67) -> 7337207.7 | J68: =SUM(J8:J67) -> 4158560.9 | K68: =SUM(K8:K67) -> 4333220.5 | L68: =SUM(L8:L67) -> 4523882.2
C69: 0 | E69: =C69+D69 -> 0 | G69: =E69+F69 -> 0
A70: Employee Related Cost | C70: 0 | E70: =C70+D70 -> 0 | G70: =E70+F70 -> 0
A71: O0001/IE00036/F0041/X098/R0105/001/EDP | B71: Employee Related Cost (Salaries and Allowances) | C71: 3878263.7 | E71: =C71+D71 -> 3878263.7 | G71: =E71+F71 -> 3878263.7 | H71: -56945.095 | I71: =G71+H71 -> 3821318.6 | J71: 4166265.5 | K71: =J71*104.2% -> 4341248.6 | L71: =K71*104.4% -> 4532263.6
A72: O0001/IE00038/F0041/X098/R0105/001/EDP | B72: Employee Related Cost (Bonus) | C72: 247583.71 | E72: =C72+D72 -> 247583.71 | G72: =E72+F72 -> 247583.71 | H72: 3849.5031 | I72: =G72+H72 -> 251433.21 | J72: 380933.34 | K72: =J72*104.2% -> 396932.54 | L72: =K72*104.4% -> 414397.57
A73: O0001/IE00040/F0041/X098/R0105/001/EDP | B73: Employee Related Cost (Bargaining Council) | C73: 2430.24 | E73: =C73+D73 -> 2430.24 | G73: =E73+F73 -> 2430.24 | H73: -1088.16 | I73: =G73+H73 -> 1342.08 | J73: 1342.08 | K73: =J73*104.2% -> 1398.4474 | L73: =K73*104.4% -> 1459.979
A74: O0001/IE00043/F0041/X098/R0105/001/EDP | B74: Employee Related Cost (Medical Aid) | C74: 299386.8 | E74: =C74+D74 -> 299386.8 | G74: =E74+F74 -> 299386.8 | H74: 31744.44 | I74: =G74+H74 -> 331131.24 | J74: 331131.24 | K74: =J74*104.2% -> 345038.75 | L74: =K74*104.4% -> 360220.46
A75: O0001/IE00044/F0041/X098/R0105/001/EDP | B75: Employee Related Cost (Provident Fund and Pension - RA) | C75: 631526.01 | E75: =C75+D75 -> 631526.01 | G75: =E75+F75 -> 631526.01 | H75: -19002.41 | I75: =G75+H75 -> 612523.6 | J75: 658234.29 | K75: =J75*104.2% -> 685880.13 | L75: =K75*104.4% -> 716058.85
A76: O0001/IE00045/F0041/X098/R0105/001/EDP | B76: Employee Related Cost (UIF) | C76: 20831.04 | E76: =C76+D76 -> 20831.04 | G76: =E76+F76 -> 20831.04 | H76: 584.64 | I76: =G76+H76 -> 21415.68 | J76: 21415.68 | K76: =J76*104.2% -> 22315.139 | L76: =K76*104.4% -> 23297.005
A77: O0001/IE00110/F0041/X098/R0105/001/EDP | B77: Employee Related Cost (Long Term Service Awards) | C77: 10000 | E77: =C77+D77 -> 10000 | G77: =E77+F77 -> 10000 | H77: 35000 | I77: =G77+H77 -> 45000 | J77: 45000 | K77: =J77*104.2% -> 46890 | L77: =K77*104.4% -> 48953.16
A78: O0001/IE01530/F0041/X098/R0105/001/EDP | B78: Leave Pay | C78: 35000 | E78: =C78+D78 -> 35000 | G78: =E78+F78 -> 35000 | H78: 0 | I78: =G78+H78 -> 35000 | J78: 100000 | K78: =J78*104.2% -> 104200 | L78: =K78*104.4% -> 108784.8
A79: O0001/IE00126/F0041/X098/R0105/001/EDP | B79: Employee Related Cost (Vehicle Allowance) | C79: 72646.313 | E79: =C79+D79 -> 72646.313 | G79: =E79+F79 -> 72646.313 | H79: 0 | I79: =G79+H79 -> 72646.313 | J79: 76823.903 | K79: =J79*104.2% -> 80050.507 | L79: =K79*104.4% -> 83572.729
A80: O0001/IE01521/F0041/X098/R0105/001/EDP | B80: Employee Related Cost (Housing Subsidy) | C80: 20429.24 | E80: =C80+D80 -> 20429.24 | G80: =E80+F80 -> 20429.24 | H80: 680.88 | I80: =G80+H80 -> 21110.12 | J80: 22376.727 | K80: =J80*104.2% -> 23316.55 | L80: =K80*104.4% -> 24342.478
A81: O0001/IE03969/F0041/X098/R0105/001/EDP | B81: Employee Related Cost (Overtime) | C81: 80000 | E81: =C81+D81 -> 80000 | G81: =E81+F81 -> 80000 | H81: -50000 | I81: =G81+H81 -> 30000 | J81: 30000 | K81: =J81*104.2% -> 31260 | L81: =K81*104.4% -> 32635.44
A82: O0001/IE06076/F0041/X098/R0105/001/EDP | B82: Employee Related Cost Director EDP (Salaries and Allowances) | C82: 587883.5 | E82: =C82+D82 -> 587883.5 | G82: =E82+F82 -> 587883.5 | H82: 1655.376 | I82: =G82+H82 -> 589538.88 | J82: 624911.21 | K82: =J82*104.2% -> 651157.48 | L82: =K82*104.4% -> 679808.41
A83: O0001/IE06203/F0041/X098/R0105/001/EDP | B83: Employee Related Cost Director EDP (Medical Aid) | C83: 20822.4 | E83: =C83+D83 -> 20822.4 | G83: =E83+F83 -> 20822.4 | H83: 936 | I83: =G83+H83 -> 21758.4 | J83: 21758.4 | K83: =J83*104.2% -> 22672.253 | L83: =K83*104.4% -> 23669.832
A84: O0001/IE06109/F0041/X098/R0105/001/EDP | B84: Employee Related Cost Director EDP (Performance Bonus) | C84: 100000 | E84: =C84+D84 -> 100000 | G84: =E84+F84 -> 100000 | H84: -100000 | I84: =G84+H84 -> 0 | K84: =J84*104.2% -> 0 | L84: =K84*104.4% -> 0
A85: O0001/IE06260/F0041/X098/R0105/001/EDP | B85: Employee Related Cost Director EDP (UIF) | C85: 1784.64 | E85: =C85+D85 -> 1784.64 | G85: =E85+F85 -> 1784.64 | H85: 0 | I85: =G85+H85 -> 1784.64 | J85: 1784.64 | K85: =J85*104.2% -> 1859.5949 | L85: =K85*104.4% -> 1941.4171
A86: O0001/IE06912/F0041/X098/R0105/001/EDP | B86: Employee Related Cost Director EDP (Vehicle Allowance) | C86: 195365.04 | E86: =C86+D86 -> 195365.04 | G86: =E86+F86 -> 195365.04 | H86: 8400.72 | I86: =G86+H86 -> 203765.76 | J86: 215991.71 | K86: =J86*104.2% -> 225063.36 | L86: =K86*104.4% -> 234966.14
A87: Total Employee Related Cost | C87: =SUM(C71:C86) -> 6203952.7 | D87: =SUM(D71:D86) -> 0 | E87: =SUM(E71:E86) -> 6203952.7 | F87: =SUM(F71:F86) -> 0 | G87: =SUM(G71:G86) -> 6203952.7 | H87: =SUM(H71:H86) -> -144184.11 | I87: =SUM(I71:I86) -> 6059768.5 | J87: =SUM(J71:J86) -> 6697968.7 | ... L87: =SUM(L71:L86) -> 7286371.9
G88: =E88+F88 -> 0
A89: Grand Total Expenditure (LED) | C89: =C87+C68 -> 12369472 | D89: =D87+D68 -> 0 | E89: =E87+E68 -> 12369472 | F89: =F87+F68 -> 3000000 | G89: =G87+G68 -> 15369472 | H89: =H87+H68 -> -1972495.6 | I89: =I87+I68 -> 13396976 | J89: =J87+J68 -> 10856530 | ... L89: =L87+L68 -> 11810254
G90: =E90+F90 -> 0
A91: TOWN PLANNING | G91: =E91+F91 -> 0
G92: =E92+F92 -> 0
A93: General Expenditure | G93: =E93+F93 -> 0
A94: O3583-1/IE00025/F0041/X101/R0105/001/EDP | B94: Professional Fees(LED Strategy,Agricultural plan,SDF and Housing Sector Plan | C94: 700000 | E94: =C94+D94 -> 700000 | G94: =E94+F94 -> 700000 | H94: =669940+200000 -> 869940 | I94: =G94+H94 -> 1569940 | J94: 500000 | K94: =J94*104.2% -> 521000 | L94: =K94*104.4% -> 543924
A95: O1303-4/IE00844/F0041/X101/R0105/001/EDP | B95: Professional Fees (Land Use Management System/Sceam) | C95: 500000 | E95: =C95+D95 -> 500000 | G95: =E95+F95 -> 500000 | H95: -65217.39 | I95: =G95+H95 -> 434782.61 | J95: 250000 | K95: =J95*104.2% -> 260500 | L95: =K95*104.4% -> 271962
C96: 0 | E96: =C96+D96 -> 0 | G96: =E96+F96 -> 0 | I96: =G96+H96 -> 0 | K96: =J96*104.2% -> 0 | L96: =K96*104.4% -> 0
B97: Ndwedwe Town Development | C97: 0 | E97: =C97+D97 -> 0 | G97: =E97+F97 -> 0 | I97: =G97+H97 -> 0 | K97: =J97*104.2% -> 0 | L97: =K97*104.4% -> 0
A98: O0025-2/IE00025/F0041/X098/R0105/001/EDP | B98: Ndwedwe Town Development (Survey) | K98: =J98*104.2% -> 0 | L98: =K98*104.4% -> 0
A99: O0025-4/IE00086/F0041/X101/R0105/001/EDP | B99: Ndwedwe Town Development (Engineering) | C99: 400000 | D99: 800000 | E99: =C99+D99 -> 1200000 | G99: =E99+F99 -> 1200000 | H99: =100000+100000 -> 200000 | I99: =G99+H99 -> 1400000 | K99: =J99*104.2% -> 0 | L99: =K99*104.4% -> 0
A100: O0025-5/IE00022/F0041/X101/R0105/001/EDP | B100: Ndwedwe Town Development (Town Planning) | C100: 400000 | E100: =C100+D100 -> 400000 | G100: =E100+F100 -> 400000 | H100: 1200000 | I100: =G100+H100 -> 1600000 | J100: 200000 | K100: =J100*104.2% -> 208400 | L100: =K100*104.4% -> 217569.6
B101: Bhamshela town development phase 2 | J101: 500000 | K101: =J101*104.2% -> 521000 | L101: =K101*104.4% -> 543924
A102: O0001/IE00595/F0041/X098/R0105/001/EDP | B102: Skills Development Levies (Skills Development Levies) | J102: 23889.08 | K102: =J102*104.2% -> 24892.421 | L102: =K102*104.4% -> 25987.688
...

Sheet TECHNICAL SERVICES
B1: ='2021 2022 DRAFT BUDGET SUMMARY'!J24 -> -79111.446 | C1: ='2021 2022 DRAFT BUDGET SUMMARY'!J24 -> -79111.446
A2: 2021/2021 DRAFT BUDGET (TECHNICAL SERVICES)
A3: ACCOUNT NUMBER | B3: ACCOUNT DESCRIPTION | C3: 2020/2021 Draft Budget | D3: Consultation Changes | E3: 2020/2021 Final Budget | F3: Adjustments | G3: 2020/2021 First Adjusted Budget | H3: Adjustments | I3: 2020/2021 Second Adjusted Budget | J3: 2021/2022 Draft Budget | K3: 2021/2022 Outer Year One | L3: 2022/2023 Outer Year Two
A5: PUBLIC WORKS
A6: REVENUE
A7: Transfers and Subsidies
A8: D0001/IR02310/F1169/X116/R0106/001/TECH | B8: National Government (Expanded Public Works Programme Integrated Grant) | C8: -1760000 | E8: =C8+D8 -> -1760000 | G8: =E8+F8 -> -1760000 | I8: =G8+H8 -> -1760000 | J8: -2412000
A9: Total Transfers and Subsidies | C9: =SUM(C8:C8) -> -1760000 | D9: =SUM(D8:D8) -> 0 | E9: =SUM(E8:E8) -> -1760000 | F9: =SUM(F8:F8) -> 0 | G9: =SUM(G8:G8) -> -1760000 | H9: =SUM(H8:H8) -> 0 | I9: =SUM(I8:I8) -> -1760000 | J9: =SUM(J8:J8) -> -2412000 | ... L9: =SUM(L8:L8) -> 0
A11: TOTAL REVENUE | C11: =C9 -> -1760000 | D11: =D9 -> 0 | E11: =E9 -> -1760000 | F11: =F9 -> 0 | G11: =G9 -> -1760000 | H11: =H9 -> 0 | I11: =I9 -> -1760000 | J11: =J9 -> -2412000 | ... L11: =L9 -> 0
G12: =E12+F12 -> 0
A13: General Expenditure | C13: 0 | G13: =E13+F13 -> 0
B14: EPWP | G14: =E14+F14 -> 0
A15: O0001/IE00607/F0041/X116/R0105/001/TECH | B15: EPWP Fuel | C15: 50000 | E15: =C15+D15 -> 50000 | G15: =E15+F15 -> 50000 | H15: -20000 | I15: =G15+H15 -> 30000 | J15: 50000 | K15: =J15*104.2% -> 52100 | L15: =K15*104.4% -> 54392.4
A16: O0001/IE00550/F0041/X116/R0106/001/TECH | B16: Assets less than the Capitalization Threshold (EPWP) | C16: 0 | E16: =C16+D16 -> 0 | G16: =E16+F16 -> 0 | I16: =G16+H16 -> 0 | K16: =J16*104.2% -> 0 | L16: =K16*104.4% -> 0
A17: O1279-1/IE00604/F0041/X116/R0106/001/TECH | B17: EPWP Uniform and Protective Clothing | C17: 150000 | E17: =C17+D17 -> 150000 | G17: =E17+F17 -> 150000 | H17: 39700 | I17: =G17+H17 -> 189700 | J17: 150000 | K17: =J17*104.2% -> 156300 | L17: =K17*104.4% -> 163177.2
B18: Repairs and Maintenance | C18: 0 | E18: =C18+D18 -> 0 | G18: =E18+F18 -> 0 | I18: =G18+H18 -> 0 | K18: =J18*104.2% -> 0 | L18: =K18*104.4% -> 0
A19: O2817-1/IE00651/F0041/X116/R3711/001/TECH | B19: Repairs and Maintenance (Sport Field in Ward 10) | C19: 200000 | E19: =C19+D19 -> 200000 | G19: =E19+F19 -> 200000 | H19: -200000 | I19: =G19+H19 -> 0 | J19: 200000 | K19: =J19*104.2% -> 208400 | L19: =K19*104.4% -> 217569.6
A20: O0968-1/IE00649/F0041/X116/R0106/001/TECH | B20: Repairs and Maintenance (unplanned Maitenance) | C20: 900000 | D20: -300000 | E20: =C20+D20 -> 600000 | G20: =E20+F20 -> 600000 | H20: =400000+100000+43685.86 -> 543685.86 | I20: =G20+H20 -> 1143685.9 | J20: 500000 | K20: =J20*104.2% -> 521000 | L20: =K20*104.4% -> 543924
A21: O3523-2/IE00649/F0041/X116/R0105/001/TECH | B21: Repairs and Maintenance (Bhamshela Renovation) | C21: 400000 | E21: =C21+D21 -> 400000 | G21: =E21+F21 -> 400000 | H21: -180000 | I21: =G21+H21 -> 220000 | K21: =J21*104.2% -> 0 | L21: =K21*104.4% -> 0
A22: O3259-1/IE00649/F0041/X116/R3702/001/TECH | B22: Repairs and Maintenance (Johnny Makhatini Ward 15) | C22: 750000 | D22: 320000 | E22: =C22+D22 -> 1070000 | G22: =E22+F22 -> 1070000 | H22: -604815 | I22: =G22+H22 -> 465185 | J22: 300000 | K22: =J22*104.2% -> 312600 | L22: =K22*104.4% -> 326354.4
A23: O3259-2/IE00649/F0041/X116/R3696/001/TECH | B23: Repairs and Maintenance (Hall 1 (TBC) | C23: 300000 | D23: -100000 | E23: =C23+D23 -> 200000 | G23: =E23+F23 -> 200000 | H23: -200000 | I23: =G23+H23 -> 0 | K23: =J23*104.2% -> 0 | L23: =K23*104.4% -> 0
A24: O3259-3/IE00649/F0041/X116/R3707/001/TECH | B24: Repairs and Maintenance (Hall 2 (TBC) | C24: 300000 | D24: -100000 | E24: =C24+D24 -> 200000 | G24: =E24+F24 -> 200000 | H24: -200000 | I24: =G24+H24 -> 0 | K24: =J24*104.2% -> 0 | L24: =K24*104.4% -> 0
A25: O3259-4/IE00649/F0041/X116/R3708/001/TECH | B25: Repairs and Maintenance (Hall 3 (TBC) | C25: 300000 | D25: -100000 | E25: =C25+D25 -> 200000 | G25: =E25+F25 -> 200000 | H25: -200000 | I25: =G25+H25 -> 0 | K25: =J25*104.2% -> 0 | L25: =K25*104.4% -> 0
A26: O3259-5/IE00649/F0041/X116/R3709/001/TECH | B26: Repairs and Maintenance (Hall 4 (TBC) | C26: 300000 | D26: -90000 | E26: =C26+D26 -> 210000 | G26: =E26+F26 -> 210000 | H26: -210000 | I26: =G26+H26 -> 0 | K26: =J26*104.2% -> 0 | L26: =K26*104.4% -> 0
A27: O3259-6/IE00649/F0041/X116/R3709/001/TECH | B27: Repairs and Maintenance (Wewe Hall) | D27: 41000 | E27: =C27+D27 -> 41000 | G27: =E27+F27 -> 41000 | H27: -41000 | I27: =G27+H27 -> 0 | K27: =J27*104.2% -> 0 | L27: =K27*104.4% -> 0
A28: O1565-1/IE00651/F0041/X116/R0106/001/TECH | B28: Repairs and Maintenance (Vehicles) | C28: 850000 | E28: =C28+D28 -> 850000 | G28: =E28+F28 -> 850000 | I28: =G28+H28 -> 850000 | J28: 750000 | K28: =J28*104.2% -> 781500 | L28: =K28*104.4% -> 815886
A29: O0370-1/IE00651/F0041/X116/R0106/001/TECH | B29: Repairs and Maintenance (Road Maintenance) | C29: 1400000 | E29: =C29+D29 -> 1400000 | G29: =E29+F29 -> 1400000 | H29: =2508325.62-239861.65-519150.14 -> 1749313.8 | I29: =G29+H29 -> 3149313.8 | J29: 1500000 | K29: =J29*104.2% -> 1563000 | L29: =K29*104.4% -> 1631772
A30: O1116-1/IE00651/F0041/X116/R0106/001/TECH | B30: Repairs and Maintenance (Local Sport facilities Grass Cutting ) | C30: 700000 | E30: =C30+D30 -> 700000 | G30: =E30+F30 -> 700000 | H30: -154498.83 | I30: =G30+H30 -> 545501.17 | J30: 400000 | K30: =J30*104.2% -> 416800 | L30: =K30*104.4% -> 435139.2
A31: O2390-1/IE00651/F0041/X116/R0106/001/TECH | B31: Roads maintenance Covid 19 Respond | F31: 14000000 | G31: =E31+F31 -> 14000000 | I31: =G31+H31 -> 14000000 | K31: =J31*104.2% -> 0 | L31: =K31*104.4% -> 0
K32: =J32*104.2% -> 0 | L32: =K32*104.4% -> 0
A33: O0001/IE00584/F0041/X116/R0105/001/TECH | B33: Membership Fees (Membership Fees) | C33: 25000 | E33: =C33+D33 -> 25000 | G33: =E33+F33 -> 25000 | I33: =G33+H33 -> 25000 | J33: 25000 | K33: =J33*104.2% -> 26050 | L33: =K33*104.4% -> 27196.2
A34: O0001/IE00534/F0041/X116/R0106/001/TECH | B34: Construction Materials | C34: 0 | E34: =C34+D34 -> 0 | G34: =E34+F34 -> 0 | I34: =G34+H34 -> 0 | J34: 200000 | K34: =J34*104.2% -> 208400 | L34: =K34*104.4% -> 217569.6
B35: Subsistence and Travelling Allowance | C35: 0 | E35: =C35+D35 -> 0 | G35: =E35+F35 -> 0 | I35: =G35+H35 -> 0 | K35: =J35*104.2% -> 0 | L35: =K35*104.4% -> 0
A36: O0001/IE00144/F0041/X116/R0105/001/TECH | B36: Subsistence and Travelling Allowance (Own Transport) | C36: 15000 | E36: =C36+D36 -> 15000 | G36: =E36+F36 -> 15000 | I36: =G36+H36 -> 15000 | J36: 15000 | K36: =J36*104.2% -> 15630 | L36: =K36*104.4% -> 16317.72
A37: O0001/IE01581/F0041/X116/R0105/001/TECH | B37: Municipal Running Cost/Air Transport/Equitable Share/Roads/Administrative or Head O/Default/Technical Services | C37: 15000 | E37: =C37+D37 -> 15000 | G37: =E37+F37 -> 15000 | I37: =G37+H37 -> 15000 | J37: 15000 | K37: =J37*104.2% -> 15630 | L37: =K37*104.4% -> 16317.72
A38: O0001/IE00143/F0041/X116/R0105/001/TECH | B38: Subsistence,Travelling & Accommodation (Car hire- without operator) | C38: 10000 | E38: =C38+D38 -> 10000 | G38: =E38+F38 -> 10000 | I38: =G38+H38 -> 10000 | J38: 10000 | K38: =J38*104.2% -> 10420 | L38: =K38*104.4% -> 10878.48
A39: O0001/IE00595/F0041/X116/R0105/001/TECH | B39: Skills Development Levies (Skills Development levies) | H39: 60161.65 | I39: =G39+H39 -> 60161.65 | J39: 62619.827 | K39: =J39*104.2% -> 65249.86 | L39: =K39*104.4% -> 68120.854
E40: =C40+D40 -> 0 | G40: =E40+F40 -> 0 | I40: =G40+H40 -> 0 | K40: =J40*104.2% -> 0 | L40: =K40*104.4% -> 0
A41: O1346-1/IE00847/F0041/X116/R0105/001/TECH | B41: Professional Fees (Infrastructure Assets Maintenance Plan) | C41: 700000 | D41: -700000 | E41: =C41+D41 -> 0 | G41: =E41+F41 -> 0 | I41: =G41+H41 -> 0 | K41: =J41*104.2% -> 0 | L41: =K41*104.4% -> 0
A42: O0001/IE00792/F0041/X116/R0105/001/TECH | B42: Software licence | C42: 100000 | E42: =C42+D42 -> 100000 | G42: =E42+F42 -> 100000 | H42: -100000 | I42: =G42+H42 -> 0 | J42: 100000 | K42: =J42*104.2% -> 104200 | L42: =K42*104.4% -> 108784.8
A43: O1562-5/IE00650/F0041/X116/R0105/001/TECH | B43: Maintenance of Office Equipment (Small Tools) | C43: 150000 | E43: =C43+D43 -> 150000 | G43: =E43+F43 -> 150000 | H43: -100000 | I43: =G43+H43 -> 50000 | J43: 50000 | K43: =J43*104.2% -> 52100 | L43: =K43*104.4% -> 54392.4
A44: O0001/IE00604/F0041/X116/R0105/001/TECH | B44: Technical Uniform | C44: 100000 | E44: =C44+D44 -> 100000 | G44: =E44+F44 -> 100000 | I44: =G44+H44 -> 100000 | J44: 100000 | K44: =J44*104.2% -> 104200 | L44: =K44*104.4% -> 108784.8
E45: =C45+D45 -> 0 | G45: =E45+F45 -> 0 | I45: =G45+H45 -> 0 | K45: =J45*104.2% -> 0 | L45: =K45*104.4% -> 0
A46: Total General Expenditure | C46: =SUM(C15:C45) -> 7715000 | D46: =SUM(D15:D45) -> -1029000 | E46: =SUM(E15:E45) -> 6686000 | F46: =SUM(F15:F45) -> 14000000 | G46: =SUM(G15:G45) -> 20686000 | H46: =SUM(H15:H45) -> 182547.51 | I46: =SUM(I15:I45) -> 20868548 | J46: =SUM(J15:J45) -> 4427619.8 | ... L46: =SUM(L15:L45) -> 4816577.4
E47: =C47+D47 -> 0 | G47: =E47+F47 -> 0
A48: Employee Related Cost | E48: =C48+D48 -> 0 | G48: =E48+F48 -> 0
A49: O0001/IE00036/F0041/X116/R0105/001/TECH | B49: Employee Related Cost (Salaries and Allowances) | C49: 5370501.5 | E49: =C49+D49 -> 5370501.5 | G49: =E49+F49 -> 5370501.5 | H49: -295835.7 | I49: =G49+H49 -> 5074665.8 | J49: 5610912.4 | K49: =J49*104.2% -> 5846570.7 | L49: =K49*104.4% -> 6103819.8
A50: O0001/IE00036/F0041/X137/R0105/001/TECH | B50: Thumamina salaries EPWP (Salaries and Allowances) | C50: 600000 | E50: =C50+D50 -> 600000 | G50: =E50+F50 -> 600000 | H50: 145000 | I50: =G50+H50 -> 745000 | J50: 800000 | K50: =J50*104.2% -> 833600 | L50: =K50*104.4% -> 870278.4
A51: O0001/IE00036/F1169/X137/R0105/001/TECH | B51: EPWP staff (Salaries and Allowances) | C51: 1760000 | E51: =C51+D51 -> 1760000 | G51: =E51+F51 -> 1760000 | H51: 0 | I51: =G51+H51 -> 1760000 | J51: 2412000 | K51: =J51*104.2% -> 2513304 | L51: =K51*104.4% -> 2623889.4
A52: O0001/IE00038/F0041/X116/R0105/001/TECH | B52: Employee Related Cost (Bonus) | C52: 295161.61 | E52: =C52+D52 -> 295161.61 | G52: =E52+F52 -> 295161.61 | H52: -11836.455 | I52: =G52+H52 -> 283325.15 | J52: 515105.85 | K52: =J52*104.2% -> 536740.29 | L52: =K52*104.4% -> 560356.86
A53: O0001/IE00040/F0041/X116/R0105/001/TECH | B53: Employee Related Cost (Bargaining Council) | C53: 2236.8 | E53: =C53+D53 -> 2236.8 | G53: =E53+F53 -> 2236.8 | H53: 0 | I53: =G53+H53 -> 2236.8 | J53: 2236.8 | K53: =J53*104.2% -> 2330.7456 | L53: =K53*104.4% -> 2433.2984
A54: O0001/IE00043/F0041/X116/R0105/001/TECH | B54: Employee Related Cost (Medical Aid) | C54: 254392.2 | E54: =C54+D54 -> 254392.2 | G54: =E54+F54 -> 254392.2 | H54: 77494.68 | I54: =G54+H54 -> 331886.88 | J54: 331886.88 | K54: =J54*104.2% -> 345826.13 | L54: =K54*104.4% -> 361042.48
A55: O0001/IE00044/F0041/X116/R0105/001/TECH | B55: Employee Related Cost (Provident Fund and Pension - RA) | C55: 887721.01 | E55: =C55+D55 -> 887721.01 | G55: =E55+F55 -> 887721.01 | H55: 60987.338 | I55: =G55+H55 -> 948708.34 | J55: 1018301.7 | K55: =J55*104.2% -> 1061070.4 | L55: =K55*104.4% -> 1107757.4
A56: O0001/IE00045/F0041/X116/R0105/001/TECH | B56: Employee Related Cost (UIF) | C56: 33656.16 | E56: =C56+D56 -> 33656.16 | G56: =E56+F56 -> 33656.16 | H56: 0 | I56: =G56+H56 -> 33656.16 | J56: 33656.16 | K56: =J56*104.2% -> 35069.719 | L56: =K56*104.4% -> 36612.786
A57: O0001/IE00045/F0041/X137/R0105/001/TECH | B57: Thumamina salaries EPWP (UIF) | C57: 0 | E57: =C57+D57 -> 0 | G57: =E57+F57 -> 0 | H57: 0 | I57: =G57+H57 -> 0 | K57: =J57*104.2% -> 0 | L57: =K57*104.4% -> 0
A58: O0001/IE00045/F1169/X137/R0105/001/TECH | B58: EPWP staff (UIF) | C58: 0 | E58: =C58+D58 -> 0 | G58: =E58+F58 -> 0 | H58: 0 | I58: =G58+H58 -> 0 | K58: =J58*104.2% -> 0 | L58: =K58*104.4% -> 0
A59: O0001/IE00110/F0041/X116/R0105/001/TECH | B59: Employee Related Cost (Long Term Service Awards) | C59: 120000 | E59: =C59+D59 -> 120000 | G59: =E59+F59 -> 120000 | H59: -100000 | I59: =G59+H59 -> 20000 | J59: 20000 | K59: =J59*104.2% -> 20840 | L59: =K59*104.4% -> 21756.96
A60: O0001/IE00126/F0041/X116/R0105/001/TECH | B60: Employee Related Cost (Vehicle Allowance) | C60: 250423.52 | E60: =C60+D60 -> 250423.52 | G60: =E60+F60 -> 250423.52 | H60: 0 | I60: =G60+H60 -> 250423.52 | J60: 264824.34 | K60: =J60*104.2% -> 275946.96 | L60: =K60*104.4% -> 288088.63
A61: O0001/IE01521/F0041/X116/R0105/001/TECH | B61: Employee Related Cost (Housing Subsidy) | C61: 21786.48 | E61: =C61+D61 -> 21786.48 | G61: =E61+F61 -> 21786.48 | H61: 12935.88 | I61: =G61+H61 -> 34722.36 | J61: 36805.702 | K61: =J61*104.2% -> 38351.541 | L61: =K61*104.4% -> 40039.009
A62: O0001/IE01530/F0041/X116/R0105/001/TECH | B62: Employee related cost (Leave Pay) | C62: 30000 | E62: =C62+D62 -> 30000 | G62: =E62+F62 -> 30000 | H62: 30991.49 | I62: =G62+H62 -> 60991.49 | J62: 50000 | K62: =J62*104.2% -> 52100 | L62: =K62*104.4% -> 54392.4
A63: O0001/IE03969/F0041/X116/R0105/001/TECH | B63: Employee Related Cost (Overtime) | C63: 75000 | E63: =C63+D63 -> 75000 | G63: =E63+F63 -> 75000 | H63: -43000 | I63: =G63+H63 -> 32000 | J63: 32000 | K63: =J63*104.2% -> 33344 | L63: =K63*104.4% -> 34811.136
A64: O0001/IE06112/F0041/X116/R0105/001/TECH | B64: Employee Related Cost Director Technical Services (Perfomance Bonus) | C64: 100000 | E64: =C64+D64 -> 100000 | G64: =E64+F64 -> 100000 | H64: -100000 | I64: =G64+H64 -> 0 | K64: =J64*104.2% -> 0 | L64: =K64*104.4% -> 0
A65: O0001/IE06079/F0041/X116/R0105/001/TECH | B65: Employee Related cost Director Technical Services (Salaries and Allowances) | C65: 577829.87 | E65: =C65+D65 -> 577829.87 | G65: =E65+F65 -> 577829.87 | H65: -23810.033 | I65: =G65+H65 -> 554019.84 | J65: 587261.03 | K65: =J65*104.2% -> 611925.99 | L65: =K65*104.4% -> 638850.74
A66: O0001/IE06194/F0041/X116/R0105/001/TECH | B66: Municipal Running Cost/Medical/Equitable Share/Roads/Administrative or Head O/Default/Technical Services | C66: 53908.2 | E66: =C66+D66 -> 53908.2 | G66: =E66+F66 -> 53908.2 | H66: 0 | I66: =G66+H66 -> 53908.2 | J66: 53908.2 | K66: =J66*104.2% -> 56172.344 | L66: =K66*104.4% -> 58643.928
A67: O0001/IE06253/F0041/X116/R0105/001/TECH | B67: Employee Related Cost Director Technical Services (UIF) | C67: 1784.64 | E67: =C67+D67 -> 1784.64 | G67: =E67+F67 -> 1784.64 | H67: 0 | I67: =G67+H67 -> 1784.64 | J67: 1784.64 | K67: =J67*104.2% -> 1859.5949 | L67: =K67*104.4% -> 1941.4171
A68: O0001/IE06913/F0041/X116/R0105/001/TECH | B68: Employee Related Cost Director Technical Services (Vehicle Allowance) | C68: 195365.04 | E68: =C68+D68 -> 195365.04 | G68: =E68+F68 -> 195365.04 | H68: 8400.72 | I68: =G68+H68 -> 203765.76 | J68: 215991.71 | K68: =J68*104.2% -> 225063.36 | L68: =K68*104.4% -> 234966.14
A69: Total Employee Related Cost | C69: =SUM(C49:C68) -> 10629767 | D69: =SUM(D49:D68) -> 0 | E69: =SUM(E49:E68) -> 10629767 | F69: =SUM(F49:F68) -> 0 | G69: =SUM(G49:G68) -> 10629767 | H69: =SUM(H49:H68) -> -238672.08 | I69: =SUM(I49:I68) -> 10391095 | J69: =SUM(J49:J68) -> 11986675 | ... L69: =SUM(L49:L68) -> 13039681
E70: =C70+D70 -> 0 | G70: =E70+F70 -> 0
A71: Transfers and Subsidies | G71: =E71+F71 -> 0
G72: =E72+F72 -> 0
A73: O1370-9/IE01320/F0041/X116/R0106/001/TECH | B73: Type 2 Electrification (Ward 1-19) | D73: 1950000 | E73: =C73+D73 -> 1950000 | G73: =E73+F73 -> 1950000 | H73: 370000 | I73: =G73+H73 -> 2320000 | J73: 0 | K73: =J73*104.2% -> 0 | L73: =K73*104.4% -> 0
A74: O1370-3/IE01320/F0041/X116/R3713/001/TECH | B74: Electrification of Households in Ward 08) Mchathu | D74: 379000 | E74: =C74+D74 -> 379000 | G74: =E74+F74 -> 379000 | H74: 294000 | I74: =G74+H74 -> 673000 | K74: =J74*104.2% -> 0 | L74: =K74*104.4% -> 0
A75: NEW | B75: Completion of Type 3 Electrification (Ward 1, 4, 16) | J75: 0 | K75: =J75*104.2% -> 0 | L75: =K75*104.4% -> 0
A76: Total Transfer and Subsidies | C76: =SUM(C73:C74) -> 0 | D76: =SUM(D73:D74) -> 2329000 | E76: =SUM(E73:E75) -> 2329000 | F76: =SUM(F73:F75) -> 0 | G76: =SUM(G73:G75) -> 2329000 | H76: =SUM(H73:H75) -> 664000 | I76: =SUM(I73:I75) -> 2993000 | J76: =SUM(J73:J75) -> 0 | K76: =SUM(K73:K75) -> 0 | L76: =SUM(L73:L75) -> 0
G77: =E77+F77 -> 0
A78: GRAND TOTAL EXPENDITURE (PUBLIC WORKS) | C78: =C69+C46+C76 -> 18344767 | D78: =D69+D46+D76 -> 1300000 | E78: =E69+E46+E76 -> 19644767 | F78: =F69+F46+F76 -> 14000000 | G78: =G69+G46+G76 -> 33644767 | H78: =H69+H46+H76 -> 607875.43 | I78: =I69+I46+I76 -> 34252642 | J78: =J69+J46+J76 -> 16414295 | ... L78: =L69+L46+L76 -> 17856258
E79: =C79+D79 -> 0 | G79: =E79+F79 -> 0
A80: PROJECT MANAGEMENT UNIT | E80: =C80+D80 -> 0 | G80: =E80+F80 -> 0
E81: =C81+D81 -> 0 | G81: =E81+F81 -> 0
A82: REVENUE | E82: =C82+D82 -> 0 | G82: =E82+F82 -> 0
A83: Transfers and Subsidies | E83: =C83+D83 -> 0 | G83: =E83+F83 -> 0
A84: D0001/IR01671/F0791/X099/R0105/001/TECH | B84: National Government (Municipal Infrastructure Grant) | C84: -29630000 | E84: =C84+D84 -> -29630000 | G84: =E84+F84 -> -29630000 | I84: =G84+H84 -> -29630000 | J84: -31331000 | K84: -33267000 | L84: -35000000
E85: =C85+D85 -> 0 | G85: =E85+F85 -> 0
A86: Total Transfers and Subsidies | C86: =SUM(C84:C85) -> -29630000 | D86: =SUM(D84:D85) -> 0 | E86: =SUM(E84:E85) -> -29630000 | F86: =SUM(F84:F85) -> 0 | G86: =SUM(G84:G85) -> -29630000 | H86: =SUM(H84:H85) -> 0 | I86: =SUM(I84:I85) -> -29630000 | J86: =SUM(J84:J85) -> -31331000 | ... L86: =SUM(L84:L85) -> -35000000
E87: =C87+D87 -> 0 | G87: =E87+F87 -> 0
A88: General Expenditure | E88: =C88+D88 -> 0 | G88: =E88+F88 -> 0
E89: =C89+D89 -> 0 | G89: =E89+F89 -> 0
A90: O0001/IE00059/F0041/X099/R0105/001/TECH | B90: Conferences (Workshop and seminer) | C90: 70000 | E90: =C90+D90 -> 70000 | G90: =E90+F90 -> 70000 | H90: -70000 | I90: =G90+H90 -> 0 | J90: 50000 | K90: =J90*104.2% -> 52100 | L90: =K90*104.4% -> 54392.4
A91: O0001/IE00810/F0041/X099/R0105/001/TECH | B91: Membership Fees (Membership Fees) | C91: 30000 | E91: =C91+D91 -> 30000 | G91: =E91+F91 -> 30000 | I91: =G91+H91 -> 30000 | J91: 30000 | K91: =J91*104.2% -> 31260 | L91: =K91*104.4% -> 32635.44
E92: =C92+D92 -> 0 | G92: =E92+F92 -> 0 | I92: =G92+H92 -> 0 | K92: =J92*104.2% -> 0 | L92: =K92*104.4% -> 0
A93: O1348-1/IE00080/F0041/X099/R0105/001/TECH | B93: Business Plan Development 2021-2022 | C93: 3300000 | D93: -1300000 | E93: =C93+D93 -> 2000000 | G93: =E93+F93 -> 2000000 | H93: -1367011.8 | I93: =G93+H93 -> 632988.21 | J93: 200000 | K93: =J93*104.2% -> 208400 | L93: =K93*104.4% -> 217569.6
E94: =C94+D94 -> 0 | G94: =E94+F94 -> 0 | I94: =G94+H94 -> 0 | K94: =J94*104.2% -> 0 | L94: =K94*104.4% -> 0
B95: Subsistence and Travelling Allowance | E95: =C95+D95 -> 0 | G95: =E95+F95 -> 0 | I95: =G95+H95 -> 0 | K95: =J95*104.2% -> 0 | L95: =K95*104.4% -> 0
A96: O0001/IE00144/F0041/X099/R0105/001/TECH | B96: Subsistence and Travelling Allowance (Own Transport) | C96: 50000 | E96: =C96+D96 -> 50000 | G96: =E96+F96 -> 50000 | I96: =G96+H96 -> 50000 | J96: 50000 | K96: =J96*104.2% -> 52100 | L96: =K96*104.4% -> 54392.4
A97: O0001/IE01581/F0041/X099/R0105/001/TECH | B97: Municipal Running Cost/Air Transport/Equitable Share/Project Management Unit/Administrative or Head O/Default/Technical Services | C97: 10000 | E97: =C97+D97 -> 10000 | G97: =E97+F97 -> 10000 | I97: =G97+H97 -> 10000 | J97: 10000 | K97: =J97*104.2% -> 10420 | L97: =K97*104.4% -> 10878.48
A98: O0001/IE00060/F0041/X099/R0105/001/TECH | B98: Municipal Running Cost/Accommodation/Equitable Share/Project Management Unit/Administrative or Head O/Default/Technical Services | C98: 50000 | E98: =C98+D98 -> 50000 | G98: =E98+F98 -> 50000 | I98: =G98+H98 -> 50000 | J98: 50000 | K98: =J98*104.2% -> 52100 | L98: =K98*104.4% -> 54392.4
A99: O0001/IE00143/F0041/X099/R0105/001/TECH | B99: Subsistence,Travelling & Accommodation (Car hire- without operator) | C99: 20000 | E99: =C99+D99 -> 20000 | G99: =E99+F99 -> 20000 | I99: =G99+H99 -> 20000 | J99: 20000 | K99: =J99*104.2% -> 20840 | L99: =K99*104.4% -> 21756.96
E100: =C100+D100 -> 0 | G100: =E100+F100 -> 0 | I100: =G100+H100 -> 0 | K100: =J100*104.2% -> 0 | L100: =K100*104.4% -> 0
B101: Project Hand Over, Sol Turning and General project meetings | C101: 0 | E101: =C101+D101 -> 0 | G101: =E101+F101 -> 0 | I101: =G101+H101 -> 0 | K101: =J101*104.2% -> 0 | L101: =K101*104.4% -> 0
A102: O0001/IE00677/F0041/X099/R0105/001/TECH | B102: Catering | C102: 30000 | E102: =C102+D102 -> 30000 | G102: =E102+F102 -> 30000 | I102: =G102+H102 -> 30000 | J102: 30000 | K102: =J102*104.2% -> 31260 | L102: =K102*104.4% -> 32635.44
...

Sheet 2021 2022 DRAFT BUDGET SUMMARY
A1: 2021/2022 DRAFT BUDGET SUMMARY
A2: DESCRIPTION | C2: FINANCE | D2: MUNICIPAL MANAGER | E2: CORPORATE SERVICES | F2: COMMUNITY SERVICES | G2: EDP | H2: EXECUTIVE COUNCIL | I2: TECHNICAL SERVICES | J2: TOTAL
A4: Revenue By Source
A5: Property rates | B5: =FINANCE!#REF! -> #REF! | C5: =FINANCE!J47 -> -19748493 | J5: =SUM(C5:I5) -> -19748493
A6: Services Charges | F6: ='COMMUNITY SERVICES'!J146 -> -100000 | J6: =SUM(C6:I6) -> -100000
A7: Rental of facilities and equipment | B7: =FINANCE!#REF! -> #REF! | C7: =FINANCE!J25 -> -533472.7 | J7: =SUM(C7:I7) -> -533472.7
A8: Interest earned - external investments | B8: =FINANCE!#REF! -> #REF! | C8: =FINANCE!J8 -> -6500000 | J8: =SUM(C8:I8) -> -6500000
A9: Interest earned - outstanding debtors | B9: =FINANCE!#REF! -> #REF! | C9: =FINANCE!J9 -> -941852.48 | J9: =SUM(C9:I9) -> -941852.48
A10: Licences and permits | B10: =FINANCE!#REF! -> #REF! | C10: =FINANCE!J14 -> -1500 | J10: =SUM(C10:I10) -> -1500
A11: Transfers and subsidies | B11: =FINANCE!#REF! -> #REF! | C11: =FINANCE!J52 -> -168366000 | D11: ='MUNICIPAL MANAGER'!J10+'MUNICIPAL MANAGER'!J390 -> 0 | F11: ='COMMUNITY SERVICES'!J13+'COMMUNITY SERVICES'!J179 -> -1910000 | I11: ='TECHNICAL SERVICES'!J9 -> -2412000 | J11: =SUM(C11:I11) -> -172688000
A12: Other revenue | B12: =FINANCE!#REF!+FINANCE!#REF! -> #REF! | C12: =FINANCE!J20+FINANCE!J33 -> -555500 | J12: =SUM(C12:I12) -> -555500
A13: TOTAL REVENUE | B13: =SUM(B5:B12) -> #REF! | C13: =SUM(C5:C12) -> -1.9664682e+08 | D13: =SUM(D5:D12) -> 0 | E13: =SUM(E5:E12) -> 0 | F13: =SUM(F5:F12) -> -2010000 | G13: =SUM(G5:G12) -> 0 | H13: =SUM(H5:H12) -> 0 | I13: =SUM(I5:I12) -> -2412000 | J13: =SUM(J5:J12) -> -2.0106882e+08
A15: Expenditure By Type
A16: Employee related costs | B16: =FINANCE!#REF! -> #REF! | C16: =FINANCE!J123 -> 14753422 | D16: ='MUNICIPAL MANAGER'!J443 -> 13887851 | E16: ='CORPORATE SERVICES'!J67+'CORPORATE SERVICES'!J105+'CORPORATE SERVICES'!IJ64+'CORPORATE SERVICES'!IJ89 -> 15581693 | F16: ='COMMUNITY SERVICES'!J35+'COMMUNITY SERVICES'!IJ26+'COMMUNITY SERVICES'!J170+'COMMUNITY SERVICES'!J239+'COMMUNITY SERVICES'!J200 -> 9733865 | G16: =EDP!J87+EDP!J132 -> 6697968.7 | I16: ='TECHNICAL SERVICES'!J116+'TECHNICAL SERVICES'!J69 -> 11986675 | J16: =SUM(C16:I16) -> 72641475
A17: Remuneration of councillors | H17: ='EXECUTIVE COUNCIL'!J41 -> 16896578 | J17: =SUM(C17:I17) -> 16896578 | K17: =J16+J17 -> 89538053 | L17: =K17*1/100 -> 895380.53
A18: Depreciation & asset impairment | B18: =FINANCE!#REF! -> #REF! | C18: =FINANCE!J68 -> 23495630 | J18: =SUM(C18:I18) -> 23495630
A19: Other expenditure | B19: =FINANCE!#REF!+FINANCE!#REF! -> #REF! | C19: =FINANCE!J138+FINANCE!J101 -> 12283338 | D19: ='MUNICIPAL MANAGER'!J447-'MUNICIPAL MANAGER'!J443 -> 25792732 | E19: ='CORPORATE SERVICES'!J48+'CORPORATE SERVICES'!J92+'CORPORATE SERVICES'!J152+'CORPORATE SERVICES'!J176 -> 25516622 | F19: ='COMMUNITY SERVICES'!J22+'COMMUNITY SERVICES'!J123+'COMMUNITY SERVICES'!J157+'COMMUNITY SERVICES'!J187+'COMMUNITY SERVICES'!J219 -> 7903262 | G19: =EDP!J68+EDP!J120 -> 7082450 | H19: ='EXECUTIVE COUNCIL'!J18 -> 2760000 | I19: ='TECHNICAL SERVICES'!J46+'TECHNICAL SERVICES'!J104 -> 4867619.8 | J19: =SUM(C19:I19) -> 86206024
A20: Transfers and Subsidies | C20: =FINANCE!J127 -> 750000 | E20: ='CORPORATE SERVICES'!J71 -> 1000000 | F20: 0 | I20: ='TECHNICAL SERVICES'!J76 -> 0 | J20: =SUM(C20:I20) -> 1750000
A21: Loss on disposal of PPE | J21: =SUM(C21:I21) -> 0
A22: TOTAL EXPENDITURE | C22: =SUM(C16:C21) -> 51282390 | D22: =SUM(D16:D21) -> 39680583 | E22: =SUM(E16:E21) -> 42098315 | F22: =SUM(F16:F21) -> 17637127 | G22: =SUM(G16:G21) -> 13780419 | H22: =SUM(H16:H21) -> 19656578 | I22: =SUM(I16:I21) -> 16854295 | J22: =SUM(J16:J21) -> 2.0098971e+08 | M22: =L22+J22-J17-2500000 -> 1.8159313e+08
A24: (Surplus)/Deficit | C24: =C22+C13 -> -1.4536443e+08 | D24: =D22+D13 -> 39680583 | E24: =E22+E13 -> 42098315 | F24: =F22+F13 -> 15627127 | G24: =G22+G13 -> 13780419 | H24: =H22+H13 -> 19656578 | I24: =I22+I13 -> 14442295 | J24: =J22+J13 -> -79111.446
A26: Transfers and subsidies - capital | I26: ='TECHNICAL SERVICES'!J86 -> -31331000 | J26: =SUM(C26:I26) -> -31331000
A28: Surplus/(Deficit) for the year | C28: =C24+C26 -> -1.4536443e+08 | D28: =D24+D26 -> 39680583 | E28: =E24+E26 -> 42098315 | F28: =F24+F26 -> 15627127 | G28: =G24+G26 -> 13780419 | H28: =H24+H26 -> 19656578 | I28: =I24+I26 -> -16888705 | J28: =J24+J26 -> -31410111
C31: 53436250
J32: 79112
J34: =J32+J24 -> 0.55432194

Sheet 2022 2023  OUTER ONE SUMMARY
A1: 2022/2023 OUTER YEAR ONE SUMMARY
A2: DESCRIPTION | B2: FINANCE | C2: MUNICIPAL MANAGER | D2: CORPORATE SERVICES | E2: COMMUNITY SERVICES | F2: EDP | G2: EXECUTIVE COUNCIL | H2: TECHNICAL SERVICES | I2: TOTAL
A4: Revenue By Source
A5: Property rates | B5: =FINANCE!K47 -> -20577929 | I5: =SUM(B5:H5) -> -20577929
A6: Services Charges | E6: ='COMMUNITY SERVICES'!K146 -> -104200 | I6: =SUM(B6:H6) -> -104200
A7: Rental of facilities and equipment | B7: =FINANCE!K25 -> -555878.55 | I7: =SUM(B7:H7) -> -555878.55
A8: Interest earned - external investments | B8: =FINANCE!K8 -> -10000000 | I8: =SUM(B8:H8) -> -10000000
A9: Interest earned - outstanding debtors | B9: =FINANCE!K9 -> -981410.28 | I9: =SUM(B9:H9) -> -981410.28
A10: Fines, penalties and forfeits | I10: =SUM(B10:H10) -> 0
A11: Licences and permits | B11: =FINANCE!K14 -> -1563 | I11: =SUM(B11:H11) -> -1563
A12: Transfers and subsidies | B12: =FINANCE!K52 -> -177225000 | C12: ='MUNICIPAL MANAGER'!K10+'MUNICIPAL MANAGER'!K389 -> 0 | E12: ='COMMUNITY SERVICES'!K13 -> -2004000 | I12: =SUM(B12:H12) -> -179229000
A13: Other revenue | B13: =FINANCE!K20+FINANCE!K33 -> -578831 | I13: =SUM(B13:H13) -> -578831
A14: Gains on disposal of PPE | I14: =SUM(B14:H14) -> 0
A15: TOTAL REVENUE | B15: =SUM(B5:B14) -> -2.0992061e+08 | C15: =SUM(C5:C14) -> 0 | D15: =SUM(D5:D14) -> 0 | E15: =SUM(E5:E14) -> -2108200 | F15: =SUM(F5:F14) -> 0 | G15: =SUM(G5:G14) -> 0 | H15: =SUM(H5:H14) -> 0 | I15: =SUM(I5:I14) -> -2.1202881e+08
A17: Expenditure By Type
A18: Employee related costs | B18: =FINANCE!K123 -> 15373066 | C18: ='MUNICIPAL MANAGER'!K443 -> 14471141 | D18: ='CORPORATE SERVICES'!K67 -> 16236124 | E18: ='COMMUNITY SERVICES'!K35+'COMMUNITY SERVICES'!K135+'COMMUNITY SERVICES'!K170+'COMMUNITY SERVICES'!K239 -> 10142687 | F18: =EDP!K87 -> 6979283.4 | H18: ='TECHNICAL SERVICES'!K69+'TECHNICAL SERVICES'!K116 -> 12490116 | I18: =SUM(B18:H18) -> 75692417
A19: Remuneration of councillors | G19: ='EXECUTIVE COUNCIL'!K41 -> 17606234 | I19: =SUM(B19:H19) -> 17606234
A20: Depreciation & asset impairment | B20: =FINANCE!K68 -> 24424273 | I20: =SUM(B20:H20) -> 24424273
A21: Finance charges | I21: =SUM(B21:H21) -> 0
A22: Bulk purchases | I22: =SUM(B22:H22) -> 0
A23: Other expenditure | B23: =FINANCE!K138+FINANCE!K101 -> 12799238 | C23: ='MUNICIPAL MANAGER'!K424+'MUNICIPAL MANAGER'!K383+'MUNICIPAL MANAGER'!K375+'MUNICIPAL MANAGER'!K361+'MUNICIPAL MANAGER'!K306+'MUNICIPAL MANAGER'!K203+'MUNICIPAL MANAGER'!K46 -> 26876027 | D23: ='CORPORATE SERVICES'!K48+'CORPORATE SERVICES'!K92+'CORPORATE SERVICES'!K152+'CORPORATE SERVICES'!K176 -> 26588320 | E23: ='COMMUNITY SERVICES'!K219+'COMMUNITY SERVICES'!K187+'COMMUNITY SERVICES'!K157+'COMMUNITY SERVICES'!K123+'COMMUNITY SERVICES'!K22 -> 8235199 | F23: =EDP!K68+EDP!K120 -> 7379912.9 | G23: ='EXECUTIVE COUNCIL'!K18 -> 2875920 | H23: ='TECHNICAL SERVICES'!K46+'TECHNICAL SERVICES'!K104 -> 5072059.9 | I23: =SUM(B23:H23) -> 89826677
A24: Transfers and Subsidies | B24: =FINANCE!K127 -> 781500 | D24: ='CORPORATE SERVICES'!K71 -> 1042000 | I24: =SUM(B24:H24) -> 1823500
A25: Loss on disposal of PPE | I25: =SUM(B25:H25) -> 0
A26: TOTAL EXPENDITURE | B26: =SUM(B18:B25) -> 53378077 | C26: =SUM(C18:C25) -> 41347167 | D26: =SUM(D18:D25) -> 43866444 | E26: =SUM(E18:E25) -> 18377886 | F26: =SUM(F18:F25) -> 14359196 | G26: =SUM(G18:G25) -> 20482154 | H26: =SUM(H18:H25) -> 17562176 | I26: =SUM(I18:I25) -> 2.093731e+08
A28: (Surplus)/Deficit | B28: =B26+B15 -> -1.5654254e+08 | C28: =C26+C15 -> 41347167 | D28: =D26+D15 -> 43866444 | E28: =E26+E15 -> 16269686 | F28: =F26+F15 -> 14359196 | G28: =G26+G15 -> 20482154 | H28: =H26+H15 -> 17562176 | I28: =I26+I15 -> -2655711.6
A30: Transfers and subsidies - capital | H30: ='TECHNICAL SERVICES'!K86 -> -33267000 | I30: =SUM(B30:H30) -> -33267000
A32: Surplus/(Deficit) for the year | B32: =B28+B30 -> -1.5654254e+08 | C32: =C28+C30 -> 41347167 | D32: =D28+D30 -> 43866444 | E32: =E28+E30 -> 16269686 | F32: =F28+F30 -> 14359196 | G32: =G28+G30 -> 20482154 | H32: =H28+H30 -> -15704824 | I32: =I28+I30 -> -35922712
I34: 2655712

Sheet 2023 2024 OUTER TWO SUMMARY
A1: 2023/2024 OUTER YEAR TWO SUMMARY
A2: DESCRIPTION | B2: FINANCE | C2: MUNICIPAL MANAGER | D2: CORPORATE SERVICES | E2: COMMUNITY SERVICES | F2: EDP | G2: EXECUTIVE COUNCIL | H2: TECHNICAL SERVICES | I2: TOTAL
A4: Revenue By Source
A5: Property rates | B5: =FINANCE!L47 -> -21483358 | I5: =SUM(B5:H5) -> -21483358
A6: Service Charges | E6: ='COMMUNITY SERVICES'!L146 -> -108784.8 | I6: =SUM(B6:H6) -> -108784.8
A7: Rental of facilities and equipment | B7: =FINANCE!L25 -> -580337.21 | I7: =SUM(B7:H7) -> -580337.21
A8: Interest earned - external investments | B8: =FINANCE!L8 -> -10440000 | I8: =SUM(B8:H8) -> -10440000
A9: Interest earned - outstanding debtors | B9: =FINANCE!L9 -> -1024592.3 | I9: =SUM(B9:H9) -> -1024592.3
A10: Licences and permits | B10: =FINANCE!L14 -> -1631.772 | I10: =SUM(B10:H10) -> -1631.772
A11: Transfers and subsidies | B11: =FINANCE!L52 -> -173723000 | E11: ='COMMUNITY SERVICES'!L13 -> -2004000 | I11: =SUM(B11:H11) -> -175727000
A12: Other revenue | B12: =FINANCE!L20+FINANCE!L33 -> -604299.56 | I12: =SUM(B12:H12) -> -604299.56
A13: TOTAL REVENUE | B13: =SUM(B5:B12) -> -2.0785722e+08 | C13: =SUM(C5:C12) -> 0 | D13: =SUM(D5:D12) -> 0 | E13: =SUM(E5:E12) -> -2112784.8 | F13: =SUM(F5:F12) -> 0 | G13: =SUM(G5:G12) -> 0 | H13: =SUM(H5:H12) -> 0 | I13: =SUM(I5:I12) -> -2.0997e+08
A15: Expenditure By Type
A16: Employee related costs | B16: =FINANCE!L123 -> 16049480 | C16: ='MUNICIPAL MANAGER'!L443 -> 15107871 | D16: ='CORPORATE SERVICES'!L67 -> 16950514 | E16: ='COMMUNITY SERVICES'!L35+'COMMUNITY SERVICES'!L135+'COMMUNITY SERVICES'!L170+'COMMUNITY SERVICES'!L239 -> 10588966 | F16: =EDP!L87 -> 7286371.9 | H16: ='TECHNICAL SERVICES'!L116+'TECHNICAL SERVICES'!L69 -> 13039681 | I16: =SUM(B16:H16) -> 79022883
A17: Remuneration of councillors | G17: ='EXECUTIVE COUNCIL'!L41 -> 18380908 | I17: =SUM(B17:H17) -> 18380908
A18: Depreciation & asset impairment | B18: =FINANCE!L68 -> 25498941 | I18: =SUM(B18:H18) -> 25498941
A19: Finance charges | I19: =SUM(B19:H19) -> 0
A20: Bulk purchases | I20: =SUM(B20:H20) -> 0
A21: Transfers and Subsidies | B21: =FINANCE!L127 -> 815886 | D21: ='CORPORATE SERVICES'!L71 -> 1087848 | I21: =SUM(B21:H21) -> 1903734
A22: Other expenditure | B22: =FINANCE!L101+FINANCE!L138 -> 6617747.3 | C22: ='MUNICIPAL MANAGER'!L46+'MUNICIPAL MANAGER'!L203+'MUNICIPAL MANAGER'!L306+'MUNICIPAL MANAGER'!L345+'MUNICIPAL MANAGER'!L375+'MUNICIPAL MANAGER'!L383+'MUNICIPAL MANAGER'!L424 -> 26084515 | D22: ='CORPORATE SERVICES'!L48+'CORPORATE SERVICES'!L92+'CORPORATE SERVICES'!L152+'CORPORATE SERVICES'!L176 -> 27758206 | E22: ='COMMUNITY SERVICES'!L22+'COMMUNITY SERVICES'!L123+'COMMUNITY SERVICES'!L157+'COMMUNITY SERVICES'!L219+'COMMUNITY SERVICES'!L187 -> 8597547.7 | F22: =EDP!L68+EDP!L120 -> 7704629.1 | G22: ='EXECUTIVE COUNCIL'!L18 -> 3002460.5 | H22: ='TECHNICAL SERVICES'!L46+'TECHNICAL SERVICES'!L104 -> 5295230.5 | I22: =SUM(B22:H22) -> 85060336
A23: Loss on disposal of PPE | I23: =SUM(B23:H23) -> 0
A24: TOTAL EXPENDITURE | B24: =SUM(B16:B23) -> 48982054 | C24: =SUM(C16:C23) -> 41192386 | D24: =SUM(D16:D23) -> 45796568 | E24: =SUM(E16:E23) -> 19186513 | F24: =SUM(F16:F23) -> 14991001 | G24: =SUM(G16:G23) -> 21383369 | H24: =SUM(H16:H23) -> 18334911 | I24: =SUM(I16:I23) -> 2.098668e+08
A26: (Surplus)/Deficit | B26: =B24+B13 -> -1.5887516e+08 | C26: =C24+C13 -> 41192386 | D26: =D24+D13 -> 45796568 | E26: =E24+E13 -> 17073728 | F26: =F24+F13 -> 14991001 | G26: =G24+G13 -> 21383369 | H26: =H24+H13 -> 18334911 | I26: =I24+I13 -> -103201
A28: Transfers and subsidies - capital | H28: ='TECHNICAL SERVICES'!L86 -> -35000000 | I28: =SUM(B28:H28) -> -35000000
A30: Surplus/(Deficit) for the year | B30: =B26+B28 -> -1.5887516e+08 | C30: =C26+C28 -> 41192386 | D30: =D26+D28 -> 45796568 | E30: =E26+E28 -> 17073728 | F30: =F26+F28 -> 14991001 | G30: =G26+G28 -> 21383369 | H30: =H26+H28 -> -16665089 | I30: =I26+I28 -> -35103201
I33: 103201
B34: 50015512 | C34: 41192407 | D34: 45796563 | E34: 19186509 | F34: 14990996 | G34: 21383368 | H34: 18334907
I35: =I33+I26 -> 2.9802322e-08
